Workbook

Sheet Legende
A1: Kostenstellen | B1: Abk.
A2: Fahrzeuge | B2: FZ
A3: Personal | B3: PE
A4: Gebäude | B4: Gb
A5: Verwaltung | B5: VW
A6: Kostenträger
A7: Einsatzleitwagen1 | B7: ELW1
A8: Gerätewagen Gefahrgut | B8: GWG
A9: Gerätewagen Logistik | B9: GWL
A10: Hilfeleistungslöschfahrzeug | B10: HLF 20
A11: Kleineinsatzfahrzeug | B11: KEF
A12: Kommandowagen | B12: KdoW
A13: Abrollbehälter Wasser/Schaum | B13: AB Wasser
A14: Abrollbehälter Mulde | B14: AB Mulde
A15: Löschgruppenfahrzeug LF 16 TS | B15: LF 16 TS
A16: Löschgruppenfahrzeug LF 20 | B16: LF 20
A17: Mannschaftstransportfahrzeug | B17: MTF
A18: Rüstwagen | B18: RW
... A20: Wechselladerfahrzeug | B20: WLF26

Sheet Anlagen
A1: Nr. | B1: AA-Nr. | C1: Anlagebezeichnung | D1: Förder-mittel | E1: AJ | F1: ND | G1: LAJ | H1: Anteil FW | I1: Gesamtbetrag | J1: Wert Anteil FW | K1: KST/KT | L1: 2016 | M1: =+L1+1 -> 2017 | N1: =+M1+1 -> 2018 | O1: Abschreibungen | P1: =+L1 -> 2016 | Q1: =+M1 -> 2017 | R1: =+N1 -> 2018 | S1: Zinsen | T1: 0.065
A2: 1 | B2: 00002095 | C2: Taurus Laufband T9.7 | D2: 0 | E2: 2009 | F2: 10 | G2: =IF(ISBLANK(F2),"",+E2+F2-1) -> 2018 | H2: 1 | I2: 2184.05 | J2: =+I2*H2 -> 2184.05 | K2: PE | L2: =+IF(L$1<$E2,0,IF(L$1>$G2,0,IF($F2="",0,IF(AND($J2<0,$T$3=1),0,$J2/$F2))))*(1-$D2) -> 218.405 | M2: =+IF(M$1<$E2,0,IF(M$1>$G2,0,IF($F2="",0,IF(AND($J2<0,$T$3=1),0,$J2/$F2))))*(1-$D2) -> 218.405 | N2: =+IF(N$1<$E2,0,IF(N$1>$G2,0,IF($F2="",0,IF(AND($J2<0,$T$3=1),0,$J2/$F2))))*(1-$D2) -> 218.405 | P2: =+IF(P$1<$E2,0,IF(P$1>$G2,0,$J2*IF($F2="",1,CHOOSE($T$2,1-((P$1-$E2)/$F2),0.5))))*$T$1*(1-$D2) -> 42.588975 | Q2: =+IF(Q$1<$E2,0,IF(Q$1>$G2,0,$J2*IF($F2="",1,CHOOSE($T$2,1-((Q$1-$E2)/$F2),0.5))))*$T$1*(1-$D2) -> 28.39265 | R2: =+IF(R$1<$E2,0,IF(R$1>$G2,0,$J2*IF($F2="",1,CHOOSE($T$2,1-((R$1-$E2)/$F2),0.5))))*$T$1*(1-$D2) -> 14.196325 | S2: Zinsschalter | T2: 1 | U2: 1=Restbuchwert; 2=Durchnittsmethode
A3: 2 | B3: 00003316 | C3: Ergometer Lifefitness FW C3, 32-4 | D3: 0 | E3: 2011 | F3: 10 | G3: =IF(ISBLANK(F3),"",+E3+F3-1) -> 2020 | H3: 1 | I3: 2275 | J3: =+I3*H3 -> 2275 | K3: PE | L3: =+IF(L$1<$E3,0,IF(L$1>$G3,0,IF($F3="",0,IF(AND($J3<0,$T$3=1),0,$J3/$F3))))*(1-$D3) -> 227.5 | M3: =+IF(M$1<$E3,0,IF(M$1>$G3,0,IF($F3="",0,IF(AND($J3<0,$T$3=1),0,$J3/$F3))))*(1-$D3) -> 227.5 | N3: =+IF(N$1<$E3,0,IF(N$1>$G3,0,IF($F3="",0,IF(AND($J3<0,$T$3=1),0,$J3/$F3))))*(1-$D3) -> 227.5 | P3: =+IF(P$1<$E3,0,IF(P$1>$G3,0,$J3*IF($F3="",1,CHOOSE($T$2,1-((P$1-$E3)/$F3),0.5))))*$T$1*(1-$D3) -> 73.9375 | Q3: =+IF(Q$1<$E3,0,IF(Q$1>$G3,0,$J3*IF($F3="",1,CHOOSE($T$2,1-((Q$1-$E3)/$F3),0.5))))*$T$1*(1-$D3) -> 59.15 | R3: =+IF(R$1<$E3,0,IF(R$1>$G3,0,$J3*IF($F3="",1,CHOOSE($T$2,1-((R$1-$E3)/$F3),0.5))))*$T$1*(1-$D3) -> 44.3625 | S3: Zuschuss-schalter Afa | T3: 1 | U3: 1=OHNE Zuschüsse; 2=MIT Zuschüsse (gebührenentlastend)
A4: 3 | B4: 00004965 | C4: Hoist PTS-1000 Multipresse | D4: 0 | E4: 2012 | F4: 10 | G4: =IF(ISBLANK(F4),"",+E4+F4-1) -> 2021 | H4: 1 | I4: 3497.05 | J4: =+I4*H4 -> 3497.05 | K4: PE | L4: =+IF(L$1<$E4,0,IF(L$1>$G4,0,IF($F4="",0,IF(AND($J4<0,$T$3=1),0,$J4/$F4))))*(1-$D4) -> 349.705 | M4: =+IF(M$1<$E4,0,IF(M$1>$G4,0,IF($F4="",0,IF(AND($J4<0,$T$3=1),0,$J4/$F4))))*(1-$D4) -> 349.705 | N4: =+IF(N$1<$E4,0,IF(N$1>$G4,0,IF($F4="",0,IF(AND($J4<0,$T$3=1),0,$J4/$F4))))*(1-$D4) -> 349.705 | P4: =+IF(P$1<$E4,0,IF(P$1>$G4,0,$J4*IF($F4="",1,CHOOSE($T$2,1-((P$1-$E4)/$F4),0.5))))*$T$1*(1-$D4) -> 136.38495 | Q4: =+IF(Q$1<$E4,0,IF(Q$1>$G4,0,$J4*IF($F4="",1,CHOOSE($T$2,1-((Q$1-$E4)/$F4),0.5))))*$T$1*(1-$D4) -> 113.65413 | R4: =+IF(R$1<$E4,0,IF(R$1>$G4,0,$J4*IF($F4="",1,CHOOSE($T$2,1-((R$1-$E4)/$F4),0.5))))*$T$1*(1-$D4) -> 90.9233
A5: 4 | B5: 00004975 | C5: Taurus Professional Kurzhantel-Trainingssystem | D5: 0 | E5: 2012 | F5: 10 | G5: =IF(ISBLANK(F5),"",+E5+F5-1) -> 2021 | H5: 1 | I5: 1397.92 | J5: =+I5*H5 -> 1397.92 | K5: PE | L5: =+IF(L$1<$E5,0,IF(L$1>$G5,0,IF($F5="",0,IF(AND($J5<0,$T$3=1),0,$J5/$F5))))*(1-$D5) -> 139.792 | M5: =+IF(M$1<$E5,0,IF(M$1>$G5,0,IF($F5="",0,IF(AND($J5<0,$T$3=1),0,$J5/$F5))))*(1-$D5) -> 139.792 | N5: =+IF(N$1<$E5,0,IF(N$1>$G5,0,IF($F5="",0,IF(AND($J5<0,$T$3=1),0,$J5/$F5))))*(1-$D5) -> 139.792 | P5: =+IF(P$1<$E5,0,IF(P$1>$G5,0,$J5*IF($F5="",1,CHOOSE($T$2,1-((P$1-$E5)/$F5),0.5))))*$T$1*(1-$D5) -> 54.51888 | Q5: =+IF(Q$1<$E5,0,IF(Q$1>$G5,0,$J5*IF($F5="",1,CHOOSE($T$2,1-((Q$1-$E5)/$F5),0.5))))*$T$1*(1-$D5) -> 45.4324 | R5: =+IF(R$1<$E5,0,IF(R$1>$G5,0,$J5*IF($F5="",1,CHOOSE($T$2,1-((R$1-$E5)/$F5),0.5))))*$T$1*(1-$D5) -> 36.34592
A6: 5 | B6: 00002093 | C6: Rauchdemohaus | D6: 0 | E6: 2009 | F6: 10 | G6: =IF(ISBLANK(F6),"",+E6+F6-1) -> 2018 | H6: 1 | I6: 995 | J6: =+I6*H6 -> 995 | K6: PE | L6: =+IF(L$1<$E6,0,IF(L$1>$G6,0,IF($F6="",0,IF(AND($J6<0,$T$3=1),0,$J6/$F6))))*(1-$D6) -> 99.5 | M6: =+IF(M$1<$E6,0,IF(M$1>$G6,0,IF($F6="",0,IF(AND($J6<0,$T$3=1),0,$J6/$F6))))*(1-$D6) -> 99.5 | N6: =+IF(N$1<$E6,0,IF(N$1>$G6,0,IF($F6="",0,IF(AND($J6<0,$T$3=1),0,$J6/$F6))))*(1-$D6) -> 99.5 | P6: =+IF(P$1<$E6,0,IF(P$1>$G6,0,$J6*IF($F6="",1,CHOOSE($T$2,1-((P$1-$E6)/$F6),0.5))))*$T$1*(1-$D6) -> 19.4025 | Q6: =+IF(Q$1<$E6,0,IF(Q$1>$G6,0,$J6*IF($F6="",1,CHOOSE($T$2,1-((Q$1-$E6)/$F6),0.5))))*$T$1*(1-$D6) -> 12.935 | R6: =+IF(R$1<$E6,0,IF(R$1>$G6,0,$J6*IF($F6="",1,CHOOSE($T$2,1-((R$1-$E6)/$F6),0.5))))*$T$1*(1-$D6) -> 6.4675
A7: 6 | B7: 00002098 | C7: Atemschutzüberwachungstafel Solingen E-30 FW | D7: 0 | E7: 2009 | F7: 10 | G7: =IF(ISBLANK(F7),"",+E7+F7-1) -> 2018 | H7: 1 | I7: 730.3 | J7: =+I7*H7 -> 730.3 | K7: FZ | L7: =+IF(L$1<$E7,0,IF(L$1>$G7,0,IF($F7="",0,IF(AND($J7<0,$T$3=1),0,$J7/$F7))))*(1-$D7) -> 73.03 | M7: =+IF(M$1<$E7,0,IF(M$1>$G7,0,IF($F7="",0,IF(AND($J7<0,$T$3=1),0,$J7/$F7))))*(1-$D7) -> 73.03 | N7: =+IF(N$1<$E7,0,IF(N$1>$G7,0,IF($F7="",0,IF(AND($J7<0,$T$3=1),0,$J7/$F7))))*(1-$D7) -> 73.03 | P7: =+IF(P$1<$E7,0,IF(P$1>$G7,0,$J7*IF($F7="",1,CHOOSE($T$2,1-((P$1-$E7)/$F7),0.5))))*$T$1*(1-$D7) -> 14.24085 | Q7: =+IF(Q$1<$E7,0,IF(Q$1>$G7,0,$J7*IF($F7="",1,CHOOSE($T$2,1-((Q$1-$E7)/$F7),0.5))))*$T$1*(1-$D7) -> 9.4939 | R7: =+IF(R$1<$E7,0,IF(R$1>$G7,0,$J7*IF($F7="",1,CHOOSE($T$2,1-((R$1-$E7)/$F7),0.5))))*$T$1*(1-$D7) -> 4.74695
A8: 7 | B8: 00002100 | C8: Schneidgerät S 270-71 FW | D8: 0 | E8: 2009 | F8: 10 | G8: =IF(ISBLANK(F8),"",+E8+F8-1) -> 2018 | H8: 1 | I8: 3247.63 | J8: =+I8*H8 -> 3247.63 | K8: FZ | L8: =+IF(L$1<$E8,0,IF(L$1>$G8,0,IF($F8="",0,IF(AND($J8<0,$T$3=1),0,$J8/$F8))))*(1-$D8) -> 324.763 | M8: =+IF(M$1<$E8,0,IF(M$1>$G8,0,IF($F8="",0,IF(AND($J8<0,$T$3=1),0,$J8/$F8))))*(1-$D8) -> 324.763 | N8: =+IF(N$1<$E8,0,IF(N$1>$G8,0,IF($F8="",0,IF(AND($J8<0,$T$3=1),0,$J8/$F8))))*(1-$D8) -> 324.763 | P8: =+IF(P$1<$E8,0,IF(P$1>$G8,0,$J8*IF($F8="",1,CHOOSE($T$2,1-((P$1-$E8)/$F8),0.5))))*$T$1*(1-$D8) -> 63.328785 | Q8: =+IF(Q$1<$E8,0,IF(Q$1>$G8,0,$J8*IF($F8="",1,CHOOSE($T$2,1-((Q$1-$E8)/$F8),0.5))))*$T$1*(1-$D8) -> 42.21919 | R8: =+IF(R$1<$E8,0,IF(R$1>$G8,0,$J8*IF($F8="",1,CHOOSE($T$2,1-((R$1-$E8)/$F8),0.5))))*$T$1*(1-$D8) -> 21.109595
A9: 8 | B9: 00002600 | C9: Druckschläuche-Set FW | D9: 0 | E9: 2010 | F9: 10 | G9: =IF(ISBLANK(F9),"",+E9+F9-1) -> 2019 | H9: 1 | I9: 506.6 | J9: =+I9*H9 -> 506.6 | K9: FZ | L9: =+IF(L$1<$E9,0,IF(L$1>$G9,0,IF($F9="",0,IF(AND($J9<0,$T$3=1),0,$J9/$F9))))*(1-$D9) -> 50.66 | M9: =+IF(M$1<$E9,0,IF(M$1>$G9,0,IF($F9="",0,IF(AND($J9<0,$T$3=1),0,$J9/$F9))))*(1-$D9) -> 50.66 | N9: =+IF(N$1<$E9,0,IF(N$1>$G9,0,IF($F9="",0,IF(AND($J9<0,$T$3=1),0,$J9/$F9))))*(1-$D9) -> 50.66 | P9: =+IF(P$1<$E9,0,IF(P$1>$G9,0,$J9*IF($F9="",1,CHOOSE($T$2,1-((P$1-$E9)/$F9),0.5))))*$T$1*(1-$D9) -> 13.1716 | Q9: =+IF(Q$1<$E9,0,IF(Q$1>$G9,0,$J9*IF($F9="",1,CHOOSE($T$2,1-((Q$1-$E9)/$F9),0.5))))*$T$1*(1-$D9) -> 9.8787 | R9: =+IF(R$1<$E9,0,IF(R$1>$G9,0,$J9*IF($F9="",1,CHOOSE($T$2,1-((R$1-$E9)/$F9),0.5))))*$T$1*(1-$D9) -> 6.5858
A10: 9 | B10: 00002601 | C10: Atemschutzüberwachungstafel E30 FW | D10: 0 | E10: 2010 | F10: 10 | G10: =IF(ISBLANK(F10),"",+E10+F10-1) -> 2019 | H10: 1 | I10: 689.72 | J10: =+I10*H10 -> 689.72 | K10: FZ | L10: =+IF(L$1<$E10,0,IF(L$1>$G10,0,IF($F10="",0,IF(AND($J10<0,$T$3=1),0,$J10/$F10))))*(1-$D10) -> 68.972 | M10: =+IF(M$1<$E10,0,IF(M$1>$G10,0,IF($F10="",0,IF(AND($J10<0,$T$3=1),0,$J10/$F10))))*(1-$D10) -> 68.972 | N10: =+IF(N$1<$E10,0,IF(N$1>$G10,0,IF($F10="",0,IF(AND($J10<0,$T$3=1),0,$J10/$F10))))*(1-$D10) -> 68.972 | P10: =+IF(P$1<$E10,0,IF(P$1>$G10,0,$J10*IF($F10="",1,CHOOSE($T$2,1-((P$1-$E10)/$F10),0.5))))*$T$1*(1-$D10) -> 17.93272 | Q10: =+IF(Q$1<$E10,0,IF(Q$1>$G10,0,$J10*IF($F10="",1,CHOOSE($T$2,1-((Q$1-$E10)/$F10),0.5))))*$T$1*(1-$D10) -> 13.44954 | R10: =+IF(R$1<$E10,0,IF(R$1>$G10,0,$J10*IF($F10="",1,CHOOSE($T$2,1-((R$1-$E10)/$F10),0.5))))*$T$1*(1-$D10) -> 8.96636
A11: 10 | B11: 00005551 | C11: MicroDock II GasAlert Quatro - Gaswarngerät | D11: 0 | E11: 2013 | F11: 10 | G11: =IF(ISBLANK(F11),"",+E11+F11-1) -> 2022 | H11: 1 | I11: 2260.1 | J11: =+I11*H11 -> 2260.1 | K11: FZ | L11: =+IF(L$1<$E11,0,IF(L$1>$G11,0,IF($F11="",0,IF(AND($J11<0,$T$3=1),0,$J11/$F11))))*(1-$D11) -> 226.01 | M11: =+IF(M$1<$E11,0,IF(M$1>$G11,0,IF($F11="",0,IF(AND($J11<0,$T$3=1),0,$J11/$F11))))*(1-$D11) -> 226.01 | N11: =+IF(N$1<$E11,0,IF(N$1>$G11,0,IF($F11="",0,IF(AND($J11<0,$T$3=1),0,$J11/$F11))))*(1-$D11) -> 226.01 | P11: =+IF(P$1<$E11,0,IF(P$1>$G11,0,$J11*IF($F11="",1,CHOOSE($T$2,1-((P$1-$E11)/$F11),0.5))))*$T$1*(1-$D11) -> 102.83455 | Q11: =+IF(Q$1<$E11,0,IF(Q$1>$G11,0,$J11*IF($F11="",1,CHOOSE($T$2,1-((Q$1-$E11)/$F11),0.5))))*$T$1*(1-$D11) -> 88.1439 | R11: =+IF(R$1<$E11,0,IF(R$1>$G11,0,$J11*IF($F11="",1,CHOOSE($T$2,1-((R$1-$E11)/$F11),0.5))))*$T$1*(1-$D11) -> 73.45325
A12: 11 | B12: 00006633 | C12: Messtruppkoffer GW-G mit PErsonendosimeter ED | D12: 0 | E12: 2015 | F12: 10 | G12: =IF(ISBLANK(F12),"",+E12+F12-1) -> 2024 | H12: 1 | I12: 9383.26 | J12: =+I12*H12 -> 9383.26 | K12: FZ | L12: =+IF(L$1<$E12,0,IF(L$1>$G12,0,IF($F12="",0,IF(AND($J12<0,$T$3=1),0,$J12/$F12))))*(1-$D12) -> 938.326 | M12: =+IF(M$1<$E12,0,IF(M$1>$G12,0,IF($F12="",0,IF(AND($J12<0,$T$3=1),0,$J12/$F12))))*(1-$D12) -> 938.326 | N12: =+IF(N$1<$E12,0,IF(N$1>$G12,0,IF($F12="",0,IF(AND($J12<0,$T$3=1),0,$J12/$F12))))*(1-$D12) -> 938.326 | P12: =+IF(P$1<$E12,0,IF(P$1>$G12,0,$J12*IF($F12="",1,CHOOSE($T$2,1-((P$1-$E12)/$F12),0.5))))*$T$1*(1-$D12) -> 548.92071 | Q12: =+IF(Q$1<$E12,0,IF(Q$1>$G12,0,$J12*IF($F12="",1,CHOOSE($T$2,1-((Q$1-$E12)/$F12),0.5))))*$T$1*(1-$D12) -> 487.92952 | R12: =+IF(R$1<$E12,0,IF(R$1>$G12,0,$J12*IF($F12="",1,CHOOSE($T$2,1-((R$1-$E12)/$F12),0.5))))*$T$1*(1-$D12) -> 426.93833
A13: 12 | B13: 00002597 | C13: Zugkraftmessgerät Dynamometer 04 FW | D13: 0 | E13: 2010 | F13: 10 | G13: =IF(ISBLANK(F13),"",+E13+F13-1) -> 2019 | H13: 1 | I13: 1235.93 | J13: =+I13*H13 -> 1235.93 | K13: FZ | L13: =+IF(L$1<$E13,0,IF(L$1>$G13,0,IF($F13="",0,IF(AND($J13<0,$T$3=1),0,$J13/$F13))))*(1-$D13) -> 123.593 | M13: =+IF(M$1<$E13,0,IF(M$1>$G13,0,IF($F13="",0,IF(AND($J13<0,$T$3=1),0,$J13/$F13))))*(1-$D13) -> 123.593 | N13: =+IF(N$1<$E13,0,IF(N$1>$G13,0,IF($F13="",0,IF(AND($J13<0,$T$3=1),0,$J13/$F13))))*(1-$D13) -> 123.593 | P13: =+IF(P$1<$E13,0,IF(P$1>$G13,0,$J13*IF($F13="",1,CHOOSE($T$2,1-((P$1-$E13)/$F13),0.5))))*$T$1*(1-$D13) -> 32.13418 | Q13: =+IF(Q$1<$E13,0,IF(Q$1>$G13,0,$J13*IF($F13="",1,CHOOSE($T$2,1-((Q$1-$E13)/$F13),0.5))))*$T$1*(1-$D13) -> 24.100635 | R13: =+IF(R$1<$E13,0,IF(R$1>$G13,0,$J13*IF($F13="",1,CHOOSE($T$2,1-((R$1-$E13)/$F13),0.5))))*$T$1*(1-$D13) -> 16.06709
A14: 13 | B14: 00002598 | C14: Pressluftatmer+Lungenautomat PSS (1/2) FW | D14: 0 | E14: 2010 | F14: 10 | G14: =IF(ISBLANK(F14),"",+E14+F14-1) -> 2019 | H14: 1 | I14: 1457.29 | J14: =+I14*H14 -> 1457.29 | K14: FZ | L14: =+IF(L$1<$E14,0,IF(L$1>$G14,0,IF($F14="",0,IF(AND($J14<0,$T$3=1),0,$J14/$F14))))*(1-$D14) -> 145.729 | M14: =+IF(M$1<$E14,0,IF(M$1>$G14,0,IF($F14="",0,IF(AND($J14<0,$T$3=1),0,$J14/$F14))))*(1-$D14) -> 145.729 | N14: =+IF(N$1<$E14,0,IF(N$1>$G14,0,IF($F14="",0,IF(AND($J14<0,$T$3=1),0,$J14/$F14))))*(1-$D14) -> 145.729 | P14: =+IF(P$1<$E14,0,IF(P$1>$G14,0,$J14*IF($F14="",1,CHOOSE($T$2,1-((P$1-$E14)/$F14),0.5))))*$T$1*(1-$D14) -> 37.88954 | Q14: =+IF(Q$1<$E14,0,IF(Q$1>$G14,0,$J14*IF($F14="",1,CHOOSE($T$2,1-((Q$1-$E14)/$F14),0.5))))*$T$1*(1-$D14) -> 28.417155 | R14: =+IF(R$1<$E14,0,IF(R$1>$G14,0,$J14*IF($F14="",1,CHOOSE($T$2,1-((R$1-$E14)/$F14),0.5))))*$T$1*(1-$D14) -> 18.94477
A15: 14 | B15: 00004952 | C15: Set Lungenautomaten | D15: 0 | E15: 2012 | F15: 10 | G15: =IF(ISBLANK(F15),"",+E15+F15-1) -> 2021 | H15: 1 | I15: 6881.05 | J15: =+I15*H15 -> 6881.05 | K15: FZ | L15: =+IF(L$1<$E15,0,IF(L$1>$G15,0,IF($F15="",0,IF(AND($J15<0,$T$3=1),0,$J15/$F15))))*(1-$D15) -> 688.105 | M15: =+IF(M$1<$E15,0,IF(M$1>$G15,0,IF($F15="",0,IF(AND($J15<0,$T$3=1),0,$J15/$F15))))*(1-$D15) -> 688.105 | N15: =+IF(N$1<$E15,0,IF(N$1>$G15,0,IF($F15="",0,IF(AND($J15<0,$T$3=1),0,$J15/$F15))))*(1-$D15) -> 688.105 | P15: =+IF(P$1<$E15,0,IF(P$1>$G15,0,$J15*IF($F15="",1,CHOOSE($T$2,1-((P$1-$E15)/$F15),0.5))))*$T$1*(1-$D15) -> 268.36095 | Q15: =+IF(Q$1<$E15,0,IF(Q$1>$G15,0,$J15*IF($F15="",1,CHOOSE($T$2,1-((Q$1-$E15)/$F15),0.5))))*$T$1*(1-$D15) -> 223.63413 | R15: =+IF(R$1<$E15,0,IF(R$1>$G15,0,$J15*IF($F15="",1,CHOOSE($T$2,1-((R$1-$E15)/$F15),0.5))))*$T$1*(1-$D15) -> 178.9073
... A21: 20 | B21: 00002088 | C21: TeamMaster Pro-ET Grundanzug FW | D21: 0 | E21: 2009 | F21: 4 | G21: =IF(ISBLANK(F21),"",+E21+F21-1) -> 2012 | H21: 1 | I21: 2038.42 | J21: =+I21*H21 -> 2038.42 | K21: FZ | L21: =+IF(L$1<$E21,0,IF(L$1>$G21,0,IF($F21="",0,IF(AND($J21<0,$T$3=1),0,$J21/$F21))))*(1-$D21) -> 0 | M21: =+IF(M$1<$E21,0,IF(M$1>$G21,0,IF($F21="",0,IF(AND($J21<0,$T$3=1),0,$J21/$F21))))*(1-$D21) -> 0 | N21: =+IF(N$1<$E21,0,IF(N$1>$G21,0,IF($F21="",0,IF(AND($J21<0,$T$3=1),0,$J21/$F21))))*(1-$D21) -> 0 | P21: =+IF(P$1<$E21,0,IF(P$1>$G21,0,$J21*IF($F21="",1,CHOOSE($T$2,1-((P$1-$E21)/$F21),0.5))))*$T$1*(1-$D21) -> 0 | Q21: =+IF(Q$1<$E21,0,IF(Q$1>$G21,0,$J21*IF($F21="",1,CHOOSE($T$2,1-((Q$1-$E21)/$F21),0.5))))*$T$1*(1-$D21) -> 0 | R21: =+IF(R$1<$E21,0,IF(R$1>$G21,0,$J21*IF($F21="",1,CHOOSE($T$2,1-((R$1-$E21)/$F21),0.5))))*$T$1*(1-$D21) -> 0
A22: 21 | B22: 00005684 | C22: ME-HA 204 Plywood-Anhänger Jugendfeuerwehr | D22: 0 | E22: 2013 | F22: 15 | G22: =IF(ISBLANK(F22),"",+E22+F22-1) -> 2027 | H22: 1 | I22: 2618 | J22: =+I22*H22 -> 2618 | L22: =+IF(L$1<$E22,0,IF(L$1>$G22,0,IF($F22="",0,IF(AND($J22<0,$T$3=1),0,$J22/$F22))))*(1-$D22) -> 174.53333 | M22: =+IF(M$1<$E22,0,IF(M$1>$G22,0,IF($F22="",0,IF(AND($J22<0,$T$3=1),0,$J22/$F22))))*(1-$D22) -> 174.53333 | N22: =+IF(N$1<$E22,0,IF(N$1>$G22,0,IF($F22="",0,IF(AND($J22<0,$T$3=1),0,$J22/$F22))))*(1-$D22) -> 174.53333 | P22: =+IF(P$1<$E22,0,IF(P$1>$G22,0,$J22*IF($F22="",1,CHOOSE($T$2,1-((P$1-$E22)/$F22),0.5))))*$T$1*(1-$D22) -> 136.136 | Q22: =+IF(Q$1<$E22,0,IF(Q$1>$G22,0,$J22*IF($F22="",1,CHOOSE($T$2,1-((Q$1-$E22)/$F22),0.5))))*$T$1*(1-$D22) -> 124.79133 | R22: =+IF(R$1<$E22,0,IF(R$1>$G22,0,$J22*IF($F22="",1,CHOOSE($T$2,1-((R$1-$E22)/$F22),0.5))))*$T$1*(1-$D22) -> 113.44667
A23: 22 | B23: 00005878 | C23: ME-2076 Bindemittelanhänger | D23: 0 | E23: 2014 | F23: 15 | G23: =IF(ISBLANK(F23),"",+E23+F23-1) -> 2028 | H23: 1 | I23: 1 | J23: =+I23*H23 -> 1 | K23: FZ | L23: =+IF(L$1<$E23,0,IF(L$1>$G23,0,IF($F23="",0,IF(AND($J23<0,$T$3=1),0,$J23/$F23))))*(1-$D23) -> 0.066666667 | M23: =+IF(M$1<$E23,0,IF(M$1>$G23,0,IF($F23="",0,IF(AND($J23<0,$T$3=1),0,$J23/$F23))))*(1-$D23) -> 0.066666667 | N23: =+IF(N$1<$E23,0,IF(N$1>$G23,0,IF($F23="",0,IF(AND($J23<0,$T$3=1),0,$J23/$F23))))*(1-$D23) -> 0.066666667 | P23: =+IF(P$1<$E23,0,IF(P$1>$G23,0,$J23*IF($F23="",1,CHOOSE($T$2,1-((P$1-$E23)/$F23),0.5))))*$T$1*(1-$D23) -> 0.056333333 | Q23: =+IF(Q$1<$E23,0,IF(Q$1>$G23,0,$J23*IF($F23="",1,CHOOSE($T$2,1-((Q$1-$E23)/$F23),0.5))))*$T$1*(1-$D23) -> 0.052 | R23: =+IF(R$1<$E23,0,IF(R$1>$G23,0,$J23*IF($F23="",1,CHOOSE($T$2,1-((R$1-$E23)/$F23),0.5))))*$T$1*(1-$D23) -> 0.047666667
A24: 23 | B24: 00006615 | C24: ME-HA 281 Anhängeleiter | D24: 0 | E24: 2015 | F24: 15 | G24: =IF(ISBLANK(F24),"",+E24+F24-1) -> 2029 | H24: 1 | I24: 1999.2 | J24: =+I24*H24 -> 1999.2 | K24: FZ | L24: =+IF(L$1<$E24,0,IF(L$1>$G24,0,IF($F24="",0,IF(AND($J24<0,$T$3=1),0,$J24/$F24))))*(1-$D24) -> 133.28 | M24: =+IF(M$1<$E24,0,IF(M$1>$G24,0,IF($F24="",0,IF(AND($J24<0,$T$3=1),0,$J24/$F24))))*(1-$D24) -> 133.28 | N24: =+IF(N$1<$E24,0,IF(N$1>$G24,0,IF($F24="",0,IF(AND($J24<0,$T$3=1),0,$J24/$F24))))*(1-$D24) -> 133.28 | P24: =+IF(P$1<$E24,0,IF(P$1>$G24,0,$J24*IF($F24="",1,CHOOSE($T$2,1-((P$1-$E24)/$F24),0.5))))*$T$1*(1-$D24) -> 121.2848 | Q24: =+IF(Q$1<$E24,0,IF(Q$1>$G24,0,$J24*IF($F24="",1,CHOOSE($T$2,1-((Q$1-$E24)/$F24),0.5))))*$T$1*(1-$D24) -> 112.6216 | R24: =+IF(R$1<$E24,0,IF(R$1>$G24,0,$J24*IF($F24="",1,CHOOSE($T$2,1-((R$1-$E24)/$F24),0.5))))*$T$1*(1-$D24) -> 103.9584
A25: 24 | B25: 00001128 | C25: ME-2291 Gerätewagen-Nachschub | D25: 0 | E25: 1999 | F25: 20 | G25: =IF(ISBLANK(F25),"",+E25+F25-1) -> 2018 | H25: 1 | I25: 69186.48 | J25: =+I25*H25 -> 69186.48 | K25: GWL | L25: =+IF(L$1<$E25,0,IF(L$1>$G25,0,IF($F25="",0,IF(AND($J25<0,$T$3=1),0,$J25/$F25))))*(1-$D25) -> 3459.324 | M25: =+IF(M$1<$E25,0,IF(M$1>$G25,0,IF($F25="",0,IF(AND($J25<0,$T$3=1),0,$J25/$F25))))*(1-$D25) -> 3459.324 | N25: =+IF(N$1<$E25,0,IF(N$1>$G25,0,IF($F25="",0,IF(AND($J25<0,$T$3=1),0,$J25/$F25))))*(1-$D25) -> 3459.324 | P25: =+IF(P$1<$E25,0,IF(P$1>$G25,0,$J25*IF($F25="",1,CHOOSE($T$2,1-((P$1-$E25)/$F25),0.5))))*$T$1*(1-$D25) -> 674.56818 | Q25: =+IF(Q$1<$E25,0,IF(Q$1>$G25,0,$J25*IF($F25="",1,CHOOSE($T$2,1-((Q$1-$E25)/$F25),0.5))))*$T$1*(1-$D25) -> 449.71212 | R25: =+IF(R$1<$E25,0,IF(R$1>$G25,0,$J25*IF($F25="",1,CHOOSE($T$2,1-((R$1-$E25)/$F25),0.5))))*$T$1*(1-$D25) -> 224.85606
A26: 25 | B26: 00001129 | C26: ME-2350 LF 16 I | D26: 0 | E26: 1998 | F26: 20 | G26: =IF(ISBLANK(F26),"",+E26+F26-1) -> 2017 | H26: 1 | I26: 239173.14 | J26: =+I26*H26 -> 239173.14 | K26: LF 20 | L26: =+IF(L$1<$E26,0,IF(L$1>$G26,0,IF($F26="",0,IF(AND($J26<0,$T$3=1),0,$J26/$F26))))*(1-$D26) -> 11958.657 | M26: =+IF(M$1<$E26,0,IF(M$1>$G26,0,IF($F26="",0,IF(AND($J26<0,$T$3=1),0,$J26/$F26))))*(1-$D26) -> 11958.657 | N26: =+IF(N$1<$E26,0,IF(N$1>$G26,0,IF($F26="",0,IF(AND($J26<0,$T$3=1),0,$J26/$F26))))*(1-$D26) -> 0 | P26: =+IF(P$1<$E26,0,IF(P$1>$G26,0,$J26*IF($F26="",1,CHOOSE($T$2,1-((P$1-$E26)/$F26),0.5))))*$T$1*(1-$D26) -> 1554.6254 | Q26: =+IF(Q$1<$E26,0,IF(Q$1>$G26,0,$J26*IF($F26="",1,CHOOSE($T$2,1-((Q$1-$E26)/$F26),0.5))))*$T$1*(1-$D26) -> 777.31271 | R26: =+IF(R$1<$E26,0,IF(R$1>$G26,0,$J26*IF($F26="",1,CHOOSE($T$2,1-((R$1-$E26)/$F26),0.5))))*$T$1*(1-$D26) -> 0
A27: 26 | B27: 00001130 | C27: ME-2501 Skania LF 16 HLF | D27: 0 | E27: 1992 | F27: 20 | G27: =IF(ISBLANK(F27),"",+E27+F27-1) -> 2011 | H27: 1 | I27: 225125 | J27: =+I27*H27 -> 225125 | L27: =+IF(L$1<$E27,0,IF(L$1>$G27,0,IF($F27="",0,IF(AND($J27<0,$T$3=1),0,$J27/$F27))))*(1-$D27) -> 0 | M27: =+IF(M$1<$E27,0,IF(M$1>$G27,0,IF($F27="",0,IF(AND($J27<0,$T$3=1),0,$J27/$F27))))*(1-$D27) -> 0 | N27: =+IF(N$1<$E27,0,IF(N$1>$G27,0,IF($F27="",0,IF(AND($J27<0,$T$3=1),0,$J27/$F27))))*(1-$D27) -> 0 | P27: =+IF(P$1<$E27,0,IF(P$1>$G27,0,$J27*IF($F27="",1,CHOOSE($T$2,1-((P$1-$E27)/$F27),0.5))))*$T$1*(1-$D27) -> 0 | Q27: =+IF(Q$1<$E27,0,IF(Q$1>$G27,0,$J27*IF($F27="",1,CHOOSE($T$2,1-((Q$1-$E27)/$F27),0.5))))*$T$1*(1-$D27) -> 0 | R27: =+IF(R$1<$E27,0,IF(R$1>$G27,0,$J27*IF($F27="",1,CHOOSE($T$2,1-((R$1-$E27)/$F27),0.5))))*$T$1*(1-$D27) -> 0
A28: 27 | B28: 00001132 | C28: ME-2653 Mercedes 308 D Gefahrgutwagen 1 | D28: 0 | E28: 1990 | F28: 20 | G28: =IF(ISBLANK(F28),"",+E28+F28-1) -> 2009 | H28: 1 | I28: 80478 | J28: =+I28*H28 -> 80478 | L28: =+IF(L$1<$E28,0,IF(L$1>$G28,0,IF($F28="",0,IF(AND($J28<0,$T$3=1),0,$J28/$F28))))*(1-$D28) -> 0 | M28: =+IF(M$1<$E28,0,IF(M$1>$G28,0,IF($F28="",0,IF(AND($J28<0,$T$3=1),0,$J28/$F28))))*(1-$D28) -> 0 | N28: =+IF(N$1<$E28,0,IF(N$1>$G28,0,IF($F28="",0,IF(AND($J28<0,$T$3=1),0,$J28/$F28))))*(1-$D28) -> 0 | P28: =+IF(P$1<$E28,0,IF(P$1>$G28,0,$J28*IF($F28="",1,CHOOSE($T$2,1-((P$1-$E28)/$F28),0.5))))*$T$1*(1-$D28) -> 0 | Q28: =+IF(Q$1<$E28,0,IF(Q$1>$G28,0,$J28*IF($F28="",1,CHOOSE($T$2,1-((Q$1-$E28)/$F28),0.5))))*$T$1*(1-$D28) -> 0 | R28: =+IF(R$1<$E28,0,IF(R$1>$G28,0,$J28*IF($F28="",1,CHOOSE($T$2,1-((R$1-$E28)/$F28),0.5))))*$T$1*(1-$D28) -> 0
A29: 28 | B29: 00001133 | C29: ME-2655 M.A.N WLF | D29: 0 | E29: 2005 | F29: 20 | G29: =IF(ISBLANK(F29),"",+E29+F29-1) -> 2024 | H29: 1 | I29: 143348 | J29: =+I29*H29 -> 143348 | K29: WLF26 | L29: =+IF(L$1<$E29,0,IF(L$1>$G29,0,IF($F29="",0,IF(AND($J29<0,$T$3=1),0,$J29/$F29))))*(1-$D29) -> 7167.4 | M29: =+IF(M$1<$E29,0,IF(M$1>$G29,0,IF($F29="",0,IF(AND($J29<0,$T$3=1),0,$J29/$F29))))*(1-$D29) -> 7167.4 | N29: =+IF(N$1<$E29,0,IF(N$1>$G29,0,IF($F29="",0,IF(AND($J29<0,$T$3=1),0,$J29/$F29))))*(1-$D29) -> 7167.4 | P29: =+IF(P$1<$E29,0,IF(P$1>$G29,0,$J29*IF($F29="",1,CHOOSE($T$2,1-((P$1-$E29)/$F29),0.5))))*$T$1*(1-$D29) -> 4192.929 | Q29: =+IF(Q$1<$E29,0,IF(Q$1>$G29,0,$J29*IF($F29="",1,CHOOSE($T$2,1-((Q$1-$E29)/$F29),0.5))))*$T$1*(1-$D29) -> 3727.048 | R29: =+IF(R$1<$E29,0,IF(R$1>$G29,0,$J29*IF($F29="",1,CHOOSE($T$2,1-((R$1-$E29)/$F29),0.5))))*$T$1*(1-$D29) -> 3261.167 | S29: mit AB Wasser
A30: 29 | B30: 00001133.1 | C30: AB Wasser | D30: 0 | E30: 2005 | F30: 20 | G30: =IF(ISBLANK(F30),"",+E30+F30-1) -> 2024 | H30: 1 | I30: 86640 | J30: =+I30*H30 -> 86640 | K30: AB Wasser | L30: =+IF(L$1<$E30,0,IF(L$1>$G30,0,IF($F30="",0,IF(AND($J30<0,$T$3=1),0,$J30/$F30))))*(1-$D30) -> 4332 | M30: =+IF(M$1<$E30,0,IF(M$1>$G30,0,IF($F30="",0,IF(AND($J30<0,$T$3=1),0,$J30/$F30))))*(1-$D30) -> 4332 | N30: =+IF(N$1<$E30,0,IF(N$1>$G30,0,IF($F30="",0,IF(AND($J30<0,$T$3=1),0,$J30/$F30))))*(1-$D30) -> 4332 | P30: =+IF(P$1<$E30,0,IF(P$1>$G30,0,$J30*IF($F30="",1,CHOOSE($T$2,1-((P$1-$E30)/$F30),0.5))))*$T$1*(1-$D30) -> 2534.22 | Q30: =+IF(Q$1<$E30,0,IF(Q$1>$G30,0,$J30*IF($F30="",1,CHOOSE($T$2,1-((Q$1-$E30)/$F30),0.5))))*$T$1*(1-$D30) -> 2252.64 | R30: =+IF(R$1<$E30,0,IF(R$1>$G30,0,$J30*IF($F30="",1,CHOOSE($T$2,1-((R$1-$E30)/$F30),0.5))))*$T$1*(1-$D30) -> 1971.06
A31: 30 | B31: 00001133.2 | C31: AB Mulde | D31: 0 | E31: 2005 | F31: 20 | G31: =IF(ISBLANK(F31),"",+E31+F31-1) -> 2024 | H31: 1 | I31: 6064 | J31: =+I31*H31 -> 6064 | K31: AB Mulde | L31: =+IF(L$1<$E31,0,IF(L$1>$G31,0,IF($F31="",0,IF(AND($J31<0,$T$3=1),0,$J31/$F31))))*(1-$D31) -> 303.2 | M31: =+IF(M$1<$E31,0,IF(M$1>$G31,0,IF($F31="",0,IF(AND($J31<0,$T$3=1),0,$J31/$F31))))*(1-$D31) -> 303.2 | N31: =+IF(N$1<$E31,0,IF(N$1>$G31,0,IF($F31="",0,IF(AND($J31<0,$T$3=1),0,$J31/$F31))))*(1-$D31) -> 303.2 | P31: =+IF(P$1<$E31,0,IF(P$1>$G31,0,$J31*IF($F31="",1,CHOOSE($T$2,1-((P$1-$E31)/$F31),0.5))))*$T$1*(1-$D31) -> 177.372 | Q31: =+IF(Q$1<$E31,0,IF(Q$1>$G31,0,$J31*IF($F31="",1,CHOOSE($T$2,1-((Q$1-$E31)/$F31),0.5))))*$T$1*(1-$D31) -> 157.664 | R31: =+IF(R$1<$E31,0,IF(R$1>$G31,0,$J31*IF($F31="",1,CHOOSE($T$2,1-((R$1-$E31)/$F31),0.5))))*$T$1*(1-$D31) -> 137.956
A32: 31 | B32: 00001135 | C32: ME-2714 VW T5 KEF (Gerätewagen) | D32: 0 | E32: 2006 | F32: 20 | G32: =IF(ISBLANK(F32),"",+E32+F32-1) -> 2025 | H32: 1 | I32: 51042.66 | J32: =+I32*H32 -> 51042.66 | K32: KEF | L32: =+IF(L$1<$E32,0,IF(L$1>$G32,0,IF($F32="",0,IF(AND($J32<0,$T$3=1),0,$J32/$F32))))*(1-$D32) -> 2552.133 | M32: =+IF(M$1<$E32,0,IF(M$1>$G32,0,IF($F32="",0,IF(AND($J32<0,$T$3=1),0,$J32/$F32))))*(1-$D32) -> 2552.133 | N32: =+IF(N$1<$E32,0,IF(N$1>$G32,0,IF($F32="",0,IF(AND($J32<0,$T$3=1),0,$J32/$F32))))*(1-$D32) -> 2552.133 | P32: =+IF(P$1<$E32,0,IF(P$1>$G32,0,$J32*IF($F32="",1,CHOOSE($T$2,1-((P$1-$E32)/$F32),0.5))))*$T$1*(1-$D32) -> 1658.8865 | Q32: =+IF(Q$1<$E32,0,IF(Q$1>$G32,0,$J32*IF($F32="",1,CHOOSE($T$2,1-((Q$1-$E32)/$F32),0.5))))*$T$1*(1-$D32) -> 1492.9978 | R32: =+IF(R$1<$E32,0,IF(R$1>$G32,0,$J32*IF($F32="",1,CHOOSE($T$2,1-((R$1-$E32)/$F32),0.5))))*$T$1*(1-$D32) -> 1327.1092
A33: 32 | B33: 00001137 | C33: ME-2860 Mercedes LF 16 | D33: 0 | E33: 1987 | F33: 20 | G33: =IF(ISBLANK(F33),"",+E33+F33-1) -> 2006 | H33: 1 | I33: 146585 | J33: =+I33*H33 -> 146585 | K33: LF 20 | L33: =+IF(L$1<$E33,0,IF(L$1>$G33,0,IF($F33="",0,IF(AND($J33<0,$T$3=1),0,$J33/$F33))))*(1-$D33) -> 0 | M33: =+IF(M$1<$E33,0,IF(M$1>$G33,0,IF($F33="",0,IF(AND($J33<0,$T$3=1),0,$J33/$F33))))*(1-$D33) -> 0 | N33: =+IF(N$1<$E33,0,IF(N$1>$G33,0,IF($F33="",0,IF(AND($J33<0,$T$3=1),0,$J33/$F33))))*(1-$D33) -> 0 | P33: =+IF(P$1<$E33,0,IF(P$1>$G33,0,$J33*IF($F33="",1,CHOOSE($T$2,1-((P$1-$E33)/$F33),0.5))))*$T$1*(1-$D33) -> 0 | Q33: =+IF(Q$1<$E33,0,IF(Q$1>$G33,0,$J33*IF($F33="",1,CHOOSE($T$2,1-((Q$1-$E33)/$F33),0.5))))*$T$1*(1-$D33) -> 0 | R33: =+IF(R$1<$E33,0,IF(R$1>$G33,0,$J33*IF($F33="",1,CHOOSE($T$2,1-((R$1-$E33)/$F33),0.5))))*$T$1*(1-$D33) -> 0
A34: 33 | B34: 00001138 | C34: ME-6180 VW T5 ELW 1 | D34: 0 | E34: 2004 | F34: 20 | G34: =IF(ISBLANK(F34),"",+E34+F34-1) -> 2023 | H34: 1 | I34: 84067.6 | J34: =+I34*H34 -> 84067.6 | K34: ELW1 | L34: =+IF(L$1<$E34,0,IF(L$1>$G34,0,IF($F34="",0,IF(AND($J34<0,$T$3=1),0,$J34/$F34))))*(1-$D34) -> 4203.38 | M34: =+IF(M$1<$E34,0,IF(M$1>$G34,0,IF($F34="",0,IF(AND($J34<0,$T$3=1),0,$J34/$F34))))*(1-$D34) -> 4203.38 | N34: =+IF(N$1<$E34,0,IF(N$1>$G34,0,IF($F34="",0,IF(AND($J34<0,$T$3=1),0,$J34/$F34))))*(1-$D34) -> 4203.38 | P34: =+IF(P$1<$E34,0,IF(P$1>$G34,0,$J34*IF($F34="",1,CHOOSE($T$2,1-((P$1-$E34)/$F34),0.5))))*$T$1*(1-$D34) -> 2185.7576 | Q34: =+IF(Q$1<$E34,0,IF(Q$1>$G34,0,$J34*IF($F34="",1,CHOOSE($T$2,1-((Q$1-$E34)/$F34),0.5))))*$T$1*(1-$D34) -> 1912.5379 | R34: =+IF(R$1<$E34,0,IF(R$1>$G34,0,$J34*IF($F34="",1,CHOOSE($T$2,1-((R$1-$E34)/$F34),0.5))))*$T$1*(1-$D34) -> 1639.3182
A35: 34 | B35: 00001150 | C35: ME-HA 2361 Hubsteiger | D35: 0 | E35: 2007 | F35: 20 | G35: =IF(ISBLANK(F35),"",+E35+F35-1) -> 2026 | H35: 1 | I35: 395068.13 | J35: =+I35*H35 -> 395068.13 | K35: TM | L35: =+IF(L$1<$E35,0,IF(L$1>$G35,0,IF($F35="",0,IF(AND($J35<0,$T$3=1),0,$J35/$F35))))*(1-$D35) -> 19753.407 | M35: =+IF(M$1<$E35,0,IF(M$1>$G35,0,IF($F35="",0,IF(AND($J35<0,$T$3=1),0,$J35/$F35))))*(1-$D35) -> 19753.407 | N35: =+IF(N$1<$E35,0,IF(N$1>$G35,0,IF($F35="",0,IF(AND($J35<0,$T$3=1),0,$J35/$F35))))*(1-$D35) -> 19753.407 | P35: =+IF(P$1<$E35,0,IF(P$1>$G35,0,$J35*IF($F35="",1,CHOOSE($T$2,1-((P$1-$E35)/$F35),0.5))))*$T$1*(1-$D35) -> 14123.686 | Q35: =+IF(Q$1<$E35,0,IF(Q$1>$G35,0,$J35*IF($F35="",1,CHOOSE($T$2,1-((Q$1-$E35)/$F35),0.5))))*$T$1*(1-$D35) -> 12839.714 | R35: =+IF(R$1<$E35,0,IF(R$1>$G35,0,$J35*IF($F35="",1,CHOOSE($T$2,1-((R$1-$E35)/$F35),0.5))))*$T$1*(1-$D35) -> 11555.743
A36: 35 | B36: 00005154 | C36: ME-2376 Feldküche | D36: 0 | E36: 2012 | F36: 20 | G36: =IF(ISBLANK(F36),"",+E36+F36-1) -> 2031 | H36: 1 | I36: 0 | J36: =+I36*H36 -> 0 | K36: FZ | L36: =+IF(L$1<$E36,0,IF(L$1>$G36,0,IF($F36="",0,IF(AND($J36<0,$T$3=1),0,$J36/$F36))))*(1-$D36) -> 0 | M36: =+IF(M$1<$E36,0,IF(M$1>$G36,0,IF($F36="",0,IF(AND($J36<0,$T$3=1),0,$J36/$F36))))*(1-$D36) -> 0 | N36: =+IF(N$1<$E36,0,IF(N$1>$G36,0,IF($F36="",0,IF(AND($J36<0,$T$3=1),0,$J36/$F36))))*(1-$D36) -> 0 | P36: =+IF(P$1<$E36,0,IF(P$1>$G36,0,$J36*IF($F36="",1,CHOOSE($T$2,1-((P$1-$E36)/$F36),0.5))))*$T$1*(1-$D36) -> 0 | Q36: =+IF(Q$1<$E36,0,IF(Q$1>$G36,0,$J36*IF($F36="",1,CHOOSE($T$2,1-((Q$1-$E36)/$F36),0.5))))*$T$1*(1-$D36) -> 0 | R36: =+IF(R$1<$E36,0,IF(R$1>$G36,0,$J36*IF($F36="",1,CHOOSE($T$2,1-((R$1-$E36)/$F36),0.5))))*$T$1*(1-$D36) -> 0
A37: 36 | B37: 00005155 | C37: ME-2744 Löschfahrzeug 16/TS | D37: 0 | E37: 2012 | F37: 20 | G37: =IF(ISBLANK(F37),"",+E37+F37-1) -> 2031 | H37: 1 | I37: 0 | J37: =+I37*H37 -> 0 | K37: LF 16 TS | L37: =+IF(L$1<$E37,0,IF(L$1>$G37,0,IF($F37="",0,IF(AND($J37<0,$T$3=1),0,$J37/$F37))))*(1-$D37) -> 0 | M37: =+IF(M$1<$E37,0,IF(M$1>$G37,0,IF($F37="",0,IF(AND($J37<0,$T$3=1),0,$J37/$F37))))*(1-$D37) -> 0 | N37: =+IF(N$1<$E37,0,IF(N$1>$G37,0,IF($F37="",0,IF(AND($J37<0,$T$3=1),0,$J37/$F37))))*(1-$D37) -> 0 | P37: =+IF(P$1<$E37,0,IF(P$1>$G37,0,$J37*IF($F37="",1,CHOOSE($T$2,1-((P$1-$E37)/$F37),0.5))))*$T$1*(1-$D37) -> 0 | Q37: =+IF(Q$1<$E37,0,IF(Q$1>$G37,0,$J37*IF($F37="",1,CHOOSE($T$2,1-((Q$1-$E37)/$F37),0.5))))*$T$1*(1-$D37) -> 0 | R37: =+IF(R$1<$E37,0,IF(R$1>$G37,0,$J37*IF($F37="",1,CHOOSE($T$2,1-((R$1-$E37)/$F37),0.5))))*$T$1*(1-$D37) -> 0
A38: 37 | B38: 00005726 | C38: ME-HA 2432 HLF 20 | D38: 0 | E38: 2014 | F38: 20 | G38: =IF(ISBLANK(F38),"",+E38+F38-1) -> 2033 | H38: 1 | I38: 319894.23 | J38: =+I38*H38 -> 319894.23 | K38: HLF 20 | L38: =+IF(L$1<$E38,0,IF(L$1>$G38,0,IF($F38="",0,IF(AND($J38<0,$T$3=1),0,$J38/$F38))))*(1-$D38) -> 15994.711 | M38: =+IF(M$1<$E38,0,IF(M$1>$G38,0,IF($F38="",0,IF(AND($J38<0,$T$3=1),0,$J38/$F38))))*(1-$D38) -> 15994.711 | N38: =+IF(N$1<$E38,0,IF(N$1>$G38,0,IF($F38="",0,IF(AND($J38<0,$T$3=1),0,$J38/$F38))))*(1-$D38) -> 15994.711 | P38: =+IF(P$1<$E38,0,IF(P$1>$G38,0,$J38*IF($F38="",1,CHOOSE($T$2,1-((P$1-$E38)/$F38),0.5))))*$T$1*(1-$D38) -> 18713.812 | Q38: =+IF(Q$1<$E38,0,IF(Q$1>$G38,0,$J38*IF($F38="",1,CHOOSE($T$2,1-((Q$1-$E38)/$F38),0.5))))*$T$1*(1-$D38) -> 17674.156 | R38: =+IF(R$1<$E38,0,IF(R$1>$G38,0,$J38*IF($F38="",1,CHOOSE($T$2,1-((R$1-$E38)/$F38),0.5))))*$T$1*(1-$D38) -> 16634.5
A39: 38 | B39: 00006570 | C39: ME-HA 2431 HLF Löschfahrzeug Hauptwache | D39: 0 | E39: 2015 | F39: 20 | G39: =IF(ISBLANK(F39),"",+E39+F39-1) -> 2034 | H39: 1 | I39: 415011.46 | J39: =+I39*H39 -> 415011.46 | K39: HLF 20 | L39: =+IF(L$1<$E39,0,IF(L$1>$G39,0,IF($F39="",0,IF(AND($J39<0,$T$3=1),0,$J39/$F39))))*(1-$D39) -> 20750.573 | M39: =+IF(M$1<$E39,0,IF(M$1>$G39,0,IF($F39="",0,IF(AND($J39<0,$T$3=1),0,$J39/$F39))))*(1-$D39) -> 20750.573 | N39: =+IF(N$1<$E39,0,IF(N$1>$G39,0,IF($F39="",0,IF(AND($J39<0,$T$3=1),0,$J39/$F39))))*(1-$D39) -> 20750.573 | P39: =+IF(P$1<$E39,0,IF(P$1>$G39,0,$J39*IF($F39="",1,CHOOSE($T$2,1-((P$1-$E39)/$F39),0.5))))*$T$1*(1-$D39) -> 25626.958 | Q39: =+IF(Q$1<$E39,0,IF(Q$1>$G39,0,$J39*IF($F39="",1,CHOOSE($T$2,1-((Q$1-$E39)/$F39),0.5))))*$T$1*(1-$D39) -> 24278.17 | R39: =+IF(R$1<$E39,0,IF(R$1>$G39,0,$J39*IF($F39="",1,CHOOSE($T$2,1-((R$1-$E39)/$F39),0.5))))*$T$1*(1-$D39) -> 22929.383
A40: 39 | B40: 00001131 | C40: ME-2600 M.A.N Rüstwagen RW2 | D40: 0 | E40: 2003 | F40: 8 | G40: =IF(ISBLANK(F40),"",+E40+F40-1) -> 2010 | H40: 1 | I40: 258809.82 | J40: =+I40*H40 -> 258809.82 | K40: RW | L40: =+IF(L$1<$E40,0,IF(L$1>$G40,0,IF($F40="",0,IF(AND($J40<0,$T$3=1),0,$J40/$F40))))*(1-$D40) -> 0 | M40: =+IF(M$1<$E40,0,IF(M$1>$G40,0,IF($F40="",0,IF(AND($J40<0,$T$3=1),0,$J40/$F40))))*(1-$D40) -> 0 | N40: =+IF(N$1<$E40,0,IF(N$1>$G40,0,IF($F40="",0,IF(AND($J40<0,$T$3=1),0,$J40/$F40))))*(1-$D40) -> 0 | P40: =+IF(P$1<$E40,0,IF(P$1>$G40,0,$J40*IF($F40="",1,CHOOSE($T$2,1-((P$1-$E40)/$F40),0.5))))*$T$1*(1-$D40) -> 0 | Q40: =+IF(Q$1<$E40,0,IF(Q$1>$G40,0,$J40*IF($F40="",1,CHOOSE($T$2,1-((Q$1-$E40)/$F40),0.5))))*$T$1*(1-$D40) -> 0 | R40: =+IF(R$1<$E40,0,IF(R$1>$G40,0,$J40*IF($F40="",1,CHOOSE($T$2,1-((R$1-$E40)/$F40),0.5))))*$T$1*(1-$D40) -> 0
A41: 40 | B41: 00005584 | C41: ME-HA 2102 Kommandowagen | D41: 0 | E41: 2013 | F41: 10 | G41: =IF(ISBLANK(F41),"",+E41+F41-1) -> 2022 | H41: 1 | I41: 39909.23 | J41: =+I41*H41 -> 39909.23 | K41: KdoW | L41: =+IF(L$1<$E41,0,IF(L$1>$G41,0,IF($F41="",0,IF(AND($J41<0,$T$3=1),0,$J41/$F41))))*(1-$D41) -> 3990.923 | M41: =+IF(M$1<$E41,0,IF(M$1>$G41,0,IF($F41="",0,IF(AND($J41<0,$T$3=1),0,$J41/$F41))))*(1-$D41) -> 3990.923 | N41: =+IF(N$1<$E41,0,IF(N$1>$G41,0,IF($F41="",0,IF(AND($J41<0,$T$3=1),0,$J41/$F41))))*(1-$D41) -> 3990.923 | P41: =+IF(P$1<$E41,0,IF(P$1>$G41,0,$J41*IF($F41="",1,CHOOSE($T$2,1-((P$1-$E41)/$F41),0.5))))*$T$1*(1-$D41) -> 1815.87 | Q41: =+IF(Q$1<$E41,0,IF(Q$1>$G41,0,$J41*IF($F41="",1,CHOOSE($T$2,1-((Q$1-$E41)/$F41),0.5))))*$T$1*(1-$D41) -> 1556.46 | R41: =+IF(R$1<$E41,0,IF(R$1>$G41,0,$J41*IF($F41="",1,CHOOSE($T$2,1-((R$1-$E41)/$F41),0.5))))*$T$1*(1-$D41) -> 1297.05
A42: 41 | B42: 00001127 | C42: ME-2200 MTF II | D42: 0 | E42: 1998 | F42: 10 | G42: =IF(ISBLANK(F42),"",+E42+F42-1) -> 2007 | H42: 1 | I42: 32739.04 | J42: =+I42*H42 -> 32739.04 | L42: =+IF(L$1<$E42,0,IF(L$1>$G42,0,IF($F42="",0,IF(AND($J42<0,$T$3=1),0,$J42/$F42))))*(1-$D42) -> 0 | M42: =+IF(M$1<$E42,0,IF(M$1>$G42,0,IF($F42="",0,IF(AND($J42<0,$T$3=1),0,$J42/$F42))))*(1-$D42) -> 0 | N42: =+IF(N$1<$E42,0,IF(N$1>$G42,0,IF($F42="",0,IF(AND($J42<0,$T$3=1),0,$J42/$F42))))*(1-$D42) -> 0 | P42: =+IF(P$1<$E42,0,IF(P$1>$G42,0,$J42*IF($F42="",1,CHOOSE($T$2,1-((P$1-$E42)/$F42),0.5))))*$T$1*(1-$D42) -> 0 | Q42: =+IF(Q$1<$E42,0,IF(Q$1>$G42,0,$J42*IF($F42="",1,CHOOSE($T$2,1-((Q$1-$E42)/$F42),0.5))))*$T$1*(1-$D42) -> 0 | R42: =+IF(R$1<$E42,0,IF(R$1>$G42,0,$J42*IF($F42="",1,CHOOSE($T$2,1-((R$1-$E42)/$F42),0.5))))*$T$1*(1-$D42) -> 0
A43: 42 | B43: 00001136 | C43: ME-2856 VW T5 MTF I | D43: 0 | E43: 2003 | F43: 10 | G43: =IF(ISBLANK(F43),"",+E43+F43-1) -> 2012 | H43: 1 | I43: 29330 | J43: =+I43*H43 -> 29330 | K43: MTF | L43: =+IF(L$1<$E43,0,IF(L$1>$G43,0,IF($F43="",0,IF(AND($J43<0,$T$3=1),0,$J43/$F43))))*(1-$D43) -> 0 | M43: =+IF(M$1<$E43,0,IF(M$1>$G43,0,IF($F43="",0,IF(AND($J43<0,$T$3=1),0,$J43/$F43))))*(1-$D43) -> 0 | N43: =+IF(N$1<$E43,0,IF(N$1>$G43,0,IF($F43="",0,IF(AND($J43<0,$T$3=1),0,$J43/$F43))))*(1-$D43) -> 0 | P43: =+IF(P$1<$E43,0,IF(P$1>$G43,0,$J43*IF($F43="",1,CHOOSE($T$2,1-((P$1-$E43)/$F43),0.5))))*$T$1*(1-$D43) -> 0 | Q43: =+IF(Q$1<$E43,0,IF(Q$1>$G43,0,$J43*IF($F43="",1,CHOOSE($T$2,1-((Q$1-$E43)/$F43),0.5))))*$T$1*(1-$D43) -> 0 | R43: =+IF(R$1<$E43,0,IF(R$1>$G43,0,$J43*IF($F43="",1,CHOOSE($T$2,1-((R$1-$E43)/$F43),0.5))))*$T$1*(1-$D43) -> 0
A44: 43 | B44: 00006565 | C44: ME-HA 2192 VW T5 MTF | D44: 0 | E44: 2015 | F44: 10 | G44: =IF(ISBLANK(F44),"",+E44+F44-1) -> 2024 | H44: 1 | I44: 47736.05 | J44: =+I44*H44 -> 47736.05 | K44: MTF | L44: =+IF(L$1<$E44,0,IF(L$1>$G44,0,IF($F44="",0,IF(AND($J44<0,$T$3=1),0,$J44/$F44))))*(1-$D44) -> 4773.605 | M44: =+IF(M$1<$E44,0,IF(M$1>$G44,0,IF($F44="",0,IF(AND($J44<0,$T$3=1),0,$J44/$F44))))*(1-$D44) -> 4773.605 | N44: =+IF(N$1<$E44,0,IF(N$1>$G44,0,IF($F44="",0,IF(AND($J44<0,$T$3=1),0,$J44/$F44))))*(1-$D44) -> 4773.605 | P44: =+IF(P$1<$E44,0,IF(P$1>$G44,0,$J44*IF($F44="",1,CHOOSE($T$2,1-((P$1-$E44)/$F44),0.5))))*$T$1*(1-$D44) -> 2792.5589 | Q44: =+IF(Q$1<$E44,0,IF(Q$1>$G44,0,$J44*IF($F44="",1,CHOOSE($T$2,1-((Q$1-$E44)/$F44),0.5))))*$T$1*(1-$D44) -> 2482.2746 | R44: =+IF(R$1<$E44,0,IF(R$1>$G44,0,$J44*IF($F44="",1,CHOOSE($T$2,1-((R$1-$E44)/$F44),0.5))))*$T$1*(1-$D44) -> 2171.9903
A45: 44 | B45: 00006614 | C45: Abstützsystem Paratech zu Rüstwagen | D45: 0 | E45: 2015 | F45: 10 | G45: =IF(ISBLANK(F45),"",+E45+F45-1) -> 2024 | H45: 1 | I45: 11168.12 | J45: =+I45*H45 -> 11168.12 | K45: RW | L45: =+IF(L$1<$E45,0,IF(L$1>$G45,0,IF($F45="",0,IF(AND($J45<0,$T$3=1),0,$J45/$F45))))*(1-$D45) -> 1116.812 | M45: =+IF(M$1<$E45,0,IF(M$1>$G45,0,IF($F45="",0,IF(AND($J45<0,$T$3=1),0,$J45/$F45))))*(1-$D45) -> 1116.812 | N45: =+IF(N$1<$E45,0,IF(N$1>$G45,0,IF($F45="",0,IF(AND($J45<0,$T$3=1),0,$J45/$F45))))*(1-$D45) -> 1116.812 | P45: =+IF(P$1<$E45,0,IF(P$1>$G45,0,$J45*IF($F45="",1,CHOOSE($T$2,1-((P$1-$E45)/$F45),0.5))))*$T$1*(1-$D45) -> 653.33502 | Q45: =+IF(Q$1<$E45,0,IF(Q$1>$G45,0,$J45*IF($F45="",1,CHOOSE($T$2,1-((Q$1-$E45)/$F45),0.5))))*$T$1*(1-$D45) -> 580.74224 | R45: =+IF(R$1<$E45,0,IF(R$1>$G45,0,$J45*IF($F45="",1,CHOOSE($T$2,1-((R$1-$E45)/$F45),0.5))))*$T$1*(1-$D45) -> 508.14946
A46: 45 | B46: 00002101 | C46: Hochdruckreiniger HDS 695M ECO FW | D46: 0 | E46: 2009 | F46: 10 | G46: =IF(ISBLANK(F46),"",+E46+F46-1) -> 2018 | H46: 1 | I46: 2507.33 | J46: =+I46*H46 -> 2507.33 | K46: Gb | L46: =+IF(L$1<$E46,0,IF(L$1>$G46,0,IF($F46="",0,IF(AND($J46<0,$T$3=1),0,$J46/$F46))))*(1-$D46) -> 250.733 | M46: =+IF(M$1<$E46,0,IF(M$1>$G46,0,IF($F46="",0,IF(AND($J46<0,$T$3=1),0,$J46/$F46))))*(1-$D46) -> 250.733 | N46: =+IF(N$1<$E46,0,IF(N$1>$G46,0,IF($F46="",0,IF(AND($J46<0,$T$3=1),0,$J46/$F46))))*(1-$D46) -> 250.733 | P46: =+IF(P$1<$E46,0,IF(P$1>$G46,0,$J46*IF($F46="",1,CHOOSE($T$2,1-((P$1-$E46)/$F46),0.5))))*$T$1*(1-$D46) -> 48.892935 | Q46: =+IF(Q$1<$E46,0,IF(Q$1>$G46,0,$J46*IF($F46="",1,CHOOSE($T$2,1-((Q$1-$E46)/$F46),0.5))))*$T$1*(1-$D46) -> 32.59529 | R46: =+IF(R$1<$E46,0,IF(R$1>$G46,0,$J46*IF($F46="",1,CHOOSE($T$2,1-((R$1-$E46)/$F46),0.5))))*$T$1*(1-$D46) -> 16.297645
A47: 46 | B47: 00002602 | C47: Akkuladestation Powerhouse Tuck Mount FW | D47: 0 | E47: 2010 | F47: 10 | G47: =IF(ISBLANK(F47),"",+E47+F47-1) -> 2019 | H47: 1 | I47: 831.81 | J47: =+I47*H47 -> 831.81 | K47: FZ | L47: =+IF(L$1<$E47,0,IF(L$1>$G47,0,IF($F47="",0,IF(AND($J47<0,$T$3=1),0,$J47/$F47))))*(1-$D47) -> 83.181 | M47: =+IF(M$1<$E47,0,IF(M$1>$G47,0,IF($F47="",0,IF(AND($J47<0,$T$3=1),0,$J47/$F47))))*(1-$D47) -> 83.181 | N47: =+IF(N$1<$E47,0,IF(N$1>$G47,0,IF($F47="",0,IF(AND($J47<0,$T$3=1),0,$J47/$F47))))*(1-$D47) -> 83.181 | P47: =+IF(P$1<$E47,0,IF(P$1>$G47,0,$J47*IF($F47="",1,CHOOSE($T$2,1-((P$1-$E47)/$F47),0.5))))*$T$1*(1-$D47) -> 21.62706 | Q47: =+IF(Q$1<$E47,0,IF(Q$1>$G47,0,$J47*IF($F47="",1,CHOOSE($T$2,1-((Q$1-$E47)/$F47),0.5))))*$T$1*(1-$D47) -> 16.220295 | R47: =+IF(R$1<$E47,0,IF(R$1>$G47,0,$J47*IF($F47="",1,CHOOSE($T$2,1-((R$1-$E47)/$F47),0.5))))*$T$1*(1-$D47) -> 10.81353
A48: 47 | B48: 00003315 | C48: Scheuersaugmaschine Hakomatic B45 CL, 32-4 | D48: 0 | E48: 2011 | F48: 10 | G48: =IF(ISBLANK(F48),"",+E48+F48-1) -> 2020 | H48: 0.75 | I48: 5365.02 | J48: =+I48*H48 -> 4023.765 | K48: Gb | L48: =+IF(L$1<$E48,0,IF(L$1>$G48,0,IF($F48="",0,IF(AND($J48<0,$T$3=1),0,$J48/$F48))))*(1-$D48) -> 402.3765 | M48: =+IF(M$1<$E48,0,IF(M$1>$G48,0,IF($F48="",0,IF(AND($J48<0,$T$3=1),0,$J48/$F48))))*(1-$D48) -> 402.3765 | N48: =+IF(N$1<$E48,0,IF(N$1>$G48,0,IF($F48="",0,IF(AND($J48<0,$T$3=1),0,$J48/$F48))))*(1-$D48) -> 402.3765 | P48: =+IF(P$1<$E48,0,IF(P$1>$G48,0,$J48*IF($F48="",1,CHOOSE($T$2,1-((P$1-$E48)/$F48),0.5))))*$T$1*(1-$D48) -> 130.77236 | Q48: =+IF(Q$1<$E48,0,IF(Q$1>$G48,0,$J48*IF($F48="",1,CHOOSE($T$2,1-((Q$1-$E48)/$F48),0.5))))*$T$1*(1-$D48) -> 104.61789 | R48: =+IF(R$1<$E48,0,IF(R$1>$G48,0,$J48*IF($F48="",1,CHOOSE($T$2,1-((R$1-$E48)/$F48),0.5))))*$T$1*(1-$D48) -> 78.463418
A49: 48 | B49: 00004981 | C49: Fahrgerüst aus Aluminium | D49: 0 | E49: 2012 | F49: 10 | G49: =IF(ISBLANK(F49),"",+E49+F49-1) -> 2021 | H49: 1 | I49: 2487.06 | J49: =+I49*H49 -> 2487.06 | K49: Gb | L49: =+IF(L$1<$E49,0,IF(L$1>$G49,0,IF($F49="",0,IF(AND($J49<0,$T$3=1),0,$J49/$F49))))*(1-$D49) -> 248.706 | M49: =+IF(M$1<$E49,0,IF(M$1>$G49,0,IF($F49="",0,IF(AND($J49<0,$T$3=1),0,$J49/$F49))))*(1-$D49) -> 248.706 | N49: =+IF(N$1<$E49,0,IF(N$1>$G49,0,IF($F49="",0,IF(AND($J49<0,$T$3=1),0,$J49/$F49))))*(1-$D49) -> 248.706 | P49: =+IF(P$1<$E49,0,IF(P$1>$G49,0,$J49*IF($F49="",1,CHOOSE($T$2,1-((P$1-$E49)/$F49),0.5))))*$T$1*(1-$D49) -> 96.99534 | Q49: =+IF(Q$1<$E49,0,IF(Q$1>$G49,0,$J49*IF($F49="",1,CHOOSE($T$2,1-((Q$1-$E49)/$F49),0.5))))*$T$1*(1-$D49) -> 80.82945 | R49: =+IF(R$1<$E49,0,IF(R$1>$G49,0,$J49*IF($F49="",1,CHOOSE($T$2,1-((R$1-$E49)/$F49),0.5))))*$T$1*(1-$D49) -> 64.66356
A50: 49 | B50: 00005575 | C50: Ladeautomatik Thyra 230 V (1/2) | D50: 0 | E50: 2013 | F50: 10 | G50: =IF(ISBLANK(F50),"",+E50+F50-1) -> 2022 | H50: 1 | I50: 658.85 | J50: =+I50*H50 -> 658.85 | K50: Gb | L50: =+IF(L$1<$E50,0,IF(L$1>$G50,0,IF($F50="",0,IF(AND($J50<0,$T$3=1),0,$J50/$F50))))*(1-$D50) -> 65.885 | M50: =+IF(M$1<$E50,0,IF(M$1>$G50,0,IF($F50="",0,IF(AND($J50<0,$T$3=1),0,$J50/$F50))))*(1-$D50) -> 65.885 | N50: =+IF(N$1<$E50,0,IF(N$1>$G50,0,IF($F50="",0,IF(AND($J50<0,$T$3=1),0,$J50/$F50))))*(1-$D50) -> 65.885 | P50: =+IF(P$1<$E50,0,IF(P$1>$G50,0,$J50*IF($F50="",1,CHOOSE($T$2,1-((P$1-$E50)/$F50),0.5))))*$T$1*(1-$D50) -> 29.977675 | Q50: =+IF(Q$1<$E50,0,IF(Q$1>$G50,0,$J50*IF($F50="",1,CHOOSE($T$2,1-((Q$1-$E50)/$F50),0.5))))*$T$1*(1-$D50) -> 25.69515 | R50: =+IF(R$1<$E50,0,IF(R$1>$G50,0,$J50*IF($F50="",1,CHOOSE($T$2,1-((R$1-$E50)/$F50),0.5))))*$T$1*(1-$D50) -> 21.412625
A51: 50 | B51: 00005576 | C51: Ladeautomatik Thyra 230 V (2/2) | D51: 0 | E51: 2013 | F51: 10 | G51: =IF(ISBLANK(F51),"",+E51+F51-1) -> 2022 | H51: 1 | I51: 766.38 | J51: =+I51*H51 -> 766.38 | K51: Gb | L51: =+IF(L$1<$E51,0,IF(L$1>$G51,0,IF($F51="",0,IF(AND($J51<0,$T$3=1),0,$J51/$F51))))*(1-$D51) -> 76.638 | M51: =+IF(M$1<$E51,0,IF(M$1>$G51,0,IF($F51="",0,IF(AND($J51<0,$T$3=1),0,$J51/$F51))))*(1-$D51) -> 76.638 | N51: =+IF(N$1<$E51,0,IF(N$1>$G51,0,IF($F51="",0,IF(AND($J51<0,$T$3=1),0,$J51/$F51))))*(1-$D51) -> 76.638 | P51: =+IF(P$1<$E51,0,IF(P$1>$G51,0,$J51*IF($F51="",1,CHOOSE($T$2,1-((P$1-$E51)/$F51),0.5))))*$T$1*(1-$D51) -> 34.87029 | Q51: =+IF(Q$1<$E51,0,IF(Q$1>$G51,0,$J51*IF($F51="",1,CHOOSE($T$2,1-((Q$1-$E51)/$F51),0.5))))*$T$1*(1-$D51) -> 29.88882 | R51: =+IF(R$1<$E51,0,IF(R$1>$G51,0,$J51*IF($F51="",1,CHOOSE($T$2,1-((R$1-$E51)/$F51),0.5))))*$T$1*(1-$D51) -> 24.90735
A52: 51 | B52: 00005724 | C52: Achstraverse ATB-14 (Zapfen D55) | D52: 0 | E52: 2014 | F52: 10 | G52: =IF(ISBLANK(F52),"",+E52+F52-1) -> 2023 | H52: 1 | I52: 1684.9 | J52: =+I52*H52 -> 1684.9 | K52: Gb | L52: =+IF(L$1<$E52,0,IF(L$1>$G52,0,IF($F52="",0,IF(AND($J52<0,$T$3=1),0,$J52/$F52))))*(1-$D52) -> 168.49 | M52: =+IF(M$1<$E52,0,IF(M$1>$G52,0,IF($F52="",0,IF(AND($J52<0,$T$3=1),0,$J52/$F52))))*(1-$D52) -> 168.49 | N52: =+IF(N$1<$E52,0,IF(N$1>$G52,0,IF($F52="",0,IF(AND($J52<0,$T$3=1),0,$J52/$F52))))*(1-$D52) -> 168.49 | P52: =+IF(P$1<$E52,0,IF(P$1>$G52,0,$J52*IF($F52="",1,CHOOSE($T$2,1-((P$1-$E52)/$F52),0.5))))*$T$1*(1-$D52) -> 87.6148 | Q52: =+IF(Q$1<$E52,0,IF(Q$1>$G52,0,$J52*IF($F52="",1,CHOOSE($T$2,1-((Q$1-$E52)/$F52),0.5))))*$T$1*(1-$D52) -> 76.66295 | R52: =+IF(R$1<$E52,0,IF(R$1>$G52,0,$J52*IF($F52="",1,CHOOSE($T$2,1-((R$1-$E52)/$F52),0.5))))*$T$1*(1-$D52) -> 65.7111
A53: 52 | B53: 00002089 | C53: Bodenauffangwanne 168l mit Rost Feuerwehr | D53: 0 | E53: 2009 | F53: 15 | G53: =IF(ISBLANK(F53),"",+E53+F53-1) -> 2023 | H53: 1 | I53: 571.44 | J53: =+I53*H53 -> 571.44 | K53: Gb | L53: =+IF(L$1<$E53,0,IF(L$1>$G53,0,IF($F53="",0,IF(AND($J53<0,$T$3=1),0,$J53/$F53))))*(1-$D53) -> 38.096 | M53: =+IF(M$1<$E53,0,IF(M$1>$G53,0,IF($F53="",0,IF(AND($J53<0,$T$3=1),0,$J53/$F53))))*(1-$D53) -> 38.096 | N53: =+IF(N$1<$E53,0,IF(N$1>$G53,0,IF($F53="",0,IF(AND($J53<0,$T$3=1),0,$J53/$F53))))*(1-$D53) -> 38.096 | P53: =+IF(P$1<$E53,0,IF(P$1>$G53,0,$J53*IF($F53="",1,CHOOSE($T$2,1-((P$1-$E53)/$F53),0.5))))*$T$1*(1-$D53) -> 19.80992 | Q53: =+IF(Q$1<$E53,0,IF(Q$1>$G53,0,$J53*IF($F53="",1,CHOOSE($T$2,1-((Q$1-$E53)/$F53),0.5))))*$T$1*(1-$D53) -> 17.33368 | R53: =+IF(R$1<$E53,0,IF(R$1>$G53,0,$J53*IF($F53="",1,CHOOSE($T$2,1-((R$1-$E53)/$F53),0.5))))*$T$1*(1-$D53) -> 14.85744
A54: 53 | B54: 00004977 | C54: MIG Inverter Fabricatpr 18li Schweißgerät | D54: 0 | E54: 2012 | F54: 15 | G54: =IF(ISBLANK(F54),"",+E54+F54-1) -> 2026 | H54: 1 | I54: 1369.99 | J54: =+I54*H54 -> 1369.99 | K54: Gb | L54: =+IF(L$1<$E54,0,IF(L$1>$G54,0,IF($F54="",0,IF(AND($J54<0,$T$3=1),0,$J54/$F54))))*(1-$D54) -> 91.332667 | M54: =+IF(M$1<$E54,0,IF(M$1>$G54,0,IF($F54="",0,IF(AND($J54<0,$T$3=1),0,$J54/$F54))))*(1-$D54) -> 91.332667 | N54: =+IF(N$1<$E54,0,IF(N$1>$G54,0,IF($F54="",0,IF(AND($J54<0,$T$3=1),0,$J54/$F54))))*(1-$D54) -> 91.332667 | P54: =+IF(P$1<$E54,0,IF(P$1>$G54,0,$J54*IF($F54="",1,CHOOSE($T$2,1-((P$1-$E54)/$F54),0.5))))*$T$1*(1-$D54) -> 65.302857 | Q54: =+IF(Q$1<$E54,0,IF(Q$1>$G54,0,$J54*IF($F54="",1,CHOOSE($T$2,1-((Q$1-$E54)/$F54),0.5))))*$T$1*(1-$D54) -> 59.366233 | R54: =+IF(R$1<$E54,0,IF(R$1>$G54,0,$J54*IF($F54="",1,CHOOSE($T$2,1-((R$1-$E54)/$F54),0.5))))*$T$1*(1-$D54) -> 53.42961
... A63: 62 | B63: 00005723 | C63: WL 850 CSA WassersPEnder | D63: 0 | E63: 2014 | F63: 5 | G63: =IF(ISBLANK(F63),"",+E63+F63-1) -> 2018 | H63: 1 | I63: 1860.09 | J63: =+I63*H63 -> 1860.09 | K63: Gb | L63: =+IF(L$1<$E63,0,IF(L$1>$G63,0,IF($F63="",0,IF(AND($J63<0,$T$3=1),0,$J63/$F63))))*(1-$D63) -> 372.018 | M63: =+IF(M$1<$E63,0,IF(M$1>$G63,0,IF($F63="",0,IF(AND($J63<0,$T$3=1),0,$J63/$F63))))*(1-$D63) -> 372.018 | N63: =+IF(N$1<$E63,0,IF(N$1>$G63,0,IF($F63="",0,IF(AND($J63<0,$T$3=1),0,$J63/$F63))))*(1-$D63) -> 372.018 | P63: =+IF(P$1<$E63,0,IF(P$1>$G63,0,$J63*IF($F63="",1,CHOOSE($T$2,1-((P$1-$E63)/$F63),0.5))))*$T$1*(1-$D63) -> 72.54351 | Q63: =+IF(Q$1<$E63,0,IF(Q$1>$G63,0,$J63*IF($F63="",1,CHOOSE($T$2,1-((Q$1-$E63)/$F63),0.5))))*$T$1*(1-$D63) -> 48.36234 | R63: =+IF(R$1<$E63,0,IF(R$1>$G63,0,$J63*IF($F63="",1,CHOOSE($T$2,1-((R$1-$E63)/$F63),0.5))))*$T$1*(1-$D63) -> 24.18117
A64: 63 | B64: 110011 | C64: Tische | D64: 0 | E64: 2011 | F64: 20 | G64: =IF(ISBLANK(F64),"",+E64+F64-1) -> 2030 | H64: 1 | I64: 6022.86 | J64: =+I64*H64 -> 6022.86 | K64: Gb | L64: =+IF(L$1<$E64,0,IF(L$1>$G64,0,IF($F64="",0,IF(AND($J64<0,$T$3=1),0,$J64/$F64))))*(1-$D64) -> 0 | M64: =+IF(M$1<$E64,0,IF(M$1>$G64,0,IF($F64="",0,IF(AND($J64<0,$T$3=1),0,$J64/$F64))))*(1-$D64) -> 0 | N64: =+IF(N$1<$E64,0,IF(N$1>$G64,0,IF($F64="",0,IF(AND($J64<0,$T$3=1),0,$J64/$F64))))*(1-$D64) -> 0 | P64: =+IF(P$1<$E64,0,IF(P$1>$G64,0,$J64*IF($F64="",1,CHOOSE($T$2,1-((P$1-$E64)/$F64),0.5))))*$T$1*(1-$D64) -> 0 | Q64: =+IF(Q$1<$E64,0,IF(Q$1>$G64,0,$J64*IF($F64="",1,CHOOSE($T$2,1-((Q$1-$E64)/$F64),0.5))))*$T$1*(1-$D64) -> 0 | R64: =+IF(R$1<$E64,0,IF(R$1>$G64,0,$J64*IF($F64="",1,CHOOSE($T$2,1-((R$1-$E64)/$F64),0.5))))*$T$1*(1-$D64) -> 0
A65: 64 | B65: 110021 | C65: Stühle | D65: 0 | E65: 2009 | F65: 20 | G65: =IF(ISBLANK(F65),"",+E65+F65-1) -> 2028 | H65: 1 | I65: 12648.6 | J65: =+I65*H65 -> 12648.6 | K65: Gb | L65: =+IF(L$1<$E65,0,IF(L$1>$G65,0,IF($F65="",0,IF(AND($J65<0,$T$3=1),0,$J65/$F65))))*(1-$D65) -> 0 | M65: =+IF(M$1<$E65,0,IF(M$1>$G65,0,IF($F65="",0,IF(AND($J65<0,$T$3=1),0,$J65/$F65))))*(1-$D65) -> 0 | N65: =+IF(N$1<$E65,0,IF(N$1>$G65,0,IF($F65="",0,IF(AND($J65<0,$T$3=1),0,$J65/$F65))))*(1-$D65) -> 0 | P65: =+IF(P$1<$E65,0,IF(P$1>$G65,0,$J65*IF($F65="",1,CHOOSE($T$2,1-((P$1-$E65)/$F65),0.5))))*$T$1*(1-$D65) -> 0 | Q65: =+IF(Q$1<$E65,0,IF(Q$1>$G65,0,$J65*IF($F65="",1,CHOOSE($T$2,1-((Q$1-$E65)/$F65),0.5))))*$T$1*(1-$D65) -> 0 | R65: =+IF(R$1<$E65,0,IF(R$1>$G65,0,$J65*IF($F65="",1,CHOOSE($T$2,1-((R$1-$E65)/$F65),0.5))))*$T$1*(1-$D65) -> 0
A66: 65 | B66: 110031 | C66: Schränke/Regale | D66: 0 | E66: 2009 | F66: 20 | G66: =IF(ISBLANK(F66),"",+E66+F66-1) -> 2028 | H66: 1 | I66: 47714.91 | J66: =+I66*H66 -> 47714.91 | K66: Gb | L66: =+IF(L$1<$E66,0,IF(L$1>$G66,0,IF($F66="",0,IF(AND($J66<0,$T$3=1),0,$J66/$F66))))*(1-$D66) -> 0 | M66: =+IF(M$1<$E66,0,IF(M$1>$G66,0,IF($F66="",0,IF(AND($J66<0,$T$3=1),0,$J66/$F66))))*(1-$D66) -> 0 | N66: =+IF(N$1<$E66,0,IF(N$1>$G66,0,IF($F66="",0,IF(AND($J66<0,$T$3=1),0,$J66/$F66))))*(1-$D66) -> 0 | P66: =+IF(P$1<$E66,0,IF(P$1>$G66,0,$J66*IF($F66="",1,CHOOSE($T$2,1-((P$1-$E66)/$F66),0.5))))*$T$1*(1-$D66) -> 0 | Q66: =+IF(Q$1<$E66,0,IF(Q$1>$G66,0,$J66*IF($F66="",1,CHOOSE($T$2,1-((Q$1-$E66)/$F66),0.5))))*$T$1*(1-$D66) -> 0 | R66: =+IF(R$1<$E66,0,IF(R$1>$G66,0,$J66*IF($F66="",1,CHOOSE($T$2,1-((R$1-$E66)/$F66),0.5))))*$T$1*(1-$D66) -> 0
A67: 66 | B67: 110072 | C67: Küchen | D67: 0 | E67: 2011 | F67: 18 | G67: =IF(ISBLANK(F67),"",+E67+F67-1) -> 2028 | H67: 1 | I67: 74317.2 | J67: =+I67*H67 -> 74317.2 | K67: Gb | L67: =+IF(L$1<$E67,0,IF(L$1>$G67,0,IF($F67="",0,IF(AND($J67<0,$T$3=1),0,$J67/$F67))))*(1-$D67) -> 0 | M67: =+IF(M$1<$E67,0,IF(M$1>$G67,0,IF($F67="",0,IF(AND($J67<0,$T$3=1),0,$J67/$F67))))*(1-$D67) -> 0 | N67: =+IF(N$1<$E67,0,IF(N$1>$G67,0,IF($F67="",0,IF(AND($J67<0,$T$3=1),0,$J67/$F67))))*(1-$D67) -> 0 | P67: =+IF(P$1<$E67,0,IF(P$1>$G67,0,$J67*IF($F67="",1,CHOOSE($T$2,1-((P$1-$E67)/$F67),0.5))))*$T$1*(1-$D67) -> 0 | Q67: =+IF(Q$1<$E67,0,IF(Q$1>$G67,0,$J67*IF($F67="",1,CHOOSE($T$2,1-((Q$1-$E67)/$F67),0.5))))*$T$1*(1-$D67) -> 0 | R67: =+IF(R$1<$E67,0,IF(R$1>$G67,0,$J67*IF($F67="",1,CHOOSE($T$2,1-((R$1-$E67)/$F67),0.5))))*$T$1*(1-$D67) -> 0
A68: 67 | B68: 110073 | C68: Küchengroßgeräte | D68: 0 | E68: 2011 | F68: 10 | G68: =IF(ISBLANK(F68),"",+E68+F68-1) -> 2020 | H68: 1 | I68: 23199.37 | J68: =+I68*H68 -> 23199.37 | K68: Gb | L68: =+IF(L$1<$E68,0,IF(L$1>$G68,0,IF($F68="",0,IF(AND($J68<0,$T$3=1),0,$J68/$F68))))*(1-$D68) -> 0 | M68: =+IF(M$1<$E68,0,IF(M$1>$G68,0,IF($F68="",0,IF(AND($J68<0,$T$3=1),0,$J68/$F68))))*(1-$D68) -> 0 | N68: =+IF(N$1<$E68,0,IF(N$1>$G68,0,IF($F68="",0,IF(AND($J68<0,$T$3=1),0,$J68/$F68))))*(1-$D68) -> 0 | P68: =+IF(P$1<$E68,0,IF(P$1>$G68,0,$J68*IF($F68="",1,CHOOSE($T$2,1-((P$1-$E68)/$F68),0.5))))*$T$1*(1-$D68) -> 0 | Q68: =+IF(Q$1<$E68,0,IF(Q$1>$G68,0,$J68*IF($F68="",1,CHOOSE($T$2,1-((Q$1-$E68)/$F68),0.5))))*$T$1*(1-$D68) -> 0 | R68: =+IF(R$1<$E68,0,IF(R$1>$G68,0,$J68*IF($F68="",1,CHOOSE($T$2,1-((R$1-$E68)/$F68),0.5))))*$T$1*(1-$D68) -> 0
A69: 68 | B69: 110082 | C69: Sonstige Ausstattung | D69: 0 | E69: 2011 | F69: 10 | G69: =IF(ISBLANK(F69),"",+E69+F69-1) -> 2020 | H69: 1 | I69: 3213.82 | J69: =+I69*H69 -> 3213.82 | K69: Gb | L69: =+IF(L$1<$E69,0,IF(L$1>$G69,0,IF($F69="",0,IF(AND($J69<0,$T$3=1),0,$J69/$F69))))*(1-$D69) -> 0 | M69: =+IF(M$1<$E69,0,IF(M$1>$G69,0,IF($F69="",0,IF(AND($J69<0,$T$3=1),0,$J69/$F69))))*(1-$D69) -> 0 | N69: =+IF(N$1<$E69,0,IF(N$1>$G69,0,IF($F69="",0,IF(AND($J69<0,$T$3=1),0,$J69/$F69))))*(1-$D69) -> 0 | P69: =+IF(P$1<$E69,0,IF(P$1>$G69,0,$J69*IF($F69="",1,CHOOSE($T$2,1-((P$1-$E69)/$F69),0.5))))*$T$1*(1-$D69) -> 0 | Q69: =+IF(Q$1<$E69,0,IF(Q$1>$G69,0,$J69*IF($F69="",1,CHOOSE($T$2,1-((Q$1-$E69)/$F69),0.5))))*$T$1*(1-$D69) -> 0 | R69: =+IF(R$1<$E69,0,IF(R$1>$G69,0,$J69*IF($F69="",1,CHOOSE($T$2,1-((R$1-$E69)/$F69),0.5))))*$T$1*(1-$D69) -> 0
A70: 69 | B70: 110095 | C70: Werkstatt-/FW-Einrichtung PPP | D70: 0 | E70: 2011 | F70: 15 | G70: =IF(ISBLANK(F70),"",+E70+F70-1) -> 2025 | H70: =100%-15% -> 0.85 | I70: 649531.33 | J70: =+I70*H70 -> 552101.63 | K70: Gb | L70: =+IF(L$1<$E70,0,IF(L$1>$G70,0,IF($F70="",0,IF(AND($J70<0,$T$3=1),0,$J70/$F70))))*(1-$D70) -> 0 | M70: =+IF(M$1<$E70,0,IF(M$1>$G70,0,IF($F70="",0,IF(AND($J70<0,$T$3=1),0,$J70/$F70))))*(1-$D70) -> 0 | N70: =+IF(N$1<$E70,0,IF(N$1>$G70,0,IF($F70="",0,IF(AND($J70<0,$T$3=1),0,$J70/$F70))))*(1-$D70) -> 0 | P70: =+IF(P$1<$E70,0,IF(P$1>$G70,0,$J70*IF($F70="",1,CHOOSE($T$2,1-((P$1-$E70)/$F70),0.5))))*$T$1*(1-$D70) -> 0 | Q70: =+IF(Q$1<$E70,0,IF(Q$1>$G70,0,$J70*IF($F70="",1,CHOOSE($T$2,1-((Q$1-$E70)/$F70),0.5))))*$T$1*(1-$D70) -> 0 | R70: =+IF(R$1<$E70,0,IF(R$1>$G70,0,$J70*IF($F70="",1,CHOOSE($T$2,1-((R$1-$E70)/$F70),0.5))))*$T$1*(1-$D70) -> 0
A71: 70 | B71: 115005 | C71: Computer | D71: 0 | E71: 2011 | F71: 4 | G71: =IF(ISBLANK(F71),"",+E71+F71-1) -> 2014 | H71: 1 | I71: 2525.82 | J71: =+I71*H71 -> 2525.82 | K71: VW | L71: =+IF(L$1<$E71,0,IF(L$1>$G71,0,IF($F71="",0,IF(AND($J71<0,$T$3=1),0,$J71/$F71))))*(1-$D71) -> 0 | M71: =+IF(M$1<$E71,0,IF(M$1>$G71,0,IF($F71="",0,IF(AND($J71<0,$T$3=1),0,$J71/$F71))))*(1-$D71) -> 0 | N71: =+IF(N$1<$E71,0,IF(N$1>$G71,0,IF($F71="",0,IF(AND($J71<0,$T$3=1),0,$J71/$F71))))*(1-$D71) -> 0 | P71: =+IF(P$1<$E71,0,IF(P$1>$G71,0,$J71*IF($F71="",1,CHOOSE($T$2,1-((P$1-$E71)/$F71),0.5))))*$T$1*(1-$D71) -> 0 | Q71: =+IF(Q$1<$E71,0,IF(Q$1>$G71,0,$J71*IF($F71="",1,CHOOSE($T$2,1-((Q$1-$E71)/$F71),0.5))))*$T$1*(1-$D71) -> 0 | R71: =+IF(R$1<$E71,0,IF(R$1>$G71,0,$J71*IF($F71="",1,CHOOSE($T$2,1-((R$1-$E71)/$F71),0.5))))*$T$1*(1-$D71) -> 0
A72: 71 | B72: 115010 | C72: Server | D72: 0 | E72: 2014 | F72: 4 | G72: =IF(ISBLANK(F72),"",+E72+F72-1) -> 2017 | H72: 1 | I72: 13858.53 | J72: =+I72*H72 -> 13858.53 | K72: VW | L72: =+IF(L$1<$E72,0,IF(L$1>$G72,0,IF($F72="",0,IF(AND($J72<0,$T$3=1),0,$J72/$F72))))*(1-$D72) -> 0 | M72: =+IF(M$1<$E72,0,IF(M$1>$G72,0,IF($F72="",0,IF(AND($J72<0,$T$3=1),0,$J72/$F72))))*(1-$D72) -> 0 | N72: =+IF(N$1<$E72,0,IF(N$1>$G72,0,IF($F72="",0,IF(AND($J72<0,$T$3=1),0,$J72/$F72))))*(1-$D72) -> 0 | P72: =+IF(P$1<$E72,0,IF(P$1>$G72,0,$J72*IF($F72="",1,CHOOSE($T$2,1-((P$1-$E72)/$F72),0.5))))*$T$1*(1-$D72) -> 0 | Q72: =+IF(Q$1<$E72,0,IF(Q$1>$G72,0,$J72*IF($F72="",1,CHOOSE($T$2,1-((Q$1-$E72)/$F72),0.5))))*$T$1*(1-$D72) -> 0 | R72: =+IF(R$1<$E72,0,IF(R$1>$G72,0,$J72*IF($F72="",1,CHOOSE($T$2,1-((R$1-$E72)/$F72),0.5))))*$T$1*(1-$D72) -> 0
A73: 72 | B73: 115015 | C73: Laptops | D73: 0 | E73: 2010 | F73: 4 | G73: =IF(ISBLANK(F73),"",+E73+F73-1) -> 2013 | H73: 1 | I73: 971.04 | J73: =+I73*H73 -> 971.04 | K73: VW | L73: =+IF(L$1<$E73,0,IF(L$1>$G73,0,IF($F73="",0,IF(AND($J73<0,$T$3=1),0,$J73/$F73))))*(1-$D73) -> 0 | M73: =+IF(M$1<$E73,0,IF(M$1>$G73,0,IF($F73="",0,IF(AND($J73<0,$T$3=1),0,$J73/$F73))))*(1-$D73) -> 0 | N73: =+IF(N$1<$E73,0,IF(N$1>$G73,0,IF($F73="",0,IF(AND($J73<0,$T$3=1),0,$J73/$F73))))*(1-$D73) -> 0 | P73: =+IF(P$1<$E73,0,IF(P$1>$G73,0,$J73*IF($F73="",1,CHOOSE($T$2,1-((P$1-$E73)/$F73),0.5))))*$T$1*(1-$D73) -> 0 | Q73: =+IF(Q$1<$E73,0,IF(Q$1>$G73,0,$J73*IF($F73="",1,CHOOSE($T$2,1-((Q$1-$E73)/$F73),0.5))))*$T$1*(1-$D73) -> 0 | R73: =+IF(R$1<$E73,0,IF(R$1>$G73,0,$J73*IF($F73="",1,CHOOSE($T$2,1-((R$1-$E73)/$F73),0.5))))*$T$1*(1-$D73) -> 0
A74: 73 | B74: 115025 | C74: PEripheriegeräte | D74: 0 | E74: 2012 | F74: 4 | G74: =IF(ISBLANK(F74),"",+E74+F74-1) -> 2015 | H74: 1 | I74: 1244.75 | J74: =+I74*H74 -> 1244.75 | K74: VW | L74: =+IF(L$1<$E74,0,IF(L$1>$G74,0,IF($F74="",0,IF(AND($J74<0,$T$3=1),0,$J74/$F74))))*(1-$D74) -> 0 | M74: =+IF(M$1<$E74,0,IF(M$1>$G74,0,IF($F74="",0,IF(AND($J74<0,$T$3=1),0,$J74/$F74))))*(1-$D74) -> 0 | N74: =+IF(N$1<$E74,0,IF(N$1>$G74,0,IF($F74="",0,IF(AND($J74<0,$T$3=1),0,$J74/$F74))))*(1-$D74) -> 0 | P74: =+IF(P$1<$E74,0,IF(P$1>$G74,0,$J74*IF($F74="",1,CHOOSE($T$2,1-((P$1-$E74)/$F74),0.5))))*$T$1*(1-$D74) -> 0 | Q74: =+IF(Q$1<$E74,0,IF(Q$1>$G74,0,$J74*IF($F74="",1,CHOOSE($T$2,1-((Q$1-$E74)/$F74),0.5))))*$T$1*(1-$D74) -> 0 | R74: =+IF(R$1<$E74,0,IF(R$1>$G74,0,$J74*IF($F74="",1,CHOOSE($T$2,1-((R$1-$E74)/$F74),0.5))))*$T$1*(1-$D74) -> 0
A75: 74 | B75: 115050 | C75: Verteilung | D75: 0 | E75: 2013 | F75: 4 | G75: =IF(ISBLANK(F75),"",+E75+F75-1) -> 2016 | H75: 1 | I75: 1175.72 | J75: =+I75*H75 -> 1175.72 | K75: VW | L75: =+IF(L$1<$E75,0,IF(L$1>$G75,0,IF($F75="",0,IF(AND($J75<0,$T$3=1),0,$J75/$F75))))*(1-$D75) -> 293.93 | M75: =+IF(M$1<$E75,0,IF(M$1>$G75,0,IF($F75="",0,IF(AND($J75<0,$T$3=1),0,$J75/$F75))))*(1-$D75) -> 0 | N75: =+IF(N$1<$E75,0,IF(N$1>$G75,0,IF($F75="",0,IF(AND($J75<0,$T$3=1),0,$J75/$F75))))*(1-$D75) -> 0 | P75: =+IF(P$1<$E75,0,IF(P$1>$G75,0,$J75*IF($F75="",1,CHOOSE($T$2,1-((P$1-$E75)/$F75),0.5))))*$T$1*(1-$D75) -> 19.10545 | Q75: =+IF(Q$1<$E75,0,IF(Q$1>$G75,0,$J75*IF($F75="",1,CHOOSE($T$2,1-((Q$1-$E75)/$F75),0.5))))*$T$1*(1-$D75) -> 0 | R75: =+IF(R$1<$E75,0,IF(R$1>$G75,0,$J75*IF($F75="",1,CHOOSE($T$2,1-((R$1-$E75)/$F75),0.5))))*$T$1*(1-$D75) -> 0
A76: 75 | B76: 115070 | C76: Sonstige Hardware | D76: 0 | E76: 2014 | F76: 5 | G76: =IF(ISBLANK(F76),"",+E76+F76-1) -> 2018 | H76: 1 | I76: 45722.21 | J76: =+I76*H76 -> 45722.21 | K76: VW | L76: =+IF(L$1<$E76,0,IF(L$1>$G76,0,IF($F76="",0,IF(AND($J76<0,$T$3=1),0,$J76/$F76))))*(1-$D76) -> 9144.442 | M76: =+IF(M$1<$E76,0,IF(M$1>$G76,0,IF($F76="",0,IF(AND($J76<0,$T$3=1),0,$J76/$F76))))*(1-$D76) -> 9144.442 | N76: =+IF(N$1<$E76,0,IF(N$1>$G76,0,IF($F76="",0,IF(AND($J76<0,$T$3=1),0,$J76/$F76))))*(1-$D76) -> 9144.442 | P76: =+IF(P$1<$E76,0,IF(P$1>$G76,0,$J76*IF($F76="",1,CHOOSE($T$2,1-((P$1-$E76)/$F76),0.5))))*$T$1*(1-$D76) -> 1783.1662 | Q76: =+IF(Q$1<$E76,0,IF(Q$1>$G76,0,$J76*IF($F76="",1,CHOOSE($T$2,1-((Q$1-$E76)/$F76),0.5))))*$T$1*(1-$D76) -> 1188.7775 | R76: =+IF(R$1<$E76,0,IF(R$1>$G76,0,$J76*IF($F76="",1,CHOOSE($T$2,1-((R$1-$E76)/$F76),0.5))))*$T$1*(1-$D76) -> 594.38873
A77: 76 | B77: 401002 | C77: Software | D77: 0 | E77: 2014 | F77: 5 | G77: =IF(ISBLANK(F77),"",+E77+F77-1) -> 2018 | H77: 1 | I77: 25216.77 | J77: =+I77*H77 -> 25216.77 | K77: VW | L77: =+IF(L$1<$E77,0,IF(L$1>$G77,0,IF($F77="",0,IF(AND($J77<0,$T$3=1),0,$J77/$F77))))*(1-$D77) -> 0 | M77: =+IF(M$1<$E77,0,IF(M$1>$G77,0,IF($F77="",0,IF(AND($J77<0,$T$3=1),0,$J77/$F77))))*(1-$D77) -> 0 | N77: =+IF(N$1<$E77,0,IF(N$1>$G77,0,IF($F77="",0,IF(AND($J77<0,$T$3=1),0,$J77/$F77))))*(1-$D77) -> 0 | P77: =+IF(P$1<$E77,0,IF(P$1>$G77,0,$J77*IF($F77="",1,CHOOSE($T$2,1-((P$1-$E77)/$F77),0.5))))*$T$1*(1-$D77) -> 0 | Q77: =+IF(Q$1<$E77,0,IF(Q$1>$G77,0,$J77*IF($F77="",1,CHOOSE($T$2,1-((Q$1-$E77)/$F77),0.5))))*$T$1*(1-$D77) -> 0 | R77: =+IF(R$1<$E77,0,IF(R$1>$G77,0,$J77*IF($F77="",1,CHOOSE($T$2,1-((R$1-$E77)/$F77),0.5))))*$T$1*(1-$D77) -> 0
A78: 77 | B78: 401003 | C78: Software/Lizenzen | D78: 0 | E78: 2015 | F78: 5 | G78: =IF(ISBLANK(F78),"",+E78+F78-1) -> 2019 | H78: 1 | I78: 15009.08 | J78: =+I78*H78 -> 15009.08 | K78: VW | L78: =+IF(L$1<$E78,0,IF(L$1>$G78,0,IF($F78="",0,IF(AND($J78<0,$T$3=1),0,$J78/$F78))))*(1-$D78) -> 3001.816 | M78: =+IF(M$1<$E78,0,IF(M$1>$G78,0,IF($F78="",0,IF(AND($J78<0,$T$3=1),0,$J78/$F78))))*(1-$D78) -> 3001.816 | N78: =+IF(N$1<$E78,0,IF(N$1>$G78,0,IF($F78="",0,IF(AND($J78<0,$T$3=1),0,$J78/$F78))))*(1-$D78) -> 3001.816 | P78: =+IF(P$1<$E78,0,IF(P$1>$G78,0,$J78*IF($F78="",1,CHOOSE($T$2,1-((P$1-$E78)/$F78),0.5))))*$T$1*(1-$D78) -> 780.47216 | Q78: =+IF(Q$1<$E78,0,IF(Q$1>$G78,0,$J78*IF($F78="",1,CHOOSE($T$2,1-((Q$1-$E78)/$F78),0.5))))*$T$1*(1-$D78) -> 585.35412 | R78: =+IF(R$1<$E78,0,IF(R$1>$G78,0,$J78*IF($F78="",1,CHOOSE($T$2,1-((R$1-$E78)/$F78),0.5))))*$T$1*(1-$D78) -> 390.23608
A79: 78 | B79: 125015 | C79: Audio-/Fernsehgeräte | D79: 0 | E79: 2011 | F79: 7 | G79: =IF(ISBLANK(F79),"",+E79+F79-1) -> 2017 | H79: 1 | I79: 2862.27 | J79: =+I79*H79 -> 2862.27 | K79: VW | L79: =+IF(L$1<$E79,0,IF(L$1>$G79,0,IF($F79="",0,IF(AND($J79<0,$T$3=1),0,$J79/$F79))))*(1-$D79) -> 0 | M79: =+IF(M$1<$E79,0,IF(M$1>$G79,0,IF($F79="",0,IF(AND($J79<0,$T$3=1),0,$J79/$F79))))*(1-$D79) -> 0 | N79: =+IF(N$1<$E79,0,IF(N$1>$G79,0,IF($F79="",0,IF(AND($J79<0,$T$3=1),0,$J79/$F79))))*(1-$D79) -> 0 | P79: =+IF(P$1<$E79,0,IF(P$1>$G79,0,$J79*IF($F79="",1,CHOOSE($T$2,1-((P$1-$E79)/$F79),0.5))))*$T$1*(1-$D79) -> 0 | Q79: =+IF(Q$1<$E79,0,IF(Q$1>$G79,0,$J79*IF($F79="",1,CHOOSE($T$2,1-((Q$1-$E79)/$F79),0.5))))*$T$1*(1-$D79) -> 0 | R79: =+IF(R$1<$E79,0,IF(R$1>$G79,0,$J79*IF($F79="",1,CHOOSE($T$2,1-((R$1-$E79)/$F79),0.5))))*$T$1*(1-$D79) -> 0
A80: 79 | B80: 135030 | C80: Projektionsgeräte | D80: 0 | E80: 2011 | F80: 10 | G80: =IF(ISBLANK(F80),"",+E80+F80-1) -> 2020 | H80: 1 | I80: 18795.74 | J80: =+I80*H80 -> 18795.74 | K80: VW | L80: =+IF(L$1<$E80,0,IF(L$1>$G80,0,IF($F80="",0,IF(AND($J80<0,$T$3=1),0,$J80/$F80))))*(1-$D80) -> 0 | M80: =+IF(M$1<$E80,0,IF(M$1>$G80,0,IF($F80="",0,IF(AND($J80<0,$T$3=1),0,$J80/$F80))))*(1-$D80) -> 0 | N80: =+IF(N$1<$E80,0,IF(N$1>$G80,0,IF($F80="",0,IF(AND($J80<0,$T$3=1),0,$J80/$F80))))*(1-$D80) -> 0 | P80: =+IF(P$1<$E80,0,IF(P$1>$G80,0,$J80*IF($F80="",1,CHOOSE($T$2,1-((P$1-$E80)/$F80),0.5))))*$T$1*(1-$D80) -> 0 | Q80: =+IF(Q$1<$E80,0,IF(Q$1>$G80,0,$J80*IF($F80="",1,CHOOSE($T$2,1-((Q$1-$E80)/$F80),0.5))))*$T$1*(1-$D80) -> 0 | R80: =+IF(R$1<$E80,0,IF(R$1>$G80,0,$J80*IF($F80="",1,CHOOSE($T$2,1-((R$1-$E80)/$F80),0.5))))*$T$1*(1-$D80) -> 0
A81: 80 | B81: 140010 | C81: Mobilfunkgeräte | D81: 0 | E81: 2010 | F81: 5 | G81: =IF(ISBLANK(F81),"",+E81+F81-1) -> 2014 | H81: 1 | I81: 60865.82 | J81: =+I81*H81 -> 60865.82 | K81: VW | L81: =+IF(L$1<$E81,0,IF(L$1>$G81,0,IF($F81="",0,IF(AND($J81<0,$T$3=1),0,$J81/$F81))))*(1-$D81) -> 0 | M81: =+IF(M$1<$E81,0,IF(M$1>$G81,0,IF($F81="",0,IF(AND($J81<0,$T$3=1),0,$J81/$F81))))*(1-$D81) -> 0 | N81: =+IF(N$1<$E81,0,IF(N$1>$G81,0,IF($F81="",0,IF(AND($J81<0,$T$3=1),0,$J81/$F81))))*(1-$D81) -> 0 | P81: =+IF(P$1<$E81,0,IF(P$1>$G81,0,$J81*IF($F81="",1,CHOOSE($T$2,1-((P$1-$E81)/$F81),0.5))))*$T$1*(1-$D81) -> 0 | Q81: =+IF(Q$1<$E81,0,IF(Q$1>$G81,0,$J81*IF($F81="",1,CHOOSE($T$2,1-((Q$1-$E81)/$F81),0.5))))*$T$1*(1-$D81) -> 0 | R81: =+IF(R$1<$E81,0,IF(R$1>$G81,0,$J81*IF($F81="",1,CHOOSE($T$2,1-((R$1-$E81)/$F81),0.5))))*$T$1*(1-$D81) -> 0
A82: 81 | C82: Grund+Boden gesamt ohne RD | D82: 0 | E82: 1979 | G82: =IF(ISBLANK(F82),"",+E82+F82-1) | H82: =100%-20.94% -> 0.7906 | I82: 722724 | J82: =+I82*H82 -> 571385.59 | K82: Gb | L82: =+IF(L$1<$E82,0,IF(L$1>$G82,0,IF($F82="",0,IF(AND($J82<0,$T$3=1),0,$J82/$F82))))*(1-$D82) -> 0 | M82: =+IF(M$1<$E82,0,IF(M$1>$G82,0,IF($F82="",0,IF(AND($J82<0,$T$3=1),0,$J82/$F82))))*(1-$D82) -> 0 | N82: =+IF(N$1<$E82,0,IF(N$1>$G82,0,IF($F82="",0,IF(AND($J82<0,$T$3=1),0,$J82/$F82))))*(1-$D82) -> 0 | P82: =+IF(P$1<$E82,0,IF(P$1>$G82,0,$J82*IF($F82="",1,CHOOSE($T$2,1-((P$1-$E82)/$F82),0.5))))*$T$1*(1-$D82) -> 37140.064 | Q82: =+IF(Q$1<$E82,0,IF(Q$1>$G82,0,$J82*IF($F82="",1,CHOOSE($T$2,1-((Q$1-$E82)/$F82),0.5))))*$T$1*(1-$D82) -> 37140.064 | R82: =+IF(R$1<$E82,0,IF(R$1>$G82,0,$J82*IF($F82="",1,CHOOSE($T$2,1-((R$1-$E82)/$F82),0.5))))*$T$1*(1-$D82) -> 37140.064
A83: 82 | B83: 320041 | C83: Fertiggarage | D83: 0 | E83: 1997 | F83: 30 | G83: =IF(ISBLANK(F83),"",+E83+F83-1) -> 2026 | H83: 1 | I83: 3000 | J83: =+I83*H83 -> 3000 | K83: Gb | L83: =+IF(L$1<$E83,0,IF(L$1>$G83,0,IF($F83="",0,IF(AND($J83<0,$T$3=1),0,$J83/$F83))))*(1-$D83) -> 0 | M83: =+IF(M$1<$E83,0,IF(M$1>$G83,0,IF($F83="",0,IF(AND($J83<0,$T$3=1),0,$J83/$F83))))*(1-$D83) -> 0 | N83: =+IF(N$1<$E83,0,IF(N$1>$G83,0,IF($F83="",0,IF(AND($J83<0,$T$3=1),0,$J83/$F83))))*(1-$D83) -> 0 | P83: =+IF(P$1<$E83,0,IF(P$1>$G83,0,$J83*IF($F83="",1,CHOOSE($T$2,1-((P$1-$E83)/$F83),0.5))))*$T$1*(1-$D83) -> 0 | Q83: =+IF(Q$1<$E83,0,IF(Q$1>$G83,0,$J83*IF($F83="",1,CHOOSE($T$2,1-((Q$1-$E83)/$F83),0.5))))*$T$1*(1-$D83) -> 0 | R83: =+IF(R$1<$E83,0,IF(R$1>$G83,0,$J83*IF($F83="",1,CHOOSE($T$2,1-((R$1-$E83)/$F83),0.5))))*$T$1*(1-$D83) -> 0
A84: 83 | B84: 320043 | C84: Gerätehaus | D84: 0 | E84: 1967 | F84: 60 | G84: =IF(ISBLANK(F84),"",+E84+F84-1) -> 2026 | H84: 1 | I84: 544552 | J84: =+I84*H84 -> 544552 | K84: Gb | L84: =+IF(L$1<$E84,0,IF(L$1>$G84,0,IF($F84="",0,IF(AND($J84<0,$T$3=1),0,$J84/$F84))))*(1-$D84) -> 0 | M84: =+IF(M$1<$E84,0,IF(M$1>$G84,0,IF($F84="",0,IF(AND($J84<0,$T$3=1),0,$J84/$F84))))*(1-$D84) -> 0 | N84: =+IF(N$1<$E84,0,IF(N$1>$G84,0,IF($F84="",0,IF(AND($J84<0,$T$3=1),0,$J84/$F84))))*(1-$D84) -> 0 | P84: =+IF(P$1<$E84,0,IF(P$1>$G84,0,$J84*IF($F84="",1,CHOOSE($T$2,1-((P$1-$E84)/$F84),0.5))))*$T$1*(1-$D84) -> 0 | Q84: =+IF(Q$1<$E84,0,IF(Q$1>$G84,0,$J84*IF($F84="",1,CHOOSE($T$2,1-((Q$1-$E84)/$F84),0.5))))*$T$1*(1-$D84) -> 0 | R84: =+IF(R$1<$E84,0,IF(R$1>$G84,0,$J84*IF($F84="",1,CHOOSE($T$2,1-((R$1-$E84)/$F84),0.5))))*$T$1*(1-$D84) -> 0
A85: 84 | B85: 320043 | C85: Feuerwehrgebäude | D85: 0 | E85: 1967 | F85: 60 | G85: =IF(ISBLANK(F85),"",+E85+F85-1) -> 2026 | H85: 1 | I85: 246781 | J85: =+I85*H85 -> 246781 | K85: Gb | L85: =+IF(L$1<$E85,0,IF(L$1>$G85,0,IF($F85="",0,IF(AND($J85<0,$T$3=1),0,$J85/$F85))))*(1-$D85) -> 0 | M85: =+IF(M$1<$E85,0,IF(M$1>$G85,0,IF($F85="",0,IF(AND($J85<0,$T$3=1),0,$J85/$F85))))*(1-$D85) -> 0 | N85: =+IF(N$1<$E85,0,IF(N$1>$G85,0,IF($F85="",0,IF(AND($J85<0,$T$3=1),0,$J85/$F85))))*(1-$D85) -> 0 | P85: =+IF(P$1<$E85,0,IF(P$1>$G85,0,$J85*IF($F85="",1,CHOOSE($T$2,1-((P$1-$E85)/$F85),0.5))))*$T$1*(1-$D85) -> 0 | Q85: =+IF(Q$1<$E85,0,IF(Q$1>$G85,0,$J85*IF($F85="",1,CHOOSE($T$2,1-((Q$1-$E85)/$F85),0.5))))*$T$1*(1-$D85) -> 0 | R85: =+IF(R$1<$E85,0,IF(R$1>$G85,0,$J85*IF($F85="",1,CHOOSE($T$2,1-((R$1-$E85)/$F85),0.5))))*$T$1*(1-$D85) -> 0
A86: 85 | B86: 320043 | C86: Außenanlage | D86: 0 | E86: 1967 | F86: 60 | G86: =IF(ISBLANK(F86),"",+E86+F86-1) -> 2026 | H86: 1 | I86: 15000 | J86: =+I86*H86 -> 15000 | K86: Gb | L86: =+IF(L$1<$E86,0,IF(L$1>$G86,0,IF($F86="",0,IF(AND($J86<0,$T$3=1),0,$J86/$F86))))*(1-$D86) -> 0 | M86: =+IF(M$1<$E86,0,IF(M$1>$G86,0,IF($F86="",0,IF(AND($J86<0,$T$3=1),0,$J86/$F86))))*(1-$D86) -> 0 | N86: =+IF(N$1<$E86,0,IF(N$1>$G86,0,IF($F86="",0,IF(AND($J86<0,$T$3=1),0,$J86/$F86))))*(1-$D86) -> 0 | P86: =+IF(P$1<$E86,0,IF(P$1>$G86,0,$J86*IF($F86="",1,CHOOSE($T$2,1-((P$1-$E86)/$F86),0.5))))*$T$1*(1-$D86) -> 0 | Q86: =+IF(Q$1<$E86,0,IF(Q$1>$G86,0,$J86*IF($F86="",1,CHOOSE($T$2,1-((Q$1-$E86)/$F86),0.5))))*$T$1*(1-$D86) -> 0 | R86: =+IF(R$1<$E86,0,IF(R$1>$G86,0,$J86*IF($F86="",1,CHOOSE($T$2,1-((R$1-$E86)/$F86),0.5))))*$T$1*(1-$D86) -> 0
A87: 86 | B87: 320043 | C87: Neubau Feuerwehr (KT Stadt Haan) | D87: 0 | E87: 2011 | F87: 60 | G87: =IF(ISBLANK(F87),"",+E87+F87-1) -> 2070 | H87: 1 | I87: 331001.75 | J87: =+I87*H87 -> 331001.75 | K87: Gb | L87: =+IF(L$1<$E87,0,IF(L$1>$G87,0,IF($F87="",0,IF(AND($J87<0,$T$3=1),0,$J87/$F87))))*(1-$D87) -> 5516.6958 | M87: =+IF(M$1<$E87,0,IF(M$1>$G87,0,IF($F87="",0,IF(AND($J87<0,$T$3=1),0,$J87/$F87))))*(1-$D87) -> 5516.6958 | N87: =+IF(N$1<$E87,0,IF(N$1>$G87,0,IF($F87="",0,IF(AND($J87<0,$T$3=1),0,$J87/$F87))))*(1-$D87) -> 5516.6958 | P87: =+IF(P$1<$E87,0,IF(P$1>$G87,0,$J87*IF($F87="",1,CHOOSE($T$2,1-((P$1-$E87)/$F87),0.5))))*$T$1*(1-$D87) -> 19722.188 | Q87: =+IF(Q$1<$E87,0,IF(Q$1>$G87,0,$J87*IF($F87="",1,CHOOSE($T$2,1-((Q$1-$E87)/$F87),0.5))))*$T$1*(1-$D87) -> 19363.602 | R87: =+IF(R$1<$E87,0,IF(R$1>$G87,0,$J87*IF($F87="",1,CHOOSE($T$2,1-((R$1-$E87)/$F87),0.5))))*$T$1*(1-$D87) -> 19005.017
A88: 87 | B88: 320043 | C88: Neubau Feuerwehr PPP | D88: 0 | E88: 2011 | F88: 60 | G88: =IF(ISBLANK(F88),"",+E88+F88-1) -> 2070 | H88: =100%-28.2% -> 0.718 | I88: 6411714.4 | J88: =+I88*H88 -> 4603610.9 | K88: Gb | L88: =+IF(L$1<$E88,0,IF(L$1>$G88,0,IF($F88="",0,IF(AND($J88<0,$T$3=1),0,$J88/$F88))))*(1-$D88) -> 76726.849 | M88: =+IF(M$1<$E88,0,IF(M$1>$G88,0,IF($F88="",0,IF(AND($J88<0,$T$3=1),0,$J88/$F88))))*(1-$D88) -> 76726.849 | N88: =+IF(N$1<$E88,0,IF(N$1>$G88,0,IF($F88="",0,IF(AND($J88<0,$T$3=1),0,$J88/$F88))))*(1-$D88) -> 76726.849 | P88: =+IF(P$1<$E88,0,IF(P$1>$G88,0,$J88*IF($F88="",1,CHOOSE($T$2,1-((P$1-$E88)/$F88),0.5))))*$T$1*(1-$D88) -> 274298.48 | Q88: =+IF(Q$1<$E88,0,IF(Q$1>$G88,0,$J88*IF($F88="",1,CHOOSE($T$2,1-((Q$1-$E88)/$F88),0.5))))*$T$1*(1-$D88) -> 269311.24 | R88: =+IF(R$1<$E88,0,IF(R$1>$G88,0,$J88*IF($F88="",1,CHOOSE($T$2,1-((R$1-$E88)/$F88),0.5))))*$T$1*(1-$D88) -> 264323.99
A89: 88 | B89: 320047 | C89: Außenanlage PPP | D89: 0 | E89: 2011 | F89: 15 | G89: =IF(ISBLANK(F89),"",+E89+F89-1) -> 2025 | H89: =100%-28.2% -> 0.718 | I89: 134805.58 | J89: =+I89*H89 -> 96790.406 | K89: Gb | L89: =+IF(L$1<$E89,0,IF(L$1>$G89,0,IF($F89="",0,IF(AND($J89<0,$T$3=1),0,$J89/$F89))))*(1-$D89) -> 6452.6938 | M89: =+IF(M$1<$E89,0,IF(M$1>$G89,0,IF($F89="",0,IF(AND($J89<0,$T$3=1),0,$J89/$F89))))*(1-$D89) -> 6452.6938 | N89: =+IF(N$1<$E89,0,IF(N$1>$G89,0,IF($F89="",0,IF(AND($J89<0,$T$3=1),0,$J89/$F89))))*(1-$D89) -> 6452.6938 | P89: =+IF(P$1<$E89,0,IF(P$1>$G89,0,$J89*IF($F89="",1,CHOOSE($T$2,1-((P$1-$E89)/$F89),0.5))))*$T$1*(1-$D89) -> 4194.2509 | Q89: =+IF(Q$1<$E89,0,IF(Q$1>$G89,0,$J89*IF($F89="",1,CHOOSE($T$2,1-((Q$1-$E89)/$F89),0.5))))*$T$1*(1-$D89) -> 3774.8259 | R89: =+IF(R$1<$E89,0,IF(R$1>$G89,0,$J89*IF($F89="",1,CHOOSE($T$2,1-((R$1-$E89)/$F89),0.5))))*$T$1*(1-$D89) -> 3355.4008
A90: 89 | B90: 320048 | C90: befestigte Außenflächen PPP | D90: 0 | E90: 2011 | F90: 35 | G90: =IF(ISBLANK(F90),"",+E90+F90-1) -> 2045 | H90: =100%-28.2% -> 0.718 | I90: 279022.87 | J90: =+I90*H90 -> 200338.42 | K90: Gb | L90: =+IF(L$1<$E90,0,IF(L$1>$G90,0,IF($F90="",0,IF(AND($J90<0,$T$3=1),0,$J90/$F90))))*(1-$D90) -> 5723.9549 | M90: =+IF(M$1<$E90,0,IF(M$1>$G90,0,IF($F90="",0,IF(AND($J90<0,$T$3=1),0,$J90/$F90))))*(1-$D90) -> 5723.9549 | N90: =+IF(N$1<$E90,0,IF(N$1>$G90,0,IF($F90="",0,IF(AND($J90<0,$T$3=1),0,$J90/$F90))))*(1-$D90) -> 5723.9549 | P90: =+IF(P$1<$E90,0,IF(P$1>$G90,0,$J90*IF($F90="",1,CHOOSE($T$2,1-((P$1-$E90)/$F90),0.5))))*$T$1*(1-$D90) -> 11161.712 | Q90: =+IF(Q$1<$E90,0,IF(Q$1>$G90,0,$J90*IF($F90="",1,CHOOSE($T$2,1-((Q$1-$E90)/$F90),0.5))))*$T$1*(1-$D90) -> 10789.655 | R90: =+IF(R$1<$E90,0,IF(R$1>$G90,0,$J90*IF($F90="",1,CHOOSE($T$2,1-((R$1-$E90)/$F90),0.5))))*$T$1*(1-$D90) -> 10417.598
A91: 90 | B91: 270010 | C91: Leitstellenzentrale PPP | D91: 0 | E91: 2011 | F91: 10 | G91: =IF(ISBLANK(F91),"",+E91+F91-1) -> 2020 | H91: =100%-28.2% -> 0.718 | I91: 2935.78 | J91: =+I91*H91 -> 2107.89 | K91: Gb | L91: =+IF(L$1<$E91,0,IF(L$1>$G91,0,IF($F91="",0,IF(AND($J91<0,$T$3=1),0,$J91/$F91))))*(1-$D91) -> 210.789 | M91: =+IF(M$1<$E91,0,IF(M$1>$G91,0,IF($F91="",0,IF(AND($J91<0,$T$3=1),0,$J91/$F91))))*(1-$D91) -> 210.789 | N91: =+IF(N$1<$E91,0,IF(N$1>$G91,0,IF($F91="",0,IF(AND($J91<0,$T$3=1),0,$J91/$F91))))*(1-$D91) -> 210.789 | P91: =+IF(P$1<$E91,0,IF(P$1>$G91,0,$J91*IF($F91="",1,CHOOSE($T$2,1-((P$1-$E91)/$F91),0.5))))*$T$1*(1-$D91) -> 68.506426 | Q91: =+IF(Q$1<$E91,0,IF(Q$1>$G91,0,$J91*IF($F91="",1,CHOOSE($T$2,1-((Q$1-$E91)/$F91),0.5))))*$T$1*(1-$D91) -> 54.805141 | R91: =+IF(R$1<$E91,0,IF(R$1>$G91,0,$J91*IF($F91="",1,CHOOSE($T$2,1-((R$1-$E91)/$F91),0.5))))*$T$1*(1-$D91) -> 41.103856
A92: 91 | B92: 270010 | C92: Telekomm.anlage PPP | D92: 0 | E92: 2011 | F92: 10 | G92: =IF(ISBLANK(F92),"",+E92+F92-1) -> 2020 | H92: =100%-28.2% -> 0.718 | I92: 7444.64 | J92: =+I92*H92 -> 5345.2515 | K92: Gb | L92: =+IF(L$1<$E92,0,IF(L$1>$G92,0,IF($F92="",0,IF(AND($J92<0,$T$3=1),0,$J92/$F92))))*(1-$D92) -> 534.52515 | M92: =+IF(M$1<$E92,0,IF(M$1>$G92,0,IF($F92="",0,IF(AND($J92<0,$T$3=1),0,$J92/$F92))))*(1-$D92) -> 534.52515 | N92: =+IF(N$1<$E92,0,IF(N$1>$G92,0,IF($F92="",0,IF(AND($J92<0,$T$3=1),0,$J92/$F92))))*(1-$D92) -> 534.52515 | P92: =+IF(P$1<$E92,0,IF(P$1>$G92,0,$J92*IF($F92="",1,CHOOSE($T$2,1-((P$1-$E92)/$F92),0.5))))*$T$1*(1-$D92) -> 173.72067 | Q92: =+IF(Q$1<$E92,0,IF(Q$1>$G92,0,$J92*IF($F92="",1,CHOOSE($T$2,1-((Q$1-$E92)/$F92),0.5))))*$T$1*(1-$D92) -> 138.97654 | R92: =+IF(R$1<$E92,0,IF(R$1>$G92,0,$J92*IF($F92="",1,CHOOSE($T$2,1-((R$1-$E92)/$F92),0.5))))*$T$1*(1-$D92) -> 104.2324
A93: 92 | B93: 270010 | C93: Such-/Signalanlage PPP | D93: 0 | E93: 2011 | F93: 10 | G93: =IF(ISBLANK(F93),"",+E93+F93-1) -> 2020 | H93: =100%-28.2% -> 0.718 | I93: 8827.42 | J93: =+I93*H93 -> 6338.0876 | K93: Gb | L93: =+IF(L$1<$E93,0,IF(L$1>$G93,0,IF($F93="",0,IF(AND($J93<0,$T$3=1),0,$J93/$F93))))*(1-$D93) -> 633.80876 | M93: =+IF(M$1<$E93,0,IF(M$1>$G93,0,IF($F93="",0,IF(AND($J93<0,$T$3=1),0,$J93/$F93))))*(1-$D93) -> 633.80876 | N93: =+IF(N$1<$E93,0,IF(N$1>$G93,0,IF($F93="",0,IF(AND($J93<0,$T$3=1),0,$J93/$F93))))*(1-$D93) -> 633.80876 | P93: =+IF(P$1<$E93,0,IF(P$1>$G93,0,$J93*IF($F93="",1,CHOOSE($T$2,1-((P$1-$E93)/$F93),0.5))))*$T$1*(1-$D93) -> 205.98785 | Q93: =+IF(Q$1<$E93,0,IF(Q$1>$G93,0,$J93*IF($F93="",1,CHOOSE($T$2,1-((Q$1-$E93)/$F93),0.5))))*$T$1*(1-$D93) -> 164.79028 | R93: =+IF(R$1<$E93,0,IF(R$1>$G93,0,$J93*IF($F93="",1,CHOOSE($T$2,1-((R$1-$E93)/$F93),0.5))))*$T$1*(1-$D93) -> 123.59271
A94: 93 | B94: 270010 | C94: Zeitdienstanlage PPP | D94: 0 | E94: 2011 | F94: 10 | G94: =IF(ISBLANK(F94),"",+E94+F94-1) -> 2020 | H94: =100%-28.2% -> 0.718 | I94: 13662.39 | J94: =+I94*H94 -> 9809.596 | K94: Gb | L94: =+IF(L$1<$E94,0,IF(L$1>$G94,0,IF($F94="",0,IF(AND($J94<0,$T$3=1),0,$J94/$F94))))*(1-$D94) -> 980.9596 | M94: =+IF(M$1<$E94,0,IF(M$1>$G94,0,IF($F94="",0,IF(AND($J94<0,$T$3=1),0,$J94/$F94))))*(1-$D94) -> 980.9596 | N94: =+IF(N$1<$E94,0,IF(N$1>$G94,0,IF($F94="",0,IF(AND($J94<0,$T$3=1),0,$J94/$F94))))*(1-$D94) -> 980.9596 | P94: =+IF(P$1<$E94,0,IF(P$1>$G94,0,$J94*IF($F94="",1,CHOOSE($T$2,1-((P$1-$E94)/$F94),0.5))))*$T$1*(1-$D94) -> 318.81187 | Q94: =+IF(Q$1<$E94,0,IF(Q$1>$G94,0,$J94*IF($F94="",1,CHOOSE($T$2,1-((Q$1-$E94)/$F94),0.5))))*$T$1*(1-$D94) -> 255.0495 | R94: =+IF(R$1<$E94,0,IF(R$1>$G94,0,$J94*IF($F94="",1,CHOOSE($T$2,1-((R$1-$E94)/$F94),0.5))))*$T$1*(1-$D94) -> 191.28712
A95: 94 | B95: 270010 | C95: Elektroakustische Anlage PPP | D95: 0 | E95: 2011 | F95: 10 | G95: =IF(ISBLANK(F95),"",+E95+F95-1) -> 2020 | H95: =100%-28.2% -> 0.718 | I95: 16068.57 | J95: =+I95*H95 -> 11537.233 | K95: Gb | L95: =+IF(L$1<$E95,0,IF(L$1>$G95,0,IF($F95="",0,IF(AND($J95<0,$T$3=1),0,$J95/$F95))))*(1-$D95) -> 1153.7233 | M95: =+IF(M$1<$E95,0,IF(M$1>$G95,0,IF($F95="",0,IF(AND($J95<0,$T$3=1),0,$J95/$F95))))*(1-$D95) -> 1153.7233 | N95: =+IF(N$1<$E95,0,IF(N$1>$G95,0,IF($F95="",0,IF(AND($J95<0,$T$3=1),0,$J95/$F95))))*(1-$D95) -> 1153.7233 | P95: =+IF(P$1<$E95,0,IF(P$1>$G95,0,$J95*IF($F95="",1,CHOOSE($T$2,1-((P$1-$E95)/$F95),0.5))))*$T$1*(1-$D95) -> 374.96008 | Q95: =+IF(Q$1<$E95,0,IF(Q$1>$G95,0,$J95*IF($F95="",1,CHOOSE($T$2,1-((Q$1-$E95)/$F95),0.5))))*$T$1*(1-$D95) -> 299.96806 | R95: =+IF(R$1<$E95,0,IF(R$1>$G95,0,$J95*IF($F95="",1,CHOOSE($T$2,1-((R$1-$E95)/$F95),0.5))))*$T$1*(1-$D95) -> 224.97605
A96: 95 | B96: 270010 | C96: Fernseh-/Antennenanlage PPP | D96: 0 | E96: 2011 | F96: 10 | G96: =IF(ISBLANK(F96),"",+E96+F96-1) -> 2020 | H96: =100%-28.2% -> 0.718 | I96: 33256.93 | J96: =+I96*H96 -> 23878.476 | K96: Gb | L96: =+IF(L$1<$E96,0,IF(L$1>$G96,0,IF($F96="",0,IF(AND($J96<0,$T$3=1),0,$J96/$F96))))*(1-$D96) -> 2387.8476 | M96: =+IF(M$1<$E96,0,IF(M$1>$G96,0,IF($F96="",0,IF(AND($J96<0,$T$3=1),0,$J96/$F96))))*(1-$D96) -> 2387.8476 | N96: =+IF(N$1<$E96,0,IF(N$1>$G96,0,IF($F96="",0,IF(AND($J96<0,$T$3=1),0,$J96/$F96))))*(1-$D96) -> 2387.8476 | P96: =+IF(P$1<$E96,0,IF(P$1>$G96,0,$J96*IF($F96="",1,CHOOSE($T$2,1-((P$1-$E96)/$F96),0.5))))*$T$1*(1-$D96) -> 776.05046 | Q96: =+IF(Q$1<$E96,0,IF(Q$1>$G96,0,$J96*IF($F96="",1,CHOOSE($T$2,1-((Q$1-$E96)/$F96),0.5))))*$T$1*(1-$D96) -> 620.84037 | R96: =+IF(R$1<$E96,0,IF(R$1>$G96,0,$J96*IF($F96="",1,CHOOSE($T$2,1-((R$1-$E96)/$F96),0.5))))*$T$1*(1-$D96) -> 465.63028
A97: 96 | B97: 270010 | C97: Alarmanlage PPP | D97: 0 | E97: 2011 | F97: 10 | G97: =IF(ISBLANK(F97),"",+E97+F97-1) -> 2020 | H97: =100%-28.2% -> 0.718 | I97: 58891.91 | J97: =+I97*H97 -> 42284.391 | K97: Gb | L97: =+IF(L$1<$E97,0,IF(L$1>$G97,0,IF($F97="",0,IF(AND($J97<0,$T$3=1),0,$J97/$F97))))*(1-$D97) -> 4228.4391 | M97: =+IF(M$1<$E97,0,IF(M$1>$G97,0,IF($F97="",0,IF(AND($J97<0,$T$3=1),0,$J97/$F97))))*(1-$D97) -> 4228.4391 | N97: =+IF(N$1<$E97,0,IF(N$1>$G97,0,IF($F97="",0,IF(AND($J97<0,$T$3=1),0,$J97/$F97))))*(1-$D97) -> 4228.4391 | P97: =+IF(P$1<$E97,0,IF(P$1>$G97,0,$J97*IF($F97="",1,CHOOSE($T$2,1-((P$1-$E97)/$F97),0.5))))*$T$1*(1-$D97) -> 1374.2427 | Q97: =+IF(Q$1<$E97,0,IF(Q$1>$G97,0,$J97*IF($F97="",1,CHOOSE($T$2,1-((Q$1-$E97)/$F97),0.5))))*$T$1*(1-$D97) -> 1099.3942 | R97: =+IF(R$1<$E97,0,IF(R$1>$G97,0,$J97*IF($F97="",1,CHOOSE($T$2,1-((R$1-$E97)/$F97),0.5))))*$T$1*(1-$D97) -> 824.54563
A98: 97 | B98: 270010 | C98: Informationstechnische Anlage PPP | D98: 0 | E98: 2011 | F98: 10 | G98: =IF(ISBLANK(F98),"",+E98+F98-1) -> 2020 | H98: =100%-28.2% -> 0.718 | I98: 14896.42 | J98: =+I98*H98 -> 10695.63 | K98: Gb | L98: =+IF(L$1<$E98,0,IF(L$1>$G98,0,IF($F98="",0,IF(AND($J98<0,$T$3=1),0,$J98/$F98))))*(1-$D98) -> 1069.563 | M98: =+IF(M$1<$E98,0,IF(M$1>$G98,0,IF($F98="",0,IF(AND($J98<0,$T$3=1),0,$J98/$F98))))*(1-$D98) -> 1069.563 | N98: =+IF(N$1<$E98,0,IF(N$1>$G98,0,IF($F98="",0,IF(AND($J98<0,$T$3=1),0,$J98/$F98))))*(1-$D98) -> 1069.563 | P98: =+IF(P$1<$E98,0,IF(P$1>$G98,0,$J98*IF($F98="",1,CHOOSE($T$2,1-((P$1-$E98)/$F98),0.5))))*$T$1*(1-$D98) -> 347.60796 | Q98: =+IF(Q$1<$E98,0,IF(Q$1>$G98,0,$J98*IF($F98="",1,CHOOSE($T$2,1-((Q$1-$E98)/$F98),0.5))))*$T$1*(1-$D98) -> 278.08637 | R98: =+IF(R$1<$E98,0,IF(R$1>$G98,0,$J98*IF($F98="",1,CHOOSE($T$2,1-((R$1-$E98)/$F98),0.5))))*$T$1*(1-$D98) -> 208.56478
A99: 98 | B99: 270010 | C99: Gebäudeautomation Netzwerk PPP | D99: 0 | E99: 2011 | F99: 10 | G99: =IF(ISBLANK(F99),"",+E99+F99-1) -> 2020 | H99: =100%-28.2% -> 0.718 | I99: 226107.14 | J99: =+I99*H99 -> 162344.93 | K99: Gb | L99: =+IF(L$1<$E99,0,IF(L$1>$G99,0,IF($F99="",0,IF(AND($J99<0,$T$3=1),0,$J99/$F99))))*(1-$D99) -> 16234.493 | M99: =+IF(M$1<$E99,0,IF(M$1>$G99,0,IF($F99="",0,IF(AND($J99<0,$T$3=1),0,$J99/$F99))))*(1-$D99) -> 16234.493 | N99: =+IF(N$1<$E99,0,IF(N$1>$G99,0,IF($F99="",0,IF(AND($J99<0,$T$3=1),0,$J99/$F99))))*(1-$D99) -> 16234.493 | P99: =+IF(P$1<$E99,0,IF(P$1>$G99,0,$J99*IF($F99="",1,CHOOSE($T$2,1-((P$1-$E99)/$F99),0.5))))*$T$1*(1-$D99) -> 5276.2101 | Q99: =+IF(Q$1<$E99,0,IF(Q$1>$G99,0,$J99*IF($F99="",1,CHOOSE($T$2,1-((Q$1-$E99)/$F99),0.5))))*$T$1*(1-$D99) -> 4220.9681 | R99: =+IF(R$1<$E99,0,IF(R$1>$G99,0,$J99*IF($F99="",1,CHOOSE($T$2,1-((R$1-$E99)/$F99),0.5))))*$T$1*(1-$D99) -> 3165.7261
... A101: 100 | B101: 270011 | C101: Übertragungsnetz PPP | D101: 0 | E101: 2011 | F101: 20 | G101: =IF(ISBLANK(F101),"",+E101+F101-1) -> 2030 | H101: =100%-28.2% -> 0.718 | I101: 12594.96 | J101: =+I101*H101 -> 9043.1813 | K101: Gb | L101: =+IF(L$1<$E101,0,IF(L$1>$G101,0,IF($F101="",0,IF(AND($J101<0,$T$3=1),0,$J101/$F101))))*(1-$D101) -> 452.15906 | M101: =+IF(M$1<$E101,0,IF(M$1>$G101,0,IF($F101="",0,IF(AND($J101<0,$T$3=1),0,$J101/$F101))))*(1-$D101) -> 452.15906 | N101: =+IF(N$1<$E101,0,IF(N$1>$G101,0,IF($F101="",0,IF(AND($J101<0,$T$3=1),0,$J101/$F101))))*(1-$D101) -> 452.15906 | P101: =+IF(P$1<$E101,0,IF(P$1>$G101,0,$J101*IF($F101="",1,CHOOSE($T$2,1-((P$1-$E101)/$F101),0.5))))*$T$1*(1-$D101) -> 440.85509 | Q101: =+IF(Q$1<$E101,0,IF(Q$1>$G101,0,$J101*IF($F101="",1,CHOOSE($T$2,1-((Q$1-$E101)/$F101),0.5))))*$T$1*(1-$D101) -> 411.46475 | R101: =+IF(R$1<$E101,0,IF(R$1>$G101,0,$J101*IF($F101="",1,CHOOSE($T$2,1-((R$1-$E101)/$F101),0.5))))*$T$1*(1-$D101) -> 382.07441
A102: 101 | B102: 320043 | C102: Feuerwehrgebäude Gruiten | D102: 0 | E102: 1979 | F102: 60 | G102: =IF(ISBLANK(F102),"",+E102+F102-1) -> 2038 | H102: 1 | I102: 238824 | J102: =+I102*H102 -> 238824 | K102: Gb | L102: =+IF(L$1<$E102,0,IF(L$1>$G102,0,IF($F102="",0,IF(AND($J102<0,$T$3=1),0,$J102/$F102))))*(1-$D102) -> 3980.4 | M102: =+IF(M$1<$E102,0,IF(M$1>$G102,0,IF($F102="",0,IF(AND($J102<0,$T$3=1),0,$J102/$F102))))*(1-$D102) -> 3980.4 | N102: =+IF(N$1<$E102,0,IF(N$1>$G102,0,IF($F102="",0,IF(AND($J102<0,$T$3=1),0,$J102/$F102))))*(1-$D102) -> 3980.4 | P102: =+IF(P$1<$E102,0,IF(P$1>$G102,0,$J102*IF($F102="",1,CHOOSE($T$2,1-((P$1-$E102)/$F102),0.5))))*$T$1*(1-$D102) -> 5950.698 | Q102: =+IF(Q$1<$E102,0,IF(Q$1>$G102,0,$J102*IF($F102="",1,CHOOSE($T$2,1-((Q$1-$E102)/$F102),0.5))))*$T$1*(1-$D102) -> 5691.972 | R102: =+IF(R$1<$E102,0,IF(R$1>$G102,0,$J102*IF($F102="",1,CHOOSE($T$2,1-((R$1-$E102)/$F102),0.5))))*$T$1*(1-$D102) -> 5433.246
A103: 102 | B103: 320043 | C103: Außenanlage Gruiten | D103: 0 | E103: 1979 | F103: 60 | G103: =IF(ISBLANK(F103),"",+E103+F103-1) -> 2038 | H103: 1 | I103: 8000 | J103: =+I103*H103 -> 8000 | K103: Gb | L103: =+IF(L$1<$E103,0,IF(L$1>$G103,0,IF($F103="",0,IF(AND($J103<0,$T$3=1),0,$J103/$F103))))*(1-$D103) -> 133.33333 | M103: =+IF(M$1<$E103,0,IF(M$1>$G103,0,IF($F103="",0,IF(AND($J103<0,$T$3=1),0,$J103/$F103))))*(1-$D103) -> 133.33333 | N103: =+IF(N$1<$E103,0,IF(N$1>$G103,0,IF($F103="",0,IF(AND($J103<0,$T$3=1),0,$J103/$F103))))*(1-$D103) -> 133.33333 | P103: =+IF(P$1<$E103,0,IF(P$1>$G103,0,$J103*IF($F103="",1,CHOOSE($T$2,1-((P$1-$E103)/$F103),0.5))))*$T$1*(1-$D103) -> 199.33333 | Q103: =+IF(Q$1<$E103,0,IF(Q$1>$G103,0,$J103*IF($F103="",1,CHOOSE($T$2,1-((Q$1-$E103)/$F103),0.5))))*$T$1*(1-$D103) -> 190.66667 | R103: =+IF(R$1<$E103,0,IF(R$1>$G103,0,$J103*IF($F103="",1,CHOOSE($T$2,1-((R$1-$E103)/$F103),0.5))))*$T$1*(1-$D103) -> 182
K105: Summe | L105: =SUM(L2:L104) -> 248864.95 | M105: =SUM(M2:M104) -> 248571.02 | N105: =SUM(N2:N104) -> 236454.9 | P105: =SUM(P2:P104) -> 445454.69 | Q105: =SUM(Q2:Q104) -> 429278.47 | R105: =SUM(R2:R104) -> 413121.35
L108: =+L1 -> 2016 | M108: =+M1 -> 2017 | N108: =+N1 -> 2018 | P108: =+P1 -> 2016 | Q108: =+Q1 -> 2017 | R108: =+R1 -> 2018
J109: Abschreibungen / Zinsen | K109: =+Legende!B2 -> FZ | L109: =+SUMIF($K$2:$K$103,$K109,L$2:L$103) -> 4756.611 | M109: =+SUMIF($K$2:$K$103,$K109,M$2:M$103) -> 4756.611 | N109: =+SUMIF($K$2:$K$103,$K109,N$2:N$103) -> 4599.1398 | P109: =+SUMIF($K$2:$K$103,$K109,P$2:P$103) -> 2156.5497 | Q109: =+SUMIF($K$2:$K$103,$K109,Q$2:Q$103) -> 1847.37 | R109: =+SUMIF($K$2:$K$103,$K109,R$2:R$103) -> 1538.1903
J110: Abschreibungen / Zinsen | K110: =+Legende!B3 -> PE | L110: =+SUMIF($K$2:$K$103,$K110,L$2:L$103) -> 2194.706 | M110: =+SUMIF($K$2:$K$103,$K110,M$2:M$103) -> 2194.706 | N110: =+SUMIF($K$2:$K$103,$K110,N$2:N$103) -> 2194.706 | P110: =+SUMIF($K$2:$K$103,$K110,P$2:P$103) -> 929.93089 | Q110: =+SUMIF($K$2:$K$103,$K110,Q$2:Q$103) -> 787.27499 | R110: =+SUMIF($K$2:$K$103,$K110,R$2:R$103) -> 644.61911
J111: Abschreibungen / Zinsen | K111: =+Legende!B4 -> Gb | L111: =+SUMIF($K$2:$K$103,$K111,L$2:L$103) -> 128942.79 | M111: =+SUMIF($K$2:$K$103,$K111,M$2:M$103) -> 128942.79 | N111: =+SUMIF($K$2:$K$103,$K111,N$2:N$103) -> 128942.79 | P111: =+SUMIF($K$2:$K$103,$K111,P$2:P$103) -> 362944.75 | Q111: =+SUMIF($K$2:$K$103,$K111,Q$2:Q$103) -> 354563.47 | R111: =+SUMIF($K$2:$K$103,$K111,R$2:R$103) -> 346182.19
J112: Abschreibungen / Zinsen | K112: =+Legende!B5 -> VW | L112: =+SUMIF($K$2:$K$103,$K112,L$2:L$103) -> 12440.188 | M112: =+SUMIF($K$2:$K$103,$K112,M$2:M$103) -> 12146.258 | N112: =+SUMIF($K$2:$K$103,$K112,N$2:N$103) -> 12146.258 | P112: =+SUMIF($K$2:$K$103,$K112,P$2:P$103) -> 2582.7438 | Q112: =+SUMIF($K$2:$K$103,$K112,Q$2:Q$103) -> 1774.1316 | R112: =+SUMIF($K$2:$K$103,$K112,R$2:R$103) -> 984.62481
J114: Abschreibungen / Zinsen | K114: =+Legende!B7 -> ELW1 | L114: =+SUMIF($K$2:$K$103,$K114,L$2:L$103) -> 4203.38 | M114: =+SUMIF($K$2:$K$103,$K114,M$2:M$103) -> 4203.38 | N114: =+SUMIF($K$2:$K$103,$K114,N$2:N$103) -> 4203.38 | P114: =+SUMIF($K$2:$K$103,$K114,P$2:P$103) -> 2185.7576 | Q114: =+SUMIF($K$2:$K$103,$K114,Q$2:Q$103) -> 1912.5379 | R114: =+SUMIF($K$2:$K$103,$K114,R$2:R$103) -> 1639.3182
J115: Abschreibungen / Zinsen | K115: =+Legende!B8 -> GWG | L115: =+SUMIF($K$2:$K$103,$K115,L$2:L$103) -> 0 | M115: =+SUMIF($K$2:$K$103,$K115,M$2:M$103) -> 0 | N115: =+SUMIF($K$2:$K$103,$K115,N$2:N$103) -> 0 | P115: =+SUMIF($K$2:$K$103,$K115,P$2:P$103) -> 0 | Q115: =+SUMIF($K$2:$K$103,$K115,Q$2:Q$103) -> 0 | R115: =+SUMIF($K$2:$K$103,$K115,R$2:R$103) -> 0
J116: Abschreibungen / Zinsen | K116: =+Legende!B9 -> GWL | L116: =+SUMIF($K$2:$K$103,$K116,L$2:L$103) -> 3459.324 | M116: =+SUMIF($K$2:$K$103,$K116,M$2:M$103) -> 3459.324 | N116: =+SUMIF($K$2:$K$103,$K116,N$2:N$103) -> 3459.324 | P116: =+SUMIF($K$2:$K$103,$K116,P$2:P$103) -> 674.56818 | Q116: =+SUMIF($K$2:$K$103,$K116,Q$2:Q$103) -> 449.71212 | R116: =+SUMIF($K$2:$K$103,$K116,R$2:R$103) -> 224.85606
J117: Abschreibungen / Zinsen | K117: =+Legende!B10 -> HLF 20 | L117: =+SUMIF($K$2:$K$103,$K117,L$2:L$103) -> 36745.285 | M117: =+SUMIF($K$2:$K$103,$K117,M$2:M$103) -> 36745.285 | N117: =+SUMIF($K$2:$K$103,$K117,N$2:N$103) -> 36745.285 | P117: =+SUMIF($K$2:$K$103,$K117,P$2:P$103) -> 44340.77 | Q117: =+SUMIF($K$2:$K$103,$K117,Q$2:Q$103) -> 41952.327 | R117: =+SUMIF($K$2:$K$103,$K117,R$2:R$103) -> 39563.883
J118: Abschreibungen / Zinsen | K118: =+Legende!B11 -> KEF | L118: =+SUMIF($K$2:$K$103,$K118,L$2:L$103) -> 2552.133 | M118: =+SUMIF($K$2:$K$103,$K118,M$2:M$103) -> 2552.133 | N118: =+SUMIF($K$2:$K$103,$K118,N$2:N$103) -> 2552.133 | P118: =+SUMIF($K$2:$K$103,$K118,P$2:P$103) -> 1658.8865 | Q118: =+SUMIF($K$2:$K$103,$K118,Q$2:Q$103) -> 1492.9978 | R118: =+SUMIF($K$2:$K$103,$K118,R$2:R$103) -> 1327.1092
...

Sheet KA
A1: Nr. | B1: Konto | C1: Bezeichnung | D1: Index | E1: 2015 | F1: Index in % | G1: =+Anlagen!L1 -> 2016 | H1: =+Anlagen!M1 -> 2017 | I1: =+Anlagen!N1 -> 2018
A2: 1 | B2: 414000 | C2: Zuweisungen vom Bund | D2: 0 | E2: -727.6 | F2: =+VLOOKUP(D2,Indices!$C$2:$E$17,3,FALSE) -> 0 | G2: =+$E2*(1+$F2)^(G$1-$E$1) -> -727.6 | H2: =+$E2*(1+$F2)^(H$1-$E$1) -> -727.6 | I2: =+$E2*(1+$F2)^(I$1-$E$1) -> -727.6
A3: 2 | B3: 414100 | C3: Zuweisungen vom Land | D3: 0 | E3: -3932.09 | F3: =+VLOOKUP(D3,Indices!$C$2:$E$17,3,FALSE) -> 0 | G3: =+$E3*(1+$F3)^(G$1-$E$1) -> -3932.09 | H3: =+$E3*(1+$F3)^(H$1-$E$1) -> -3932.09 | I3: =+$E3*(1+$F3)^(I$1-$E$1) -> -3932.09
A4: 3 | B4: 416100 | C4: Erträge aus der Auflösung von Sonderposten aus Zuwendungen | D4: 0 | E4: -39173.35 | F4: =+VLOOKUP(D4,Indices!$C$2:$E$17,3,FALSE) -> 0 | G4: =+$E4*(1+$F4)^(G$1-$E$1) -> -39173.35 | H4: =+$E4*(1+$F4)^(H$1-$E$1) -> -39173.35 | I4: =+$E4*(1+$F4)^(I$1-$E$1) -> -39173.35
A5: 4 | B5: 432130 | C5: Entgelt für die Inanspruch nahme öffentlicher Dienste | D5: 0 | E5: -37958.74 | F5: =+VLOOKUP(D5,Indices!$C$2:$E$17,3,FALSE) -> 0 | G5: =+$E5*(1+$F5)^(G$1-$E$1) -> -37958.74 | H5: =+$E5*(1+$F5)^(H$1-$E$1) -> -37958.74 | I5: =+$E5*(1+$F5)^(I$1-$E$1) -> -37958.74
A6: 5 | B6: 446190 | C6: Sonstige privatrechliche Leistungsentgelte | D6: 0 | E6: -2045.2 | F6: =+VLOOKUP(D6,Indices!$C$2:$E$17,3,FALSE) -> 0 | G6: =+$E6*(1+$F6)^(G$1-$E$1) -> -2045.2 | H6: =+$E6*(1+$F6)^(H$1-$E$1) -> -2045.2 | I6: =+$E6*(1+$F6)^(I$1-$E$1) -> -2045.2
A7: 6 | B7: 448803 | C7: Erstattungen für Schadens fälle - durch Schadens verursacher/Versicherer | D7: 0 | E7: -979.67 | F7: =+VLOOKUP(D7,Indices!$C$2:$E$17,3,FALSE) -> 0 | G7: =+$E7*(1+$F7)^(G$1-$E$1) -> -979.67 | H7: =+$E7*(1+$F7)^(H$1-$E$1) -> -979.67 | I7: =+$E7*(1+$F7)^(I$1-$E$1) -> -979.67
A8: 7 | B8: 454290 | C8: VK Verkäufe von beweglichem Vermögen | D8: 0 | E8: -21504 | F8: =+VLOOKUP(D8,Indices!$C$2:$E$17,3,FALSE) -> 0 | G8: =+$E8*(1+$F8)^(G$1-$E$1) -> -21504 | H8: =+$E8*(1+$F8)^(H$1-$E$1) -> -21504 | I8: =+$E8*(1+$F8)^(I$1-$E$1) -> -21504
A9: 8 | B9: 458200 | C9: Auflösung/Herabsetzung RKSt | D9: 0 | E9: -18579.72 | F9: =+VLOOKUP(D9,Indices!$C$2:$E$17,3,FALSE) -> 0 | G9: =+$E9*(1+$F9)^(G$1-$E$1) -> -18579.72 | H9: =+$E9*(1+$F9)^(H$1-$E$1) -> -18579.72 | I9: =+$E9*(1+$F9)^(I$1-$E$1) -> -18579.72
A10: 9 | B10: 459100 | C10: Andere sonstige ordentliche Erträge | D10: 0 | E10: -756 | F10: =+VLOOKUP(D10,Indices!$C$2:$E$17,3,FALSE) -> 0 | G10: =+$E10*(1+$F10)^(G$1-$E$1) -> -756 | H10: =+$E10*(1+$F10)^(H$1-$E$1) -> -756 | I10: =+$E10*(1+$F10)^(I$1-$E$1) -> -756
A11: 10 | B11: 501101 | C11: Bezüge der Beamten | D11: p | E11: 1091983.5 | F11: =+VLOOKUP(D11,Indices!$C$2:$E$17,3,FALSE) -> 0.0275 | G11: =+$E11*(1+$F11)^(G$1-$E$1) -> 1122013.1 | H11: =+$E11*(1+$F11)^(H$1-$E$1) -> 1152868.4 | I11: =+$E11*(1+$F11)^(I$1-$E$1) -> 1184572.3
A12: 11 | B12: 501201 | C12: Vergütungen der tariflich Beschäftigten | D12: p | E12: 28608.72 | F12: =+VLOOKUP(D12,Indices!$C$2:$E$17,3,FALSE) -> 0.0275 | G12: =+$E12*(1+$F12)^(G$1-$E$1) -> 29395.46 | H12: =+$E12*(1+$F12)^(H$1-$E$1) -> 30203.835 | I12: =+$E12*(1+$F12)^(I$1-$E$1) -> 31034.44
A13: 12 | B13: 501996 | C13: Inanspruchnahme / Verbrauch sonstiger Gehalts-RKSt | D13: p | E13: -145600.28 | F13: 0 | G13: =+$E13*(1+$F13)^(G$1-$E$1) -> -145600.28 | H13: =+$E13*(1+$F13)^(H$1-$E$1) -> -145600.28 | I13: =+$E13*(1+$F13)^(I$1-$E$1) -> -145600.28
A14: 13 | B14: 502200 | C14: Beiträge zur Versorgungskasse für tariflich Beschäftigte | D14: p | E14: 2142.41 | F14: =+VLOOKUP(D14,Indices!$C$2:$E$17,3,FALSE) -> 0.0275 | G14: =+$E14*(1+$F14)^(G$1-$E$1) -> 2201.3263 | H14: =+$E14*(1+$F14)^(H$1-$E$1) -> 2261.8627 | I14: =+$E14*(1+$F14)^(I$1-$E$1) -> 2324.064
A15: 14 | B15: 503201 | C15: Beiträge zur gesetzlichen Sozialversicherung aus lfd. Vergütung für tariflich Beschäftigte | D15: p | E15: 5493.09 | F15: =+VLOOKUP(D15,Indices!$C$2:$E$17,3,FALSE) -> 0.0275 | G15: =+$E15*(1+$F15)^(G$1-$E$1) -> 5644.15 | H15: =+$E15*(1+$F15)^(H$1-$E$1) -> 5799.3641 | I15: =+$E15*(1+$F15)^(I$1-$E$1) -> 5958.8466
A16: 15 | B16: 504100 | C16: Beihilfen und Unterstützungsleistungen für Beschäftigte | D16: p | E16: 72103.52 | F16: =+VLOOKUP(D16,Indices!$C$2:$E$17,3,FALSE) -> 0.0275 | G16: =+$E16*(1+$F16)^(G$1-$E$1) -> 74086.367 | H16: =+$E16*(1+$F16)^(H$1-$E$1) -> 76123.742 | I16: =+$E16*(1+$F16)^(I$1-$E$1) -> 78217.145
A17: 16 | B17: 505100 | C17: Zuführungen zu Pensionsrückstellungen für Beamte | D17: p | E17: 268725 | F17: =+VLOOKUP(D17,Indices!$C$2:$E$17,3,FALSE) -> 0.0275 | G17: =+$E17*(1+$F17)^(G$1-$E$1) -> 276114.94 | H17: =+$E17*(1+$F17)^(H$1-$E$1) -> 283708.1 | I17: =+$E17*(1+$F17)^(I$1-$E$1) -> 291510.07
A18: 17 | B18: 506100 | C18: Zuführungen zu Beihilferückstellung für Beamte | D18: p | E18: 92128 | F18: =+VLOOKUP(D18,Indices!$C$2:$E$17,3,FALSE) -> 0.0275 | G18: =+$E18*(1+$F18)^(G$1-$E$1) -> 94661.52 | H18: =+$E18*(1+$F18)^(H$1-$E$1) -> 97264.712 | I18: =+$E18*(1+$F18)^(I$1-$E$1) -> 99939.491
A19: 18 | B19: 521110 | C19: Unterhaltung der bebauten Grundstücke, Gebäude und baulichen Anlagen - Unabdingbares | D19: i | E19: 73234.07 | F19: =+VLOOKUP(D19,Indices!$C$2:$E$17,3,FALSE) -> 0.0275 | G19: =+$E19*(1+$F19)^(G$1-$E$1) -> 75248.007 | H19: =+$E19*(1+$F19)^(H$1-$E$1) -> 77317.327 | I19: =+$E19*(1+$F19)^(I$1-$E$1) -> 79443.554
A20: 19 | B20: 521120 | C20: Unterhaltung der bebauten Grundstücke, Gebäude und baulichen Anlagen - begrünte Außenanlagen | D20: a | E20: 166.35 | F20: =+VLOOKUP(D20,Indices!$C$2:$E$17,3,FALSE) -> 0.015 | G20: =+$E20*(1+$F20)^(G$1-$E$1) -> 168.84525 | H20: =+$E20*(1+$F20)^(H$1-$E$1) -> 171.37793 | I20: =+$E20*(1+$F20)^(I$1-$E$1) -> 173.9486
A21: 20 | B21: 523500 | C21: Erstattungen an verbundene Unternehmen, Beteiligungen und Sondervermögen | D21: w | E21: 18303.2 | F21: =+VLOOKUP(D21,Indices!$C$2:$E$17,3,FALSE) -> 0.0175 | G21: =+$E21*(1+$F21)^(G$1-$E$1) -> 18623.506 | H21: =+$E21*(1+$F21)^(H$1-$E$1) -> 18949.417 | I21: =+$E21*(1+$F21)^(I$1-$E$1) -> 19281.032
A22: 21 | B22: 523800 | C22: Erstattungen an übrige Bereiche | D22: 0 | E22: 866.09 | F22: =+VLOOKUP(D22,Indices!$C$2:$E$17,3,FALSE) -> 0 | G22: =+$E22*(1+$F22)^(G$1-$E$1) -> 866.09 | H22: =+$E22*(1+$F22)^(H$1-$E$1) -> 866.09 | I22: =+$E22*(1+$F22)^(I$1-$E$1) -> 866.09
A23: 22 | B23: 524119 | C23: Bewirtschaftung der Grund stücke und baulichen Anlagen - Grundabgaben | D23: 0 | E23: 6468.54 | F23: =+VLOOKUP(D23,Indices!$C$2:$E$17,3,FALSE) -> 0 | G23: =+$E23*(1+$F23)^(G$1-$E$1) -> 6468.54 | H23: =+$E23*(1+$F23)^(H$1-$E$1) -> 6468.54 | I23: =+$E23*(1+$F23)^(I$1-$E$1) -> 6468.54
A24: 23 | B24: 524120 | C24: Bewirtschaftung der Grund stücke und baulichen Anlagen - Hausgebühren | D24: w | E24: 3012.92 | F24: =+VLOOKUP(D24,Indices!$C$2:$E$17,3,FALSE) -> 0.0175 | G24: =+$E24*(1+$F24)^(G$1-$E$1) -> 3065.6461 | H24: =+$E24*(1+$F24)^(H$1-$E$1) -> 3119.2949 | I24: =+$E24*(1+$F24)^(I$1-$E$1) -> 3173.8826
A25: 24 | B25: 524130 | C25: Bewirtschaftung der Grund stücke und baulichen Anlagen - Reinigung | D25: a | E25: 25064.17 | F25: =+VLOOKUP(D25,Indices!$C$2:$E$17,3,FALSE) -> 0.015 | G25: =+$E25*(1+$F25)^(G$1-$E$1) -> 25440.133 | H25: =+$E25*(1+$F25)^(H$1-$E$1) -> 25821.735 | I25: =+$E25*(1+$F25)^(I$1-$E$1) -> 26209.061
A26: 25 | B26: 524149 | C26: Bewirtschaftung der Grund stücke und baulichen Anlagen - Versicherungen | D26: 0 | E26: 4818.54 | F26: =+VLOOKUP(D26,Indices!$C$2:$E$17,3,FALSE) -> 0 | G26: =+$E26*(1+$F26)^(G$1-$E$1) -> 4818.54 | H26: =+$E26*(1+$F26)^(H$1-$E$1) -> 4818.54 | I26: =+$E26*(1+$F26)^(I$1-$E$1) -> 4818.54
A27: 26 | B27: 524156 | C27: SN Bewirtschaftung der Grund stücke und baulichen Anlagen - Energie/Strom | D27: en | E27: 28460.15 | F27: =+VLOOKUP(D27,Indices!$C$2:$E$17,3,FALSE) -> 0.0475 | G27: =+$E27*(1+$F27)^(G$1-$E$1) -> 29812.007 | H27: =+$E27*(1+$F27)^(H$1-$E$1) -> 31228.077 | I27: =+$E27*(1+$F27)^(I$1-$E$1) -> 32711.411
A28: 27 | B28: 524157 | C28: Bewirtschaftung der Grund stücke und baulichen Anlagen - Gas | D28: gs | E28: 22665.7 | F28: =+VLOOKUP(D28,Indices!$C$2:$E$17,3,FALSE) -> 0.02 | G28: =+$E28*(1+$F28)^(G$1-$E$1) -> 23119.014 | H28: =+$E28*(1+$F28)^(H$1-$E$1) -> 23581.394 | I28: =+$E28*(1+$F28)^(I$1-$E$1) -> 24053.022
A29: 28 | B29: 524158 | C29: SN Bewirtschaftung der Grund stücke und baulichen Anlagen - Wasser | D29: w | E29: 1604.83 | F29: =+VLOOKUP(D29,Indices!$C$2:$E$17,3,FALSE) -> 0.0175 | G29: =+$E29*(1+$F29)^(G$1-$E$1) -> 1632.9145 | H29: =+$E29*(1+$F29)^(H$1-$E$1) -> 1661.4905 | I29: =+$E29*(1+$F29)^(I$1-$E$1) -> 1690.5666
A30: 29 | B30: 525101 | C30: Unterhaltung von Fahrzeugen 1) | D30: 0 | E30: =36.4+30.5+63.84+11.9+207.15 -> 349.79 | F30: =+VLOOKUP(D30,Indices!$C$2:$E$17,3,FALSE) -> 0 | G30: =+$E30*(1+$F30)^(G$1-$E$1) -> 349.79 | H30: =+$E30*(1+$F30)^(H$1-$E$1) -> 349.79 | I30: =+$E30*(1+$F30)^(I$1-$E$1) -> 349.79
A31: 30 | B31: 525103 | C31: Bewirtschaftung von Fahrzeugen - Sonstige 2) | D31: ks | E31: =555.24+'Korrektur Dieselkosten'!C14 -> 6043.8004 | F31: =+VLOOKUP(D31,Indices!$C$2:$E$17,3,FALSE) -> 0 | G31: =+$E31*(1+$F31)^(G$1-$E$1) -> 6043.8004 | H31: =+$E31*(1+$F31)^(H$1-$E$1) -> 6043.8004 | I31: =+$E31*(1+$F31)^(I$1-$E$1) -> 6043.8004
A32: 31 | B32: 525192 | C32: SN Bewirtschaftung von KfZ - Versicherung/Steuern 3) | D32: 0 | E32: =11.54+21.52-0.1+73.52 -> 106.48 | F32: =+VLOOKUP(D32,Indices!$C$2:$E$17,3,FALSE) -> 0 | G32: =+$E32*(1+$F32)^(G$1-$E$1) -> 106.48 | H32: =+$E32*(1+$F32)^(H$1-$E$1) -> 106.48 | I32: =+$E32*(1+$F32)^(I$1-$E$1) -> 106.48
A33: 32 | B33: 525510 | C33: Unterhaltung des sonstigen beweglichen Vermögens - Betriebs- und Geschäfts ausstattung | D33: a | E33: 19675.92 | F33: =+VLOOKUP(D33,Indices!$C$2:$E$17,3,FALSE) -> 0.015 | G33: =+$E33*(1+$F33)^(G$1-$E$1) -> 19971.059 | H33: =+$E33*(1+$F33)^(H$1-$E$1) -> 20270.625 | I33: =+$E33*(1+$F33)^(I$1-$E$1) -> 20574.684
A34: 33 | B34: 525530 | C34: Unterhaltung des sonstigen beweglichen Vermögens - Betriebsvorrichtungen | D34: 0 | E34: 689.41 | F34: =+VLOOKUP(D34,Indices!$C$2:$E$17,3,FALSE) -> 0 | G34: =+$E34*(1+$F34)^(G$1-$E$1) -> 689.41 | H34: =+$E34*(1+$F34)^(H$1-$E$1) -> 689.41 | I34: =+$E34*(1+$F34)^(I$1-$E$1) -> 689.41
A35: 34 | B35: 528110 | C35: Aufwendungen für sonstige Sachleistungen - Ver- und Gebrauchsmaterialien | D35: a | E35: 17614.14 | F35: =+VLOOKUP(D35,Indices!$C$2:$E$17,3,FALSE) -> 0.015 | G35: =+$E35*(1+$F35)^(G$1-$E$1) -> 17878.352 | H35: =+$E35*(1+$F35)^(H$1-$E$1) -> 18146.527 | I35: =+$E35*(1+$F35)^(I$1-$E$1) -> 18418.725
A36: 35 | B36: 528190 | C36: Aufwendungen für sonstige Sachleistungen | D36: 0 | E36: 1485.72 | F36: =+VLOOKUP(D36,Indices!$C$2:$E$17,3,FALSE) -> 0 | G36: =+$E36*(1+$F36)^(G$1-$E$1) -> 1485.72 | H36: =+$E36*(1+$F36)^(H$1-$E$1) -> 1485.72 | I36: =+$E36*(1+$F36)^(I$1-$E$1) -> 1485.72
A37: 36 | B37: 529190 | C37: Sonstige Dienstleistungen durch Dritte | D37: 0 | E37: 3338.04 | F37: =+VLOOKUP(D37,Indices!$C$2:$E$17,3,FALSE) -> 0 | G37: =+$E37*(1+$F37)^(G$1-$E$1) -> 3338.04 | H37: =+$E37*(1+$F37)^(H$1-$E$1) -> 3338.04 | I37: =+$E37*(1+$F37)^(I$1-$E$1) -> 3338.04
A38: 37 | B38: 531890 | C38: Zuweisungen und Zuschüsse für laufende Zwecke an übrige Bereiche - Sonstige | D38: 0 | E38: 3600 | F38: =+VLOOKUP(D38,Indices!$C$2:$E$17,3,FALSE) -> 0 | G38: =+$E38*(1+$F38)^(G$1-$E$1) -> 3600 | H38: =+$E38*(1+$F38)^(H$1-$E$1) -> 3600 | I38: =+$E38*(1+$F38)^(I$1-$E$1) -> 3600
A39: 38 | B39: 541211 | C39: Besondere Aufwendungen für Be schäftigte - Fortbildung Dez I | D39: b | E39: 17505.44 | F39: =+VLOOKUP(D39,Indices!$C$2:$E$17,3,FALSE) -> 0 | G39: =+$E39*(1+$F39)^(G$1-$E$1) -> 17505.44 | H39: =+$E39*(1+$F39)^(H$1-$E$1) -> 17505.44 | I39: =+$E39*(1+$F39)^(I$1-$E$1) -> 17505.44
A40: 39 | B40: 542120 | C40: Aufwendungen für die freiwillige Feuerwehr | D40: a | E40: 39818.52 | F40: =+VLOOKUP(D40,Indices!$C$2:$E$17,3,FALSE) -> 0.015 | G40: =+$E40*(1+$F40)^(G$1-$E$1) -> 40415.798 | H40: =+$E40*(1+$F40)^(H$1-$E$1) -> 41022.035 | I40: =+$E40*(1+$F40)^(I$1-$E$1) -> 41637.365
A41: 40 | B41: 544110 | C41: Versicherungsbeiträge (ohne KfZ) | D41: 0 | E41: 18385.01 | F41: =+VLOOKUP(D41,Indices!$C$2:$E$17,3,FALSE) -> 0 | G41: =+$E41*(1+$F41)^(G$1-$E$1) -> 18385.01 | H41: =+$E41*(1+$F41)^(H$1-$E$1) -> 18385.01 | I41: =+$E41*(1+$F41)^(I$1-$E$1) -> 18385.01
A42: 41 | B42: 571100 | C42: Abschreibungen auf Sachanlagen und immaterielle Vermögensgegenstände | D42: 0 | E42: 389627.34 | F42: =+VLOOKUP(D42,Indices!$C$2:$E$17,3,FALSE) -> 0 | G42: =+$E42*(1+$F42)^(G$1-$E$1) -> 389627.34 | H42: =+$E42*(1+$F42)^(H$1-$E$1) -> 389627.34 | I42: =+$E42*(1+$F42)^(I$1-$E$1) -> 389627.34
A43: 42 | C43: allgemeine Verwaltung | D43: 0 | F43: =+VLOOKUP(D43,Indices!$C$2:$E$17,3,FALSE) -> 0 | G43: =+HLOOKUP(G$1,'Berechnung Personal'!$K$18:$O$22,5,FALSE) -> 74485.708 | H43: =+HLOOKUP(H$1,'Berechnung Personal'!$K$18:$O$22,5,FALSE) -> 75900.937 | I43: =+HLOOKUP(I$1,'Berechnung Personal'!$K$18:$O$22,5,FALSE) -> 77343.054
A44: 43 | B44: 573120 | C44: Forderungsverluste | D44: 0 | E44: 1183.47 | F44: =+VLOOKUP(D44,Indices!$C$2:$E$17,3,FALSE) -> 0 | G44: =+$E44*(1+$F44)^(G$1-$E$1) -> 1183.47 | H44: =+$E44*(1+$F44)^(H$1-$E$1) -> 1183.47 | I44: =+$E44*(1+$F44)^(I$1-$E$1) -> 1183.47
F45: Summe | G45: =SUM(G2:G44) -> 2117188.8 | H45: =SUM(H2:H44) -> 2168631.3 | I45: =SUM(I2:I44) -> 2221477.7
A46: 1) | B46: Unterhaltung allgemeiner Fuhrpark (nicht Kostenträger)
A47: 2) | B47: Unterhaltung Kleinmaschinen (nicht Kostenträger) + nicht einsatzbezogene Fahrten
A48: 3) | B48: Unterhaltung allgemeiner Fuhrpark (nicht Kostenträger)

Sheet KST
A1: Kostenstellenrechnung | F1: =+KT!D1 -> 2016
G2: Kostenstellen
A3: Nr. | B3: Buchungsstelle | C3: Bezeichnung | D3: Aktiv | E3: Buchungs-schlüssel | F3: Wert | G3: =+Mengenschlüssel!E1 -> Fahrzeuge | H3: =+Mengenschlüssel!F1 -> Personal | I3: =+Mengenschlüssel!G1 -> Gebäude | J3: =+Mengenschlüssel!H1 -> Verwaltung | K3: =+Mengenschlüssel!I1 -> Summe | L3: Differenz
A4: =+KA!A2 -> 1 | B4: =+KA!B2 -> 414000 | C4: =+KA!C2 -> Zuweisungen vom Bund | D4: 0 | F4: =+HLOOKUP($F$1,KA!$G:$I,ROWS($1:2),FALSE) -> -727.6 | G4: =+IF($E4="",0,VLOOKUP($E4,Mengenschlüssel!$C$13:$H$22,COLUMNS($C:E),FALSE)*$F4*$D4) -> 0 | H4: =+IF($E4="",0,VLOOKUP($E4,Mengenschlüssel!$C$13:$H$22,COLUMNS($C:F),FALSE)*$F4*$D4) -> 0 | I4: =+IF($E4="",0,VLOOKUP($E4,Mengenschlüssel!$C$13:$H$22,COLUMNS($C:G),FALSE)*$F4*$D4) -> 0 | J4: =+IF($E4="",0,VLOOKUP($E4,Mengenschlüssel!$C$13:$H$22,COLUMNS($C:H),FALSE)*$F4*$D4) -> 0 | K4: =SUM(G4:J4) -> 0 | L4: =+K4-F4 -> 727.6
A5: =+KA!A3 -> 2 | B5: =+KA!B3 -> 414100 | C5: =+KA!C3 -> Zuweisungen vom Land | D5: 1 | E5: PE | F5: =+HLOOKUP($F$1,KA!$G:$I,ROWS($1:3),FALSE) -> -3932.09 | G5: =+IF($E5="",0,VLOOKUP($E5,Mengenschlüssel!$C$13:$H$22,COLUMNS($C:E),FALSE)*$F5*$D5) -> 0 | H5: =+IF($E5="",0,VLOOKUP($E5,Mengenschlüssel!$C$13:$H$22,COLUMNS($C:F),FALSE)*$F5*$D5) -> -3932.09 | I5: =+IF($E5="",0,VLOOKUP($E5,Mengenschlüssel!$C$13:$H$22,COLUMNS($C:G),FALSE)*$F5*$D5) -> 0 | J5: =+IF($E5="",0,VLOOKUP($E5,Mengenschlüssel!$C$13:$H$22,COLUMNS($C:H),FALSE)*$F5*$D5) -> 0 | K5: =SUM(G5:J5) -> -3932.09 | L5: =+K5-F5 -> 0
A6: =+KA!A4 -> 3 | B6: =+KA!B4 -> 416100 | C6: =+KA!C4 -> Erträge aus der Auflösung von Sonderposten aus Zuwendungen | D6: 0 | F6: =+HLOOKUP($F$1,KA!$G:$I,ROWS($1:4),FALSE) -> -39173.35 | G6: =+IF($E6="",0,VLOOKUP($E6,Mengenschlüssel!$C$13:$H$22,COLUMNS($C:E),FALSE)*$F6*$D6) -> 0 | H6: =+IF($E6="",0,VLOOKUP($E6,Mengenschlüssel!$C$13:$H$22,COLUMNS($C:F),FALSE)*$F6*$D6) -> 0 | I6: =+IF($E6="",0,VLOOKUP($E6,Mengenschlüssel!$C$13:$H$22,COLUMNS($C:G),FALSE)*$F6*$D6) -> 0 | J6: =+IF($E6="",0,VLOOKUP($E6,Mengenschlüssel!$C$13:$H$22,COLUMNS($C:H),FALSE)*$F6*$D6) -> 0 | K6: =SUM(G6:J6) -> 0 | L6: =+K6-F6 -> 39173.35
A7: =+KA!A5 -> 4 | B7: =+KA!B5 -> 432130 | C7: =+KA!C5 -> Entgelt für die Inanspruch nahme öffentlicher Dienste | D7: 0 | F7: =+HLOOKUP($F$1,KA!$G:$I,ROWS($1:5),FALSE) -> -37958.74 | G7: =+IF($E7="",0,VLOOKUP($E7,Mengenschlüssel!$C$13:$H$22,COLUMNS($C:E),FALSE)*$F7*$D7) -> 0 | H7: =+IF($E7="",0,VLOOKUP($E7,Mengenschlüssel!$C$13:$H$22,COLUMNS($C:F),FALSE)*$F7*$D7) -> 0 | I7: =+IF($E7="",0,VLOOKUP($E7,Mengenschlüssel!$C$13:$H$22,COLUMNS($C:G),FALSE)*$F7*$D7) -> 0 | J7: =+IF($E7="",0,VLOOKUP($E7,Mengenschlüssel!$C$13:$H$22,COLUMNS($C:H),FALSE)*$F7*$D7) -> 0 | K7: =SUM(G7:J7) -> 0 | L7: =+K7-F7 -> 37958.74
A8: =+KA!A6 -> 5 | B8: =+KA!B6 -> 446190 | C8: =+KA!C6 -> Sonstige privatrechliche Leistungsentgelte | D8: 0 | F8: =+HLOOKUP($F$1,KA!$G:$I,ROWS($1:6),FALSE) -> -2045.2 | G8: =+IF($E8="",0,VLOOKUP($E8,Mengenschlüssel!$C$13:$H$22,COLUMNS($C:E),FALSE)*$F8*$D8) -> 0 | H8: =+IF($E8="",0,VLOOKUP($E8,Mengenschlüssel!$C$13:$H$22,COLUMNS($C:F),FALSE)*$F8*$D8) -> 0 | I8: =+IF($E8="",0,VLOOKUP($E8,Mengenschlüssel!$C$13:$H$22,COLUMNS($C:G),FALSE)*$F8*$D8) -> 0 | J8: =+IF($E8="",0,VLOOKUP($E8,Mengenschlüssel!$C$13:$H$22,COLUMNS($C:H),FALSE)*$F8*$D8) -> 0 | K8: =SUM(G8:J8) -> 0 | L8: =+K8-F8 -> 2045.2
A9: =+KA!A7 -> 6 | B9: =+KA!B7 -> 448803 | C9: =+KA!C7 -> Erstattungen für Schadens fälle - durch Schadens verursacher/Versicherer | D9: 0 | F9: =+HLOOKUP($F$1,KA!$G:$I,ROWS($1:7),FALSE) -> -979.67 | G9: =+IF($E9="",0,VLOOKUP($E9,Mengenschlüssel!$C$13:$H$22,COLUMNS($C:E),FALSE)*$F9*$D9) -> 0 | H9: =+IF($E9="",0,VLOOKUP($E9,Mengenschlüssel!$C$13:$H$22,COLUMNS($C:F),FALSE)*$F9*$D9) -> 0 | I9: =+IF($E9="",0,VLOOKUP($E9,Mengenschlüssel!$C$13:$H$22,COLUMNS($C:G),FALSE)*$F9*$D9) -> 0 | J9: =+IF($E9="",0,VLOOKUP($E9,Mengenschlüssel!$C$13:$H$22,COLUMNS($C:H),FALSE)*$F9*$D9) -> 0 | K9: =SUM(G9:J9) -> 0 | L9: =+K9-F9 -> 979.67
A10: =+KA!A8 -> 7 | B10: =+KA!B8 -> 454290 | C10: =+KA!C8 -> VK Verkäufe von beweglichem Vermögen | D10: 0 | F10: =+HLOOKUP($F$1,KA!$G:$I,ROWS($1:8),FALSE) -> -21504 | G10: =+IF($E10="",0,VLOOKUP($E10,Mengenschlüssel!$C$13:$H$22,COLUMNS($C:E),FALSE)*$F10*$D10) -> 0 | H10: =+IF($E10="",0,VLOOKUP($E10,Mengenschlüssel!$C$13:$H$22,COLUMNS($C:F),FALSE)*$F10*$D10) -> 0 | I10: =+IF($E10="",0,VLOOKUP($E10,Mengenschlüssel!$C$13:$H$22,COLUMNS($C:G),FALSE)*$F10*$D10) -> 0 | J10: =+IF($E10="",0,VLOOKUP($E10,Mengenschlüssel!$C$13:$H$22,COLUMNS($C:H),FALSE)*$F10*$D10) -> 0 | K10: =SUM(G10:J10) -> 0 | L10: =+K10-F10 -> 21504
A11: =+KA!A9 -> 8 | B11: =+KA!B9 -> 458200 | C11: =+KA!C9 -> Auflösung/Herabsetzung RKSt | D11: 0 | F11: =+HLOOKUP($F$1,KA!$G:$I,ROWS($1:9),FALSE) -> -18579.72 | G11: =+IF($E11="",0,VLOOKUP($E11,Mengenschlüssel!$C$13:$H$22,COLUMNS($C:E),FALSE)*$F11*$D11) -> 0 | H11: =+IF($E11="",0,VLOOKUP($E11,Mengenschlüssel!$C$13:$H$22,COLUMNS($C:F),FALSE)*$F11*$D11) -> 0 | I11: =+IF($E11="",0,VLOOKUP($E11,Mengenschlüssel!$C$13:$H$22,COLUMNS($C:G),FALSE)*$F11*$D11) -> 0 | J11: =+IF($E11="",0,VLOOKUP($E11,Mengenschlüssel!$C$13:$H$22,COLUMNS($C:H),FALSE)*$F11*$D11) -> 0 | K11: =SUM(G11:J11) -> 0 | L11: =+K11-F11 -> 18579.72
A12: =+KA!A10 -> 9 | B12: =+KA!B10 -> 459100 | C12: =+KA!C10 -> Andere sonstige ordentliche Erträge | D12: 0 | F12: =+HLOOKUP($F$1,KA!$G:$I,ROWS($1:10),FALSE) -> -756 | G12: =+IF($E12="",0,VLOOKUP($E12,Mengenschlüssel!$C$13:$H$22,COLUMNS($C:E),FALSE)*$F12*$D12) -> 0 | H12: =+IF($E12="",0,VLOOKUP($E12,Mengenschlüssel!$C$13:$H$22,COLUMNS($C:F),FALSE)*$F12*$D12) -> 0 | I12: =+IF($E12="",0,VLOOKUP($E12,Mengenschlüssel!$C$13:$H$22,COLUMNS($C:G),FALSE)*$F12*$D12) -> 0 | J12: =+IF($E12="",0,VLOOKUP($E12,Mengenschlüssel!$C$13:$H$22,COLUMNS($C:H),FALSE)*$F12*$D12) -> 0 | K12: =SUM(G12:J12) -> 0 | L12: =+K12-F12 -> 756
A13: =+KA!A11 -> 10 | B13: =+KA!B11 -> 501101 | C13: =+KA!C11 -> Bezüge der Beamten | D13: 0 | F13: =+HLOOKUP($F$1,KA!$G:$I,ROWS($1:11),FALSE) -> 1122013.1 | G13: =+IF($E13="",0,VLOOKUP($E13,Mengenschlüssel!$C$13:$H$22,COLUMNS($C:E),FALSE)*$F13*$D13) -> 0 | H13: =+IF($E13="",0,VLOOKUP($E13,Mengenschlüssel!$C$13:$H$22,COLUMNS($C:F),FALSE)*$F13*$D13) -> 0 | I13: =+IF($E13="",0,VLOOKUP($E13,Mengenschlüssel!$C$13:$H$22,COLUMNS($C:G),FALSE)*$F13*$D13) -> 0 | J13: =+IF($E13="",0,VLOOKUP($E13,Mengenschlüssel!$C$13:$H$22,COLUMNS($C:H),FALSE)*$F13*$D13) -> 0 | K13: =SUM(G13:J13) -> 0 | L13: =+K13-F13 -> -1122013.1
A14: =+KA!A12 -> 11 | B14: =+KA!B12 -> 501201 | C14: =+KA!C12 -> Vergütungen der tariflich Beschäftigten | D14: 0 | F14: =+HLOOKUP($F$1,KA!$G:$I,ROWS($1:12),FALSE) -> 29395.46 | G14: =+IF($E14="",0,VLOOKUP($E14,Mengenschlüssel!$C$13:$H$22,COLUMNS($C:E),FALSE)*$F14*$D14) -> 0 | H14: =+IF($E14="",0,VLOOKUP($E14,Mengenschlüssel!$C$13:$H$22,COLUMNS($C:F),FALSE)*$F14*$D14) -> 0 | I14: =+IF($E14="",0,VLOOKUP($E14,Mengenschlüssel!$C$13:$H$22,COLUMNS($C:G),FALSE)*$F14*$D14) -> 0 | J14: =+IF($E14="",0,VLOOKUP($E14,Mengenschlüssel!$C$13:$H$22,COLUMNS($C:H),FALSE)*$F14*$D14) -> 0 | K14: =SUM(G14:J14) -> 0 | L14: =+K14-F14 -> -29395.46
A15: =+KA!A13 -> 12 | B15: =+KA!B13 -> 501996 | C15: =+KA!C13 -> Inanspruchnahme / Verbrauch sonstiger Gehalts-RKSt | D15: 0 | F15: =+HLOOKUP($F$1,KA!$G:$I,ROWS($1:13),FALSE) -> -145600.28 | G15: =+IF($E15="",0,VLOOKUP($E15,Mengenschlüssel!$C$13:$H$22,COLUMNS($C:E),FALSE)*$F15*$D15) -> 0 | H15: =+IF($E15="",0,VLOOKUP($E15,Mengenschlüssel!$C$13:$H$22,COLUMNS($C:F),FALSE)*$F15*$D15) -> 0 | I15: =+IF($E15="",0,VLOOKUP($E15,Mengenschlüssel!$C$13:$H$22,COLUMNS($C:G),FALSE)*$F15*$D15) -> 0 | J15: =+IF($E15="",0,VLOOKUP($E15,Mengenschlüssel!$C$13:$H$22,COLUMNS($C:H),FALSE)*$F15*$D15) -> 0 | K15: =SUM(G15:J15) -> 0 | L15: =+K15-F15 -> 145600.28
A16: =+KA!A14 -> 13 | B16: =+KA!B14 -> 502200 | C16: =+KA!C14 -> Beiträge zur Versorgungskasse für tariflich Beschäftigte | D16: 0 | F16: =+HLOOKUP($F$1,KA!$G:$I,ROWS($1:14),FALSE) -> 2201.3263 | G16: =+IF($E16="",0,VLOOKUP($E16,Mengenschlüssel!$C$13:$H$22,COLUMNS($C:E),FALSE)*$F16*$D16) -> 0 | H16: =+IF($E16="",0,VLOOKUP($E16,Mengenschlüssel!$C$13:$H$22,COLUMNS($C:F),FALSE)*$F16*$D16) -> 0 | I16: =+IF($E16="",0,VLOOKUP($E16,Mengenschlüssel!$C$13:$H$22,COLUMNS($C:G),FALSE)*$F16*$D16) -> 0 | J16: =+IF($E16="",0,VLOOKUP($E16,Mengenschlüssel!$C$13:$H$22,COLUMNS($C:H),FALSE)*$F16*$D16) -> 0 | K16: =SUM(G16:J16) -> 0 | L16: =+K16-F16 -> -2201.3263
A17: =+KA!A15 -> 14 | B17: =+KA!B15 -> 503201 | C17: =+KA!C15 -> Beiträge zur gesetzlichen Sozialversicherung aus lfd. Vergütung für tariflich Beschäftigte | D17: 0 | F17: =+HLOOKUP($F$1,KA!$G:$I,ROWS($1:15),FALSE) -> 5644.15 | G17: =+IF($E17="",0,VLOOKUP($E17,Mengenschlüssel!$C$13:$H$22,COLUMNS($C:E),FALSE)*$F17*$D17) -> 0 | H17: =+IF($E17="",0,VLOOKUP($E17,Mengenschlüssel!$C$13:$H$22,COLUMNS($C:F),FALSE)*$F17*$D17) -> 0 | I17: =+IF($E17="",0,VLOOKUP($E17,Mengenschlüssel!$C$13:$H$22,COLUMNS($C:G),FALSE)*$F17*$D17) -> 0 | J17: =+IF($E17="",0,VLOOKUP($E17,Mengenschlüssel!$C$13:$H$22,COLUMNS($C:H),FALSE)*$F17*$D17) -> 0 | K17: =SUM(G17:J17) -> 0 | L17: =+K17-F17 -> -5644.15
A18: =+KA!A16 -> 15 | B18: =+KA!B16 -> 504100 | C18: =+KA!C16 -> Beihilfen und Unterstützungsleistungen für Beschäftigte | D18: 0 | F18: =+HLOOKUP($F$1,KA!$G:$I,ROWS($1:16),FALSE) -> 74086.367 | G18: =+IF($E18="",0,VLOOKUP($E18,Mengenschlüssel!$C$13:$H$22,COLUMNS($C:E),FALSE)*$F18*$D18) -> 0 | H18: =+IF($E18="",0,VLOOKUP($E18,Mengenschlüssel!$C$13:$H$22,COLUMNS($C:F),FALSE)*$F18*$D18) -> 0 | I18: =+IF($E18="",0,VLOOKUP($E18,Mengenschlüssel!$C$13:$H$22,COLUMNS($C:G),FALSE)*$F18*$D18) -> 0 | J18: =+IF($E18="",0,VLOOKUP($E18,Mengenschlüssel!$C$13:$H$22,COLUMNS($C:H),FALSE)*$F18*$D18) -> 0 | K18: =SUM(G18:J18) -> 0 | L18: =+K18-F18 -> -74086.367
A19: =+KA!A17 -> 16 | B19: =+KA!B17 -> 505100 | C19: =+KA!C17 -> Zuführungen zu Pensionsrückstellungen für Beamte | D19: 0 | F19: =+HLOOKUP($F$1,KA!$G:$I,ROWS($1:17),FALSE) -> 276114.94 | G19: =+IF($E19="",0,VLOOKUP($E19,Mengenschlüssel!$C$13:$H$22,COLUMNS($C:E),FALSE)*$F19*$D19) -> 0 | H19: =+IF($E19="",0,VLOOKUP($E19,Mengenschlüssel!$C$13:$H$22,COLUMNS($C:F),FALSE)*$F19*$D19) -> 0 | I19: =+IF($E19="",0,VLOOKUP($E19,Mengenschlüssel!$C$13:$H$22,COLUMNS($C:G),FALSE)*$F19*$D19) -> 0 | J19: =+IF($E19="",0,VLOOKUP($E19,Mengenschlüssel!$C$13:$H$22,COLUMNS($C:H),FALSE)*$F19*$D19) -> 0 | K19: =SUM(G19:J19) -> 0 | L19: =+K19-F19 -> -276114.94
A20: =+KA!A18 -> 17 | B20: =+KA!B18 -> 506100 | C20: =+KA!C18 -> Zuführungen zu Beihilferückstellung für Beamte | D20: 0 | F20: =+HLOOKUP($F$1,KA!$G:$I,ROWS($1:18),FALSE) -> 94661.52 | G20: =+IF($E20="",0,VLOOKUP($E20,Mengenschlüssel!$C$13:$H$22,COLUMNS($C:E),FALSE)*$F20*$D20) -> 0 | H20: =+IF($E20="",0,VLOOKUP($E20,Mengenschlüssel!$C$13:$H$22,COLUMNS($C:F),FALSE)*$F20*$D20) -> 0 | I20: =+IF($E20="",0,VLOOKUP($E20,Mengenschlüssel!$C$13:$H$22,COLUMNS($C:G),FALSE)*$F20*$D20) -> 0 | J20: =+IF($E20="",0,VLOOKUP($E20,Mengenschlüssel!$C$13:$H$22,COLUMNS($C:H),FALSE)*$F20*$D20) -> 0 | K20: =SUM(G20:J20) -> 0 | L20: =+K20-F20 -> -94661.52
A21: =+KA!A19 -> 18 | B21: =+KA!B19 -> 521110 | C21: =+KA!C19 -> Unterhaltung der bebauten Grundstücke, Gebäude und baulichen Anlagen - Unabdingbares | D21: 1 | E21: Gb | F21: =+HLOOKUP($F$1,KA!$G:$I,ROWS($1:19),FALSE) -> 75248.007 | G21: =+IF($E21="",0,VLOOKUP($E21,Mengenschlüssel!$C$13:$H$22,COLUMNS($C:E),FALSE)*$F21*$D21) -> 0 | H21: =+IF($E21="",0,VLOOKUP($E21,Mengenschlüssel!$C$13:$H$22,COLUMNS($C:F),FALSE)*$F21*$D21) -> 0 | I21: =+IF($E21="",0,VLOOKUP($E21,Mengenschlüssel!$C$13:$H$22,COLUMNS($C:G),FALSE)*$F21*$D21) -> 75248.007 | J21: =+IF($E21="",0,VLOOKUP($E21,Mengenschlüssel!$C$13:$H$22,COLUMNS($C:H),FALSE)*$F21*$D21) -> 0 | K21: =SUM(G21:J21) -> 75248.007 | L21: =+K21-F21 -> 0
A22: =+KA!A20 -> 19 | B22: =+KA!B20 -> 521120 | C22: =+KA!C20 -> Unterhaltung der bebauten Grundstücke, Gebäude und baulichen Anlagen - begrünte Außenanlagen | D22: 1 | E22: Gb | F22: =+HLOOKUP($F$1,KA!$G:$I,ROWS($1:20),FALSE) -> 168.84525 | G22: =+IF($E22="",0,VLOOKUP($E22,Mengenschlüssel!$C$13:$H$22,COLUMNS($C:E),FALSE)*$F22*$D22) -> 0 | H22: =+IF($E22="",0,VLOOKUP($E22,Mengenschlüssel!$C$13:$H$22,COLUMNS($C:F),FALSE)*$F22*$D22) -> 0 | I22: =+IF($E22="",0,VLOOKUP($E22,Mengenschlüssel!$C$13:$H$22,COLUMNS($C:G),FALSE)*$F22*$D22) -> 168.84525 | J22: =+IF($E22="",0,VLOOKUP($E22,Mengenschlüssel!$C$13:$H$22,COLUMNS($C:H),FALSE)*$F22*$D22) -> 0 | K22: =SUM(G22:J22) -> 168.84525 | L22: =+K22-F22 -> 0
A23: =+KA!A21 -> 20 | B23: =+KA!B21 -> 523500 | C23: =+KA!C21 -> Erstattungen an verbundene Unternehmen, Beteiligungen und Sondervermögen | D23: 1 | E23: VW | F23: =+HLOOKUP($F$1,KA!$G:$I,ROWS($1:21),FALSE) -> 18623.506 | G23: =+IF($E23="",0,VLOOKUP($E23,Mengenschlüssel!$C$13:$H$22,COLUMNS($C:E),FALSE)*$F23*$D23) -> 0 | H23: =+IF($E23="",0,VLOOKUP($E23,Mengenschlüssel!$C$13:$H$22,COLUMNS($C:F),FALSE)*$F23*$D23) -> 0 | I23: =+IF($E23="",0,VLOOKUP($E23,Mengenschlüssel!$C$13:$H$22,COLUMNS($C:G),FALSE)*$F23*$D23) -> 0 | J23: =+IF($E23="",0,VLOOKUP($E23,Mengenschlüssel!$C$13:$H$22,COLUMNS($C:H),FALSE)*$F23*$D23) -> 18623.506 | K23: =SUM(G23:J23) -> 18623.506 | L23: =+K23-F23 -> 0
A24: =+KA!A22 -> 21 | B24: =+KA!B22 -> 523800 | C24: =+KA!C22 -> Erstattungen an übrige Bereiche | D24: 0 | F24: =+HLOOKUP($F$1,KA!$G:$I,ROWS($1:22),FALSE) -> 866.09 | G24: =+IF($E24="",0,VLOOKUP($E24,Mengenschlüssel!$C$13:$H$22,COLUMNS($C:E),FALSE)*$F24*$D24) -> 0 | H24: =+IF($E24="",0,VLOOKUP($E24,Mengenschlüssel!$C$13:$H$22,COLUMNS($C:F),FALSE)*$F24*$D24) -> 0 | I24: =+IF($E24="",0,VLOOKUP($E24,Mengenschlüssel!$C$13:$H$22,COLUMNS($C:G),FALSE)*$F24*$D24) -> 0 | J24: =+IF($E24="",0,VLOOKUP($E24,Mengenschlüssel!$C$13:$H$22,COLUMNS($C:H),FALSE)*$F24*$D24) -> 0 | K24: =SUM(G24:J24) -> 0 | L24: =+K24-F24 -> -866.09
A25: =+KA!A23 -> 22 | B25: =+KA!B23 -> 524119 | C25: =+KA!C23 -> Bewirtschaftung der Grund stücke und baulichen Anlagen - Grundabgaben | D25: 1 | E25: Gb | F25: =+HLOOKUP($F$1,KA!$G:$I,ROWS($1:23),FALSE) -> 6468.54 | G25: =+IF($E25="",0,VLOOKUP($E25,Mengenschlüssel!$C$13:$H$22,COLUMNS($C:E),FALSE)*$F25*$D25) -> 0 | H25: =+IF($E25="",0,VLOOKUP($E25,Mengenschlüssel!$C$13:$H$22,COLUMNS($C:F),FALSE)*$F25*$D25) -> 0 | I25: =+IF($E25="",0,VLOOKUP($E25,Mengenschlüssel!$C$13:$H$22,COLUMNS($C:G),FALSE)*$F25*$D25) -> 6468.54 | J25: =+IF($E25="",0,VLOOKUP($E25,Mengenschlüssel!$C$13:$H$22,COLUMNS($C:H),FALSE)*$F25*$D25) -> 0 | K25: =SUM(G25:J25) -> 6468.54 | L25: =+K25-F25 -> 0
A26: =+KA!A24 -> 23 | B26: =+KA!B24 -> 524120 | C26: =+KA!C24 -> Bewirtschaftung der Grund stücke und baulichen Anlagen - Hausgebühren | D26: 1 | E26: Gb | F26: =+HLOOKUP($F$1,KA!$G:$I,ROWS($1:24),FALSE) -> 3065.6461 | G26: =+IF($E26="",0,VLOOKUP($E26,Mengenschlüssel!$C$13:$H$22,COLUMNS($C:E),FALSE)*$F26*$D26) -> 0 | H26: =+IF($E26="",0,VLOOKUP($E26,Mengenschlüssel!$C$13:$H$22,COLUMNS($C:F),FALSE)*$F26*$D26) -> 0 | I26: =+IF($E26="",0,VLOOKUP($E26,Mengenschlüssel!$C$13:$H$22,COLUMNS($C:G),FALSE)*$F26*$D26) -> 3065.6461 | J26: =+IF($E26="",0,VLOOKUP($E26,Mengenschlüssel!$C$13:$H$22,COLUMNS($C:H),FALSE)*$F26*$D26) -> 0 | K26: =SUM(G26:J26) -> 3065.6461 | L26: =+K26-F26 -> 0
A27: =+KA!A25 -> 24 | B27: =+KA!B25 -> 524130 | C27: =+KA!C25 -> Bewirtschaftung der Grund stücke und baulichen Anlagen - Reinigung | D27: 1 | E27: Gb | F27: =+HLOOKUP($F$1,KA!$G:$I,ROWS($1:25),FALSE) -> 25440.133 | G27: =+IF($E27="",0,VLOOKUP($E27,Mengenschlüssel!$C$13:$H$22,COLUMNS($C:E),FALSE)*$F27*$D27) -> 0 | H27: =+IF($E27="",0,VLOOKUP($E27,Mengenschlüssel!$C$13:$H$22,COLUMNS($C:F),FALSE)*$F27*$D27) -> 0 | I27: =+IF($E27="",0,VLOOKUP($E27,Mengenschlüssel!$C$13:$H$22,COLUMNS($C:G),FALSE)*$F27*$D27) -> 25440.133 | J27: =+IF($E27="",0,VLOOKUP($E27,Mengenschlüssel!$C$13:$H$22,COLUMNS($C:H),FALSE)*$F27*$D27) -> 0 | K27: =SUM(G27:J27) -> 25440.133 | L27: =+K27-F27 -> 0
A28: =+KA!A26 -> 25 | B28: =+KA!B26 -> 524149 | C28: =+KA!C26 -> Bewirtschaftung der Grund stücke und baulichen Anlagen - Versicherungen | D28: 1 | E28: Gb | F28: =+HLOOKUP($F$1,KA!$G:$I,ROWS($1:26),FALSE) -> 4818.54 | G28: =+IF($E28="",0,VLOOKUP($E28,Mengenschlüssel!$C$13:$H$22,COLUMNS($C:E),FALSE)*$F28*$D28) -> 0 | H28: =+IF($E28="",0,VLOOKUP($E28,Mengenschlüssel!$C$13:$H$22,COLUMNS($C:F),FALSE)*$F28*$D28) -> 0 | I28: =+IF($E28="",0,VLOOKUP($E28,Mengenschlüssel!$C$13:$H$22,COLUMNS($C:G),FALSE)*$F28*$D28) -> 4818.54 | J28: =+IF($E28="",0,VLOOKUP($E28,Mengenschlüssel!$C$13:$H$22,COLUMNS($C:H),FALSE)*$F28*$D28) -> 0 | K28: =SUM(G28:J28) -> 4818.54 | L28: =+K28-F28 -> 0
A29: =+KA!A27 -> 26 | B29: =+KA!B27 -> 524156 | C29: =+KA!C27 -> SN Bewirtschaftung der Grund stücke und baulichen Anlagen - Energie/Strom | D29: 1 | E29: Gb | F29: =+HLOOKUP($F$1,KA!$G:$I,ROWS($1:27),FALSE) -> 29812.007 | G29: =+IF($E29="",0,VLOOKUP($E29,Mengenschlüssel!$C$13:$H$22,COLUMNS($C:E),FALSE)*$F29*$D29) -> 0 | H29: =+IF($E29="",0,VLOOKUP($E29,Mengenschlüssel!$C$13:$H$22,COLUMNS($C:F),FALSE)*$F29*$D29) -> 0 | I29: =+IF($E29="",0,VLOOKUP($E29,Mengenschlüssel!$C$13:$H$22,COLUMNS($C:G),FALSE)*$F29*$D29) -> 29812.007 | J29: =+IF($E29="",0,VLOOKUP($E29,Mengenschlüssel!$C$13:$H$22,COLUMNS($C:H),FALSE)*$F29*$D29) -> 0 | K29: =SUM(G29:J29) -> 29812.007 | L29: =+K29-F29 -> 0
A30: =+KA!A28 -> 27 | B30: =+KA!B28 -> 524157 | C30: =+KA!C28 -> Bewirtschaftung der Grund stücke und baulichen Anlagen - Gas | D30: 1 | E30: Gb | F30: =+HLOOKUP($F$1,KA!$G:$I,ROWS($1:28),FALSE) -> 23119.014 | G30: =+IF($E30="",0,VLOOKUP($E30,Mengenschlüssel!$C$13:$H$22,COLUMNS($C:E),FALSE)*$F30*$D30) -> 0 | H30: =+IF($E30="",0,VLOOKUP($E30,Mengenschlüssel!$C$13:$H$22,COLUMNS($C:F),FALSE)*$F30*$D30) -> 0 | I30: =+IF($E30="",0,VLOOKUP($E30,Mengenschlüssel!$C$13:$H$22,COLUMNS($C:G),FALSE)*$F30*$D30) -> 23119.014 | J30: =+IF($E30="",0,VLOOKUP($E30,Mengenschlüssel!$C$13:$H$22,COLUMNS($C:H),FALSE)*$F30*$D30) -> 0 | K30: =SUM(G30:J30) -> 23119.014 | L30: =+K30-F30 -> 0
A31: =+KA!A29 -> 28 | B31: =+KA!B29 -> 524158 | C31: =+KA!C29 -> SN Bewirtschaftung der Grund stücke und baulichen Anlagen - Wasser | D31: 1 | E31: Gb | F31: =+HLOOKUP($F$1,KA!$G:$I,ROWS($1:29),FALSE) -> 1632.9145 | G31: =+IF($E31="",0,VLOOKUP($E31,Mengenschlüssel!$C$13:$H$22,COLUMNS($C:E),FALSE)*$F31*$D31) -> 0 | H31: =+IF($E31="",0,VLOOKUP($E31,Mengenschlüssel!$C$13:$H$22,COLUMNS($C:F),FALSE)*$F31*$D31) -> 0 | I31: =+IF($E31="",0,VLOOKUP($E31,Mengenschlüssel!$C$13:$H$22,COLUMNS($C:G),FALSE)*$F31*$D31) -> 1632.9145 | J31: =+IF($E31="",0,VLOOKUP($E31,Mengenschlüssel!$C$13:$H$22,COLUMNS($C:H),FALSE)*$F31*$D31) -> 0 | K31: =SUM(G31:J31) -> 1632.9145 | L31: =+K31-F31 -> 0
A32: =+KA!A30 -> 29 | B32: =+KA!B30 -> 525101 | C32: =+KA!C30 -> Unterhaltung von Fahrzeugen 1) | D32: 1 | E32: FZ | F32: =+HLOOKUP($F$1,KA!$G:$I,ROWS($1:30),FALSE) -> 349.79 | G32: =+IF($E32="",0,VLOOKUP($E32,Mengenschlüssel!$C$13:$H$22,COLUMNS($C:E),FALSE)*$F32*$D32) -> 349.79 | H32: =+IF($E32="",0,VLOOKUP($E32,Mengenschlüssel!$C$13:$H$22,COLUMNS($C:F),FALSE)*$F32*$D32) -> 0 | I32: =+IF($E32="",0,VLOOKUP($E32,Mengenschlüssel!$C$13:$H$22,COLUMNS($C:G),FALSE)*$F32*$D32) -> 0 | J32: =+IF($E32="",0,VLOOKUP($E32,Mengenschlüssel!$C$13:$H$22,COLUMNS($C:H),FALSE)*$F32*$D32) -> 0 | K32: =SUM(G32:J32) -> 349.79 | L32: =+K32-F32 -> 0
A33: =+KA!A31 -> 30 | B33: =+KA!B31 -> 525103 | C33: =+KA!C31 -> Bewirtschaftung von Fahrzeugen - Sonstige 2) | D33: 1 | E33: FZ | F33: =+HLOOKUP($F$1,KA!$G:$I,ROWS($1:31),FALSE) -> 6043.8004 | G33: =+IF($E33="",0,VLOOKUP($E33,Mengenschlüssel!$C$13:$H$22,COLUMNS($C:E),FALSE)*$F33*$D33) -> 6043.8004 | H33: =+IF($E33="",0,VLOOKUP($E33,Mengenschlüssel!$C$13:$H$22,COLUMNS($C:F),FALSE)*$F33*$D33) -> 0 | I33: =+IF($E33="",0,VLOOKUP($E33,Mengenschlüssel!$C$13:$H$22,COLUMNS($C:G),FALSE)*$F33*$D33) -> 0 | J33: =+IF($E33="",0,VLOOKUP($E33,Mengenschlüssel!$C$13:$H$22,COLUMNS($C:H),FALSE)*$F33*$D33) -> 0 | K33: =SUM(G33:J33) -> 6043.8004 | L33: =+K33-F33 -> 0
A34: =+KA!A32 -> 31 | B34: =+KA!B32 -> 525192 | C34: =+KA!C32 -> SN Bewirtschaftung von KfZ - Versicherung/Steuern 3) | D34: 1 | E34: FZ | F34: =+HLOOKUP($F$1,KA!$G:$I,ROWS($1:32),FALSE) -> 106.48 | G34: =+IF($E34="",0,VLOOKUP($E34,Mengenschlüssel!$C$13:$H$22,COLUMNS($C:E),FALSE)*$F34*$D34) -> 106.48 | H34: =+IF($E34="",0,VLOOKUP($E34,Mengenschlüssel!$C$13:$H$22,COLUMNS($C:F),FALSE)*$F34*$D34) -> 0 | I34: =+IF($E34="",0,VLOOKUP($E34,Mengenschlüssel!$C$13:$H$22,COLUMNS($C:G),FALSE)*$F34*$D34) -> 0 | J34: =+IF($E34="",0,VLOOKUP($E34,Mengenschlüssel!$C$13:$H$22,COLUMNS($C:H),FALSE)*$F34*$D34) -> 0 | K34: =SUM(G34:J34) -> 106.48 | L34: =+K34-F34 -> 0
A35: =+KA!A33 -> 32 | B35: =+KA!B33 -> 525510 | C35: =+KA!C33 -> Unterhaltung des sonstigen beweglichen Vermögens - Betriebs- und Geschäfts ausstattung | D35: 1 | E35: VW | F35: =+HLOOKUP($F$1,KA!$G:$I,ROWS($1:33),FALSE) -> 19971.059 | G35: =+IF($E35="",0,VLOOKUP($E35,Mengenschlüssel!$C$13:$H$22,COLUMNS($C:E),FALSE)*$F35*$D35) -> 0 | H35: =+IF($E35="",0,VLOOKUP($E35,Mengenschlüssel!$C$13:$H$22,COLUMNS($C:F),FALSE)*$F35*$D35) -> 0 | I35: =+IF($E35="",0,VLOOKUP($E35,Mengenschlüssel!$C$13:$H$22,COLUMNS($C:G),FALSE)*$F35*$D35) -> 0 | J35: =+IF($E35="",0,VLOOKUP($E35,Mengenschlüssel!$C$13:$H$22,COLUMNS($C:H),FALSE)*$F35*$D35) -> 19971.059 | K35: =SUM(G35:J35) -> 19971.059 | L35: =+K35-F35 -> 0
A36: =+KA!A34 -> 33 | B36: =+KA!B34 -> 525530 | C36: =+KA!C34 -> Unterhaltung des sonstigen beweglichen Vermögens - Betriebsvorrichtungen | D36: 1 | E36: VW | F36: =+HLOOKUP($F$1,KA!$G:$I,ROWS($1:34),FALSE) -> 689.41 | G36: =+IF($E36="",0,VLOOKUP($E36,Mengenschlüssel!$C$13:$H$22,COLUMNS($C:E),FALSE)*$F36*$D36) -> 0 | H36: =+IF($E36="",0,VLOOKUP($E36,Mengenschlüssel!$C$13:$H$22,COLUMNS($C:F),FALSE)*$F36*$D36) -> 0 | I36: =+IF($E36="",0,VLOOKUP($E36,Mengenschlüssel!$C$13:$H$22,COLUMNS($C:G),FALSE)*$F36*$D36) -> 0 | J36: =+IF($E36="",0,VLOOKUP($E36,Mengenschlüssel!$C$13:$H$22,COLUMNS($C:H),FALSE)*$F36*$D36) -> 689.41 | K36: =SUM(G36:J36) -> 689.41 | L36: =+K36-F36 -> 0
A37: =+KA!A35 -> 34 | B37: =+KA!B35 -> 528110 | C37: =+KA!C35 -> Aufwendungen für sonstige Sachleistungen - Ver- und Gebrauchsmaterialien | D37: 0.4 | E37: VW | F37: =+HLOOKUP($F$1,KA!$G:$I,ROWS($1:35),FALSE) -> 17878.352 | G37: =+IF($E37="",0,VLOOKUP($E37,Mengenschlüssel!$C$13:$H$22,COLUMNS($C:E),FALSE)*$F37*$D37) -> 0 | H37: =+IF($E37="",0,VLOOKUP($E37,Mengenschlüssel!$C$13:$H$22,COLUMNS($C:F),FALSE)*$F37*$D37) -> 0 | I37: =+IF($E37="",0,VLOOKUP($E37,Mengenschlüssel!$C$13:$H$22,COLUMNS($C:G),FALSE)*$F37*$D37) -> 0 | J37: =+IF($E37="",0,VLOOKUP($E37,Mengenschlüssel!$C$13:$H$22,COLUMNS($C:H),FALSE)*$F37*$D37) -> 7151.3408 | K37: =SUM(G37:J37) -> 7151.3408 | L37: =+K37-F37 -> -10727.011
A38: =+KA!A36 -> 35 | B38: =+KA!B36 -> 528190 | C38: =+KA!C36 -> Aufwendungen für sonstige Sachleistungen | D38: 1 | E38: PE | F38: =+HLOOKUP($F$1,KA!$G:$I,ROWS($1:36),FALSE) -> 1485.72 | G38: =+IF($E38="",0,VLOOKUP($E38,Mengenschlüssel!$C$13:$H$22,COLUMNS($C:E),FALSE)*$F38*$D38) -> 0 | H38: =+IF($E38="",0,VLOOKUP($E38,Mengenschlüssel!$C$13:$H$22,COLUMNS($C:F),FALSE)*$F38*$D38) -> 1485.72 | I38: =+IF($E38="",0,VLOOKUP($E38,Mengenschlüssel!$C$13:$H$22,COLUMNS($C:G),FALSE)*$F38*$D38) -> 0 | J38: =+IF($E38="",0,VLOOKUP($E38,Mengenschlüssel!$C$13:$H$22,COLUMNS($C:H),FALSE)*$F38*$D38) -> 0 | K38: =SUM(G38:J38) -> 1485.72 | L38: =+K38-F38 -> 0
A39: =+KA!A37 -> 36 | B39: =+KA!B37 -> 529190 | C39: =+KA!C37 -> Sonstige Dienstleistungen durch Dritte | D39: 1 | E39: PE | F39: =+HLOOKUP($F$1,KA!$G:$I,ROWS($1:37),FALSE) -> 3338.04 | G39: =+IF($E39="",0,VLOOKUP($E39,Mengenschlüssel!$C$13:$H$22,COLUMNS($C:E),FALSE)*$F39*$D39) -> 0 | H39: =+IF($E39="",0,VLOOKUP($E39,Mengenschlüssel!$C$13:$H$22,COLUMNS($C:F),FALSE)*$F39*$D39) -> 3338.04 | I39: =+IF($E39="",0,VLOOKUP($E39,Mengenschlüssel!$C$13:$H$22,COLUMNS($C:G),FALSE)*$F39*$D39) -> 0 | J39: =+IF($E39="",0,VLOOKUP($E39,Mengenschlüssel!$C$13:$H$22,COLUMNS($C:H),FALSE)*$F39*$D39) -> 0 | K39: =SUM(G39:J39) -> 3338.04 | L39: =+K39-F39 -> 0
A40: =+KA!A38 -> 37 | B40: =+KA!B38 -> 531890 | C40: =+KA!C38 -> Zuweisungen und Zuschüsse für laufende Zwecke an übrige Bereiche - Sonstige | D40: 0 | F40: =+HLOOKUP($F$1,KA!$G:$I,ROWS($1:38),FALSE) -> 3600 | G40: =+IF($E40="",0,VLOOKUP($E40,Mengenschlüssel!$C$13:$H$22,COLUMNS($C:E),FALSE)*$F40*$D40) -> 0 | H40: =+IF($E40="",0,VLOOKUP($E40,Mengenschlüssel!$C$13:$H$22,COLUMNS($C:F),FALSE)*$F40*$D40) -> 0 | I40: =+IF($E40="",0,VLOOKUP($E40,Mengenschlüssel!$C$13:$H$22,COLUMNS($C:G),FALSE)*$F40*$D40) -> 0 | J40: =+IF($E40="",0,VLOOKUP($E40,Mengenschlüssel!$C$13:$H$22,COLUMNS($C:H),FALSE)*$F40*$D40) -> 0 | K40: =SUM(G40:J40) -> 0 | L40: =+K40-F40 -> -3600
A41: =+KA!A39 -> 38 | B41: =+KA!B39 -> 541211 | C41: =+KA!C39 -> Besondere Aufwendungen für Be schäftigte - Fortbildung Dez I | D41: 1 | E41: PE | F41: =+HLOOKUP($F$1,KA!$G:$I,ROWS($1:39),FALSE) -> 17505.44 | G41: =+IF($E41="",0,VLOOKUP($E41,Mengenschlüssel!$C$13:$H$22,COLUMNS($C:E),FALSE)*$F41*$D41) -> 0 | H41: =+IF($E41="",0,VLOOKUP($E41,Mengenschlüssel!$C$13:$H$22,COLUMNS($C:F),FALSE)*$F41*$D41) -> 17505.44 | I41: =+IF($E41="",0,VLOOKUP($E41,Mengenschlüssel!$C$13:$H$22,COLUMNS($C:G),FALSE)*$F41*$D41) -> 0 | J41: =+IF($E41="",0,VLOOKUP($E41,Mengenschlüssel!$C$13:$H$22,COLUMNS($C:H),FALSE)*$F41*$D41) -> 0 | K41: =SUM(G41:J41) -> 17505.44 | L41: =+K41-F41 -> 0
A42: =+KA!A40 -> 39 | B42: =+KA!B40 -> 542120 | C42: =+KA!C40 -> Aufwendungen für die freiwillige Feuerwehr | D42: 0 | E42: PE | F42: =+HLOOKUP($F$1,KA!$G:$I,ROWS($1:40),FALSE) -> 40415.798 | G42: =+IF($E42="",0,VLOOKUP($E42,Mengenschlüssel!$C$13:$H$22,COLUMNS($C:E),FALSE)*$F42*$D42) -> 0 | H42: =+IF($E42="",0,VLOOKUP($E42,Mengenschlüssel!$C$13:$H$22,COLUMNS($C:F),FALSE)*$F42*$D42) -> 0 | I42: =+IF($E42="",0,VLOOKUP($E42,Mengenschlüssel!$C$13:$H$22,COLUMNS($C:G),FALSE)*$F42*$D42) -> 0 | J42: =+IF($E42="",0,VLOOKUP($E42,Mengenschlüssel!$C$13:$H$22,COLUMNS($C:H),FALSE)*$F42*$D42) -> 0 | K42: =SUM(G42:J42) -> 0 | L42: =+K42-F42 -> -40415.798
A43: =+KA!A41 -> 40 | B43: =+KA!B41 -> 544110 | C43: =+KA!C41 -> Versicherungsbeiträge (ohne KfZ) | D43: 1 | E43: PE | F43: =+HLOOKUP($F$1,KA!$G:$I,ROWS($1:41),FALSE) -> 18385.01 | G43: =+IF($E43="",0,VLOOKUP($E43,Mengenschlüssel!$C$13:$H$22,COLUMNS($C:E),FALSE)*$F43*$D43) -> 0 | H43: =+IF($E43="",0,VLOOKUP($E43,Mengenschlüssel!$C$13:$H$22,COLUMNS($C:F),FALSE)*$F43*$D43) -> 18385.01 | I43: =+IF($E43="",0,VLOOKUP($E43,Mengenschlüssel!$C$13:$H$22,COLUMNS($C:G),FALSE)*$F43*$D43) -> 0 | J43: =+IF($E43="",0,VLOOKUP($E43,Mengenschlüssel!$C$13:$H$22,COLUMNS($C:H),FALSE)*$F43*$D43) -> 0 | K43: =SUM(G43:J43) -> 18385.01 | L43: =+K43-F43 -> 0
A44: =+KA!A42 -> 41 | B44: =+KA!B42 -> 571100 | C44: =+KA!C42 -> Abschreibungen auf Sachanlagen und immaterielle Vermögensgegenstände | D44: 0 | F44: =+HLOOKUP($F$1,KA!$G:$I,ROWS($1:42),FALSE) -> 389627.34 | G44: =+IF($E44="",0,VLOOKUP($E44,Mengenschlüssel!$C$13:$H$22,COLUMNS($C:E),FALSE)*$F44*$D44) -> 0 | H44: =+IF($E44="",0,VLOOKUP($E44,Mengenschlüssel!$C$13:$H$22,COLUMNS($C:F),FALSE)*$F44*$D44) -> 0 | I44: =+IF($E44="",0,VLOOKUP($E44,Mengenschlüssel!$C$13:$H$22,COLUMNS($C:G),FALSE)*$F44*$D44) -> 0 | J44: =+IF($E44="",0,VLOOKUP($E44,Mengenschlüssel!$C$13:$H$22,COLUMNS($C:H),FALSE)*$F44*$D44) -> 0 | K44: =SUM(G44:J44) -> 0 | L44: =+K44-F44 -> -389627.34
A45: =+KA!A43 -> 42 | B45: =+KA!B43 -> 0 | C45: =+KA!C43 -> allgemeine Verwaltung | D45: 1 | E45: VW | F45: =+HLOOKUP($F$1,KA!$G:$I,ROWS($1:43),FALSE) -> 74485.708 | G45: =+IF($E45="",0,VLOOKUP($E45,Mengenschlüssel!$C$13:$H$22,COLUMNS($C:E),FALSE)*$F45*$D45) -> 0 | H45: =+IF($E45="",0,VLOOKUP($E45,Mengenschlüssel!$C$13:$H$22,COLUMNS($C:F),FALSE)*$F45*$D45) -> 0 | I45: =+IF($E45="",0,VLOOKUP($E45,Mengenschlüssel!$C$13:$H$22,COLUMNS($C:G),FALSE)*$F45*$D45) -> 0 | J45: =+IF($E45="",0,VLOOKUP($E45,Mengenschlüssel!$C$13:$H$22,COLUMNS($C:H),FALSE)*$F45*$D45) -> 74485.708 | K45: =SUM(G45:J45) -> 74485.708 | L45: =+K45-F45 -> 0
A46: =+KA!A44 -> 43 | B46: =+KA!B44 -> 573120 | C46: =+KA!C44 -> Forderungsverluste | D46: 0 | F46: =+HLOOKUP($F$1,KA!$G:$I,ROWS($1:44),FALSE) -> 1183.47 | G46: =+IF($E46="",0,VLOOKUP($E46,Mengenschlüssel!$C$13:$H$22,COLUMNS($C:E),FALSE)*$F46*$D46) -> 0 | H46: =+IF($E46="",0,VLOOKUP($E46,Mengenschlüssel!$C$13:$H$22,COLUMNS($C:F),FALSE)*$F46*$D46) -> 0 | I46: =+IF($E46="",0,VLOOKUP($E46,Mengenschlüssel!$C$13:$H$22,COLUMNS($C:G),FALSE)*$F46*$D46) -> 0 | J46: =+IF($E46="",0,VLOOKUP($E46,Mengenschlüssel!$C$13:$H$22,COLUMNS($C:H),FALSE)*$F46*$D46) -> 0 | K46: =SUM(G46:J46) -> 0 | L46: =+K46-F46 -> -1183.47
A47: =+A46+1 -> 44 | C47: Abschreibungen | D47: 1 | E47: FZ | F47: =+HLOOKUP($F$1,Anlagen!$L$108:$N$112,ROWS($1:2),FALSE) -> 4756.611 | G47: =+IF($E47="",0,VLOOKUP($E47,Mengenschlüssel!$C$13:$H$22,COLUMNS($C:E),FALSE)*$F47*$D47) -> 4756.611 | H47: =+IF($E47="",0,VLOOKUP($E47,Mengenschlüssel!$C$13:$H$22,COLUMNS($C:F),FALSE)*$F47*$D47) -> 0 | I47: =+IF($E47="",0,VLOOKUP($E47,Mengenschlüssel!$C$13:$H$22,COLUMNS($C:G),FALSE)*$F47*$D47) -> 0 | J47: =+IF($E47="",0,VLOOKUP($E47,Mengenschlüssel!$C$13:$H$22,COLUMNS($C:H),FALSE)*$F47*$D47) -> 0 | K47: =SUM(G47:J47) -> 4756.611 | L47: =+K47-F47 -> 0
A48: =+A47+1 -> 45 | C48: Abschreibungen | D48: 1 | E48: PE | F48: =+HLOOKUP($F$1,Anlagen!$L$108:$N$112,ROWS($1:3),FALSE) -> 2194.706 | G48: =+IF($E48="",0,VLOOKUP($E48,Mengenschlüssel!$C$13:$H$22,COLUMNS($C:E),FALSE)*$F48*$D48) -> 0 | H48: =+IF($E48="",0,VLOOKUP($E48,Mengenschlüssel!$C$13:$H$22,COLUMNS($C:F),FALSE)*$F48*$D48) -> 2194.706 | I48: =+IF($E48="",0,VLOOKUP($E48,Mengenschlüssel!$C$13:$H$22,COLUMNS($C:G),FALSE)*$F48*$D48) -> 0 | J48: =+IF($E48="",0,VLOOKUP($E48,Mengenschlüssel!$C$13:$H$22,COLUMNS($C:H),FALSE)*$F48*$D48) -> 0 | K48: =SUM(G48:J48) -> 2194.706 | L48: =+K48-F48 -> 0
A49: =+A48+1 -> 46 | C49: Abschreibungen | D49: 1 | E49: Gb | F49: =+HLOOKUP($F$1,Anlagen!$L$108:$N$112,ROWS($1:4),FALSE) -> 128942.79 | G49: =+IF($E49="",0,VLOOKUP($E49,Mengenschlüssel!$C$13:$H$22,COLUMNS($C:E),FALSE)*$F49*$D49) -> 0 | H49: =+IF($E49="",0,VLOOKUP($E49,Mengenschlüssel!$C$13:$H$22,COLUMNS($C:F),FALSE)*$F49*$D49) -> 0 | I49: =+IF($E49="",0,VLOOKUP($E49,Mengenschlüssel!$C$13:$H$22,COLUMNS($C:G),FALSE)*$F49*$D49) -> 128942.79 | J49: =+IF($E49="",0,VLOOKUP($E49,Mengenschlüssel!$C$13:$H$22,COLUMNS($C:H),FALSE)*$F49*$D49) -> 0 | K49: =SUM(G49:J49) -> 128942.79 | L49: =+K49-F49 -> 0
A50: =+A49+1 -> 47 | C50: Abschreibungen | D50: 1 | E50: VW | F50: =+HLOOKUP($F$1,Anlagen!$L$108:$N$112,ROWS($1:5),FALSE) -> 12440.188 | G50: =+IF($E50="",0,VLOOKUP($E50,Mengenschlüssel!$C$13:$H$22,COLUMNS($C:E),FALSE)*$F50*$D50) -> 0 | H50: =+IF($E50="",0,VLOOKUP($E50,Mengenschlüssel!$C$13:$H$22,COLUMNS($C:F),FALSE)*$F50*$D50) -> 0 | I50: =+IF($E50="",0,VLOOKUP($E50,Mengenschlüssel!$C$13:$H$22,COLUMNS($C:G),FALSE)*$F50*$D50) -> 0 | J50: =+IF($E50="",0,VLOOKUP($E50,Mengenschlüssel!$C$13:$H$22,COLUMNS($C:H),FALSE)*$F50*$D50) -> 12440.188 | K50: =SUM(G50:J50) -> 12440.188 | L50: =+K50-F50 -> 0
A51: =+A50+1 -> 48 | C51: Zinsen | D51: 1 | E51: FZ | F51: =+HLOOKUP($F$1,Anlagen!$P$108:$R$112,ROWS($1:2),FALSE) -> 2156.5497 | G51: =+IF($E51="",0,VLOOKUP($E51,Mengenschlüssel!$C$13:$H$22,COLUMNS($C:E),FALSE)*$F51*$D51) -> 2156.5497 | H51: =+IF($E51="",0,VLOOKUP($E51,Mengenschlüssel!$C$13:$H$22,COLUMNS($C:F),FALSE)*$F51*$D51) -> 0 | I51: =+IF($E51="",0,VLOOKUP($E51,Mengenschlüssel!$C$13:$H$22,COLUMNS($C:G),FALSE)*$F51*$D51) -> 0 | J51: =+IF($E51="",0,VLOOKUP($E51,Mengenschlüssel!$C$13:$H$22,COLUMNS($C:H),FALSE)*$F51*$D51) -> 0 | K51: =SUM(G51:J51) -> 2156.5497 | L51: =+K51-F51 -> 0
A52: =+A51+1 -> 49 | C52: Zinsen | D52: 1 | E52: PE | F52: =+HLOOKUP($F$1,Anlagen!$P$108:$R$112,ROWS($1:3),FALSE) -> 929.93089 | G52: =+IF($E52="",0,VLOOKUP($E52,Mengenschlüssel!$C$13:$H$22,COLUMNS($C:E),FALSE)*$F52*$D52) -> 0 | H52: =+IF($E52="",0,VLOOKUP($E52,Mengenschlüssel!$C$13:$H$22,COLUMNS($C:F),FALSE)*$F52*$D52) -> 929.93089 | I52: =+IF($E52="",0,VLOOKUP($E52,Mengenschlüssel!$C$13:$H$22,COLUMNS($C:G),FALSE)*$F52*$D52) -> 0 | J52: =+IF($E52="",0,VLOOKUP($E52,Mengenschlüssel!$C$13:$H$22,COLUMNS($C:H),FALSE)*$F52*$D52) -> 0 | K52: =SUM(G52:J52) -> 929.93089 | L52: =+K52-F52 -> 0
A53: =+A52+1 -> 50 | C53: Zinsen | D53: 1 | E53: Gb | F53: =+HLOOKUP($F$1,Anlagen!$P$108:$R$112,ROWS($1:4),FALSE) -> 362944.75 | G53: =+IF($E53="",0,VLOOKUP($E53,Mengenschlüssel!$C$13:$H$22,COLUMNS($C:E),FALSE)*$F53*$D53) -> 0 | H53: =+IF($E53="",0,VLOOKUP($E53,Mengenschlüssel!$C$13:$H$22,COLUMNS($C:F),FALSE)*$F53*$D53) -> 0 | I53: =+IF($E53="",0,VLOOKUP($E53,Mengenschlüssel!$C$13:$H$22,COLUMNS($C:G),FALSE)*$F53*$D53) -> 362944.75 | J53: =+IF($E53="",0,VLOOKUP($E53,Mengenschlüssel!$C$13:$H$22,COLUMNS($C:H),FALSE)*$F53*$D53) -> 0 | K53: =SUM(G53:J53) -> 362944.75 | L53: =+K53-F53 -> 0
A54: =+A53+1 -> 51 | C54: Zinsen | D54: 1 | E54: VW | F54: =+HLOOKUP($F$1,Anlagen!$P$108:$R$112,ROWS($1:5),FALSE) -> 2582.7438 | G54: =+IF($E54="",0,VLOOKUP($E54,Mengenschlüssel!$C$13:$H$22,COLUMNS($C:E),FALSE)*$F54*$D54) -> 0 | H54: =+IF($E54="",0,VLOOKUP($E54,Mengenschlüssel!$C$13:$H$22,COLUMNS($C:F),FALSE)*$F54*$D54) -> 0 | I54: =+IF($E54="",0,VLOOKUP($E54,Mengenschlüssel!$C$13:$H$22,COLUMNS($C:G),FALSE)*$F54*$D54) -> 0 | J54: =+IF($E54="",0,VLOOKUP($E54,Mengenschlüssel!$C$13:$H$22,COLUMNS($C:H),FALSE)*$F54*$D54) -> 2582.7438 | K54: =SUM(G54:J54) -> 2582.7438 | L54: =+K54-F54 -> 0
A55: =+A54+1 -> 52 | C55: Primärkosten | G55: =SUM(G4:G54) -> 13413.231 | H55: =SUM(H4:H54) -> 39906.757 | I55: =SUM(I4:I54) -> 661661.19 | J55: =SUM(J4:J54) -> 135943.96 | K55: =SUM(G55:J55) -> 850925.13
A56: =+A55+1 -> 53
A57: =+A56+1 -> 54 | C57: Kostenschlüssel Verwaltung (in %) | F57: =SUM(G55:I55) -> 714981.18 | G57: =+G55/$F$57 -> 0.018760258 | H57: =+H55/$F$57 -> 0.055815115 | I57: =+I55/$F$57 -> 0.92542463 | K57: =SUM(G57:J57) -> 1
A58: =+A57+1 -> 55 | C58: Kostenschlüssel Gebäude (in m²) | F58: =SUM(G58:H58) -> 3045.349 | G58: ='Berechnung qm'!H8 -> 1411.627 | H58: ='Berechnung qm'!I8 -> 1633.722
A59: =+A58+1 -> 56
A60: =+A59+1 -> 57 | C60: Kostenumlage Verwaltung | F60: =+J55 -> 135943.96 | G60: =$F$60*G57 -> 2550.3436 | H60: =+$F$60*H57 -> 7587.7276 | I60: =+$F$60*I57 -> 125805.88 | K60: =SUM(G60:J60) -> 135943.96 | L60: =+K60-F60 -> 0
A61: =+A60+1 -> 58 | C61: Kostenumlage Gebäude | F61: =+I55+I60 -> 787467.07 | G61: =+$F$61/$F$58*G58 -> 365018.85 | H61: =+$F$61/$F$58*H58 -> 422448.23 | K61: =SUM(G61:J61) -> 787467.07 | L61: =+K61-F61 -> 0
A62: =+A61+1 -> 59 | C62: Summe Sekundärkosten | G62: =SUM(G60:G61) -> 367569.19 | H62: =SUM(H60:H61) -> 430035.95
A63: =+A62+1 -> 60
A64: =+A63+1 -> 61 | C64: Gesamtkosten je Hauptkostenstelle | G64: =+G62+G55 -> 380982.42 | H64: =+H62+H55 -> 469942.71 | K64: =SUM(G64:J64) -> 850925.13 | L64: =+K64-K55 -> 0
A65: =+A64+1 -> 62
A66: =+A65+1 -> 63 | C66: Einzelkosten | G66: =+KT!G18 -> 235356.98 | H66: =+KT!C27 -> 2313996.8
A67: =+A66+1 -> 64
A68: =+A67+1 -> 65 | C68: Zuschlagssatz (Gemk. / Einzk.) | G68: =+G64/G66 -> 1.6187428 | H68: =+H64/H66 -> 0.20308701

Sheet KT
A1: Kostenträgerrechnung | D1: 2016 | F1: Jahresstunden | G1: 2000
A3: Fahrzeuge | B3: Abschreibung | C3: Zinsen | D3: Versicherung/ Steuern | E3: Unterhaltung | F3: Kraftstoffe | G3: Summe | H3: Einssatzstunden | I3: Gebf. Kosten | J3: GKZ | K3: Summe | L3: EUR/Einsatzstunde | M3: =+Anlagen!L1 -> 2016 | N3: =+Anlagen!M1 -> 2017 | O3: =+Anlagen!N1 -> 2018 | P3: Durchschnitt
A4: =+Legende!A7 -> Einsatzleitwagen1 | B4: =+HLOOKUP($D$1,Anlagen!$L$108:$N$127,ROWS($1:7),FALSE) -> 4203.38 | C4: =+HLOOKUP($D$1,Anlagen!$P$108:$R$127,ROWS($1:7),FALSE) -> 2185.7576 | D4: 355.13 | E4: 3749.43 | F4: ='Korrektur Dieselkosten'!F2 -> 250.98328 | G4: =SUM(B4:F4) -> 10744.681 | H4: 123 | I4: =+IF($G$1="",G4,(G4-F4)/$G$1*H4+F4) -> 896.34568 | J4: =+I4*$B$20 -> 1450.9531 | K4: =+I4+J4 -> 2347.2988 | L4: =+K4/H4 -> 19.08373 | M4: 19.08373 | N4: 19.002428 | O4: 19.605284 | P4: =+AVERAGE(M4:O4) -> 19.230481
A5: =+Legende!A8 -> Gerätewagen Gefahrgut | B5: =+HLOOKUP($D$1,Anlagen!$L$108:$N$127,ROWS($1:8),FALSE) -> 0 | C5: =+HLOOKUP($D$1,Anlagen!$P$108:$R$127,ROWS($1:8),FALSE) -> 0 | D5: 355.13 | E5: 269.04 | F5: 0 | G5: =SUM(B5:F5) -> 624.17 | H5: 7 | I5: =+IF($G$1="",G5,(G5-F5)/$G$1*H5+F5) -> 2.184595 | J5: =+I5*$B$20 -> 3.5362974 | K5: =+I5+J5 -> 5.7208924 | L5: =+K5/H5 -> 0.81727035 | M5: 0.81727035 | N5: 0.82933537 | O5: 0.87231109 | P5: =+AVERAGE(M5:O5) -> 0.83963893
A6: =+Legende!A9 -> Gerätewagen Logistik | B6: =+HLOOKUP($D$1,Anlagen!$L$108:$N$127,ROWS($1:9),FALSE) -> 3459.324 | C6: =+HLOOKUP($D$1,Anlagen!$P$108:$R$127,ROWS($1:9),FALSE) -> 674.56818 | D6: 355.13 | E6: 2227.2 | F6: 480.14 | G6: =SUM(B6:F6) -> 7196.3622 | H6: 72 | I6: =+IF($G$1="",G6,(G6-F6)/$G$1*H6+F6) -> 721.924 | J6: =+I6*$B$20 -> 1168.6093 | K6: =+I6+J6 -> 1890.5333 | L6: =+K6/H6 -> 26.257407 | M6: 26.257407 | N6: 26.346267 | O6: 27.397268 | P6: =+AVERAGE(M6:O6) -> 26.666981
A7: =+Legende!A10 -> Hilfeleistungslöschfahrzeug | B7: =+HLOOKUP($D$1,Anlagen!$L$108:$N$127,ROWS($1:10),FALSE) -> 36745.285 | C7: =+HLOOKUP($D$1,Anlagen!$P$108:$R$127,ROWS($1:10),FALSE) -> 44340.77 | D7: 1282.69 | E7: 2866.22 | F7: 3417.63 | G7: =SUM(B7:F7) -> 88652.595 | H7: 239 | I7: =+IF($G$1="",G7,(G7-F7)/$G$1*H7+F7) -> 13603.208 | J7: =+I7*$B$20 -> 22020.096 | K7: =+I7+J7 -> 35623.304 | L7: =+K7/H7 -> 149.05148 | M7: 149.05148 | N7: 148.07834 | O7: 152.4137 | P7: =+AVERAGE(M7:O7) -> 149.84784
A8: =+Legende!A11 -> Kleineinsatzfahrzeug | B8: =+HLOOKUP($D$1,Anlagen!$L$108:$N$127,ROWS($1:11),FALSE) -> 2552.133 | C8: =+HLOOKUP($D$1,Anlagen!$P$108:$R$127,ROWS($1:11),FALSE) -> 1658.8865 | D8: 355.13 | E8: 1519.64 | F8: 580.3 | G8: =SUM(B8:F8) -> 6666.0895 | H8: 18 | I8: =+IF($G$1="",G8,(G8-F8)/$G$1*H8+F8) -> 635.07211 | J8: =+I8*$B$20 -> 1028.0184 | K8: =+I8+J8 -> 1663.0905 | L8: =+K8/H8 -> 92.393917 | M8: 92.393917 | N8: 93.537473 | O8: 98.152697 | P8: =+AVERAGE(M8:O8) -> 94.694696
A9: =+Legende!A12 -> Kommandowagen | B9: =+HLOOKUP($D$1,Anlagen!$L$108:$N$127,ROWS($1:12),FALSE) -> 3990.923 | C9: =+HLOOKUP($D$1,Anlagen!$P$108:$R$127,ROWS($1:12),FALSE) -> 1815.87 | D9: 360.38 | E9: 412.18 | F9: ='Korrektur Dieselkosten'!F7 -> 11.591759 | G9: =SUM(B9:F9) -> 6590.9447 | H9: 11 | I9: =+IF($G$1="",G9,(G9-F9)/$G$1*H9+F9) -> 47.7782 | J9: =+I9*$B$20 -> 77.340618 | K9: =+I9+J9 -> 125.11882 | L9: =+K9/H9 -> 11.374438 | M9: 11.374438 | N9: 11.197676 | O9: 11.415394 | P9: =+AVERAGE(M9:O9) -> 11.329169
A10: =+Legende!A13 -> Abrollbehälter Wasser/Schaum | B10: =+HLOOKUP($D$1,Anlagen!$L$108:$N$127,ROWS($1:13),FALSE) -> 4332 | C10: =+HLOOKUP($D$1,Anlagen!$P$108:$R$127,ROWS($1:13),FALSE) -> 2534.22 | D10: 0 | E10: 0 | F10: 0 | G10: =SUM(B10:F10) -> 6866.22 | H10: 23 | I10: =+IF($G$1="",G10,(G10-F10)/$G$1*H10+F10) -> 78.96153 | J10: =+I10*$B$20 -> 127.81841 | K10: =+I10+J10 -> 206.77994 | L10: =+K10/H10 -> 8.9904321 | M10: 8.9904321 | N10: 8.7490184 | O10: 8.8088647 | P10: =+AVERAGE(M10:O10) -> 8.8494384
A11: =+Legende!A14 -> Abrollbehälter Mulde | B11: =+HLOOKUP($D$1,Anlagen!$L$108:$N$127,ROWS($1:14),FALSE) -> 303.2 | C11: =+HLOOKUP($D$1,Anlagen!$P$108:$R$127,ROWS($1:14),FALSE) -> 177.372 | D11: 0 | E11: 0 | F11: 0 | G11: =SUM(B11:F11) -> 480.572 | H11: 1 | I11: =+IF($G$1="",G11,(G11-F11)/$G$1*H11+F11) -> 0.240286 | J11: =+I11*$B$20 -> 0.38896123 | K11: =+I11+J11 -> 0.62924723 | L11: =+K11/H11 -> 0.62924723 | M11: 0.62924723 | N11: 0.6123505 | O11: 0.61653919 | P11: =+AVERAGE(M11:O11) -> 0.61937898
A12: =+Legende!A15 -> Löschgruppenfahrzeug LF 16 TS | B12: =+HLOOKUP($D$1,Anlagen!$L$108:$N$127,ROWS($1:15),FALSE) -> 0 | C12: =+HLOOKUP($D$1,Anlagen!$P$108:$R$127,ROWS($1:15),FALSE) -> 0 | D12: 196.26 | E12: 313.32 | F12: ='Korrektur Dieselkosten'!F8 -> 14.382633 | G12: =SUM(B12:F12) -> 523.96263 | H12: 4 | I12: =+IF($G$1="",G12,(G12-F12)/$G$1*H12+F12) -> 15.401793 | J12: =+I12*$B$20 -> 24.931542 | K12: =+I12+J12 -> 40.333335 | L12: =+K12/H12 -> 10.083334 | M12: 10.083334 | N12: 10.23219 | O12: 10.762416 | P12: =+AVERAGE(M12:O12) -> 10.359313
A13: =+Legende!A16 -> Löschgruppenfahrzeug LF 20 | B13: =+HLOOKUP($D$1,Anlagen!$L$108:$N$127,ROWS($1:16),FALSE) -> 11958.657 | C13: =+HLOOKUP($D$1,Anlagen!$P$108:$R$127,ROWS($1:16),FALSE) -> 1554.6254 | D13: 710.26 | E13: 9883.68 | F13: 1908.1 | G13: =SUM(B13:F13) -> 26015.322 | H13: 50 | I13: =+IF($G$1="",G13,(G13-F13)/$G$1*H13+F13) -> 2510.7806 | J13: =+I13*$B$20 -> 4064.308 | K13: =+I13+J13 -> 6575.0885 | L13: =+K13/H13 -> 131.50177 | M13: 131.50177 | N13: 132.41026 | O13: 121.47249 | P13: =+AVERAGE(M13:O13) -> 128.46151
A14: =+Legende!A17 -> Mannschaftstransportfahrzeug | B14: =+HLOOKUP($D$1,Anlagen!$L$108:$N$127,ROWS($1:17),FALSE) -> 4773.605 | C14: =+HLOOKUP($D$1,Anlagen!$P$108:$R$127,ROWS($1:17),FALSE) -> 2792.5589 | D14: 710.26 | E14: 2354.64 | F14: ='Korrektur Dieselkosten'!F10 -> 40.821131 | G14: =SUM(B14:F14) -> 10671.885 | H14: 33 | I14: =+IF($G$1="",G14,(G14-F14)/$G$1*H14+F14) -> 216.23369 | J14: =+I14*$B$20 -> 350.02672 | K14: =+I14+J14 -> 566.26041 | L14: =+K14/H14 -> 17.159406 | M14: 17.159406 | N14: 17.000448 | O14: 17.447763 | P14: =+AVERAGE(M14:O14) -> 17.202539
A15: =+Legende!A18 -> Rüstwagen | B15: =+HLOOKUP($D$1,Anlagen!$L$108:$N$127,ROWS($1:18),FALSE) -> 1116.812 | C15: =+HLOOKUP($D$1,Anlagen!$P$108:$R$127,ROWS($1:18),FALSE) -> 653.33502 | D15: 355.13 | E15: 2058.87 | F15: 905.04 | G15: =SUM(B15:F15) -> 5089.187 | H15: 55 | I15: =+IF($G$1="",G15,(G15-F15)/$G$1*H15+F15) -> 1020.104 | J15: =+I15*$B$20 -> 1651.2861 | K15: =+I15+J15 -> 2671.3901 | L15: =+K15/H15 -> 48.57073 | M15: 48.57073 | N15: 49.191305 | O15: 51.63892 | P15: =+AVERAGE(M15:O15) -> 49.800318
A16: =+Legende!A19 -> Teleskopmast | B16: =+HLOOKUP($D$1,Anlagen!$L$108:$N$127,ROWS($1:19),FALSE) -> 19753.407 | C16: =+HLOOKUP($D$1,Anlagen!$P$108:$R$127,ROWS($1:19),FALSE) -> 14123.686 | D16: 908.9 | E16: 9770.43 | F16: 1118.01 | G16: =SUM(B16:F16) -> 45674.432 | H16: 51 | I16: =+IF($G$1="",G16,(G16-F16)/$G$1*H16+F16) -> 2254.1988 | J16: =+I16*$B$20 -> 3648.968 | K16: =+I16+J16 -> 5903.1668 | L16: =+K16/H16 -> 115.74837 | M16: 115.74837 | N16: 115.7511 | O16: 119.95484 | P16: =+AVERAGE(M16:O16) -> 117.15144
A17: =+Legende!A20 -> Wechselladerfahrzeug | B17: =+HLOOKUP($D$1,Anlagen!$L$108:$N$127,ROWS($1:20),FALSE) -> 7167.4 | C17: =+HLOOKUP($D$1,Anlagen!$P$108:$R$127,ROWS($1:20),FALSE) -> 4192.929 | D17: 897.43 | E17: 6093.15 | F17: 1209.65 | G17: =SUM(B17:F17) -> 19560.559 | H17: 24 | I17: =+IF($G$1="",G17,(G17-F17)/$G$1*H17+F17) -> 1429.8609 | J17: =+I17*$B$20 -> 2314.5771 | K17: =+I17+J17 -> 3744.438 | L17: =+K17/H17 -> 156.01825 | M17: 156.01825 | N17: 157.70246 | O17: 165.22343 | P17: =+AVERAGE(M17:O17) -> 159.64805
A18: Summe Einzelkosten | B18: =SUM(B4:B17) -> 100356.12 | C18: =SUM(C4:C17) -> 76704.578 | D18: =SUM(D4:D17) -> 6841.83 | E18: =SUM(E4:E17) -> 41517.8 | F18: =SUM(F4:F17) -> 9936.6488 | G18: =SUM(G4:G17) -> 235356.98 | H18: =SUM(H4:H17) -> 711 | I18: =SUM(I4:I17) -> 23432.294 | ... K18: =SUM(K4:K17) -> 61363.152
A20: Gemeinkostenzuschlagssatz | B20: =+KST!G68 -> 1.6187428
A22: Personal | B22: Einssatzstunden | C22: direkte Kosten | D22: Gemeinkosten | E22: Summe | F22: EUR / Stunde | G22: =+M3 -> 2016 | H22: =+N3 -> 2017 | I22: =+O3 -> 2018 | J22: Durchschnitt
A23: mittl. Dienst BF | B23: =1752*26 -> 45552 | C23: =+'Berechnung Personal'!D40*1.15 -> 1803630.7 | D23: =+C23*$B$29 -> 366293.97 | E23: =+C23+D23 -> 2169924.7 | F23: =+E23/B23 -> 47.63621 | G23: 47.63621 | H23: 48.360784 | I23: 49.104562 | J23: =+AVERAGE(G23:I23) -> 48.367186
A24: geh. Dienst BF | B24: =+'Berechnung Personal'!G34 -> 6512 | C24: =+'Berechnung Personal'!H26*1.15 -> 367986.84 | D24: =+C24*$B$29 -> 74733.348 | E24: =+C24+D24 -> 442720.19 | F24: =+E24/B24 -> 67.985287 | G24: 67.985287 | H24: 69.019382 | I24: 70.080884 | J24: =+AVERAGE(G24:I24) -> 69.028518
A25: höh. Dienst BF | B25: =+'Berechnung Personal'!J33 -> 1408 | C25: =+'Berechnung Personal'!K26*1.15 -> 95035.062 | D25: =+C25*$B$29 -> 19300.387 | E25: =+C25+D25 -> 114335.45 | F25: =+E25/B25 -> 81.204154 | G25: 81.204154 | H25: 82.439315 | I25: 83.707212 | J25: =+AVERAGE(G25:I25) -> 82.450227
A26: Freiwillige Feuerwehr | B26: 1536 | C26: =+KST!F24+KST!F42*1.15 -> 47344.257 | D26: =+C26*$B$29 -> 9615.0039 | E26: =+C26+D26 -> 56959.261 | F26: =+E26/B26 -> 37.082852 | G26: 37.082852 | H26: 37.488986 | I26: 37.906033 | J26: =+AVERAGE(G26:I26) -> 37.492624
A27: Summe | B27: =SUM(B23:B26) -> 55008 | C27: =SUM(C23:C26) -> 2313996.8 | D27: =SUM(D23:D26) -> 469942.71
A29: Zuschlagssatz | B29: =+KST!H68 -> 0.20308701
A36: KT | H36: KT

Sheet Vorlage
A1: Beschlussvorlage | D1: Kostendeckung | E1: 1
D2: Rundung | E2: 1
A4: Fahrzeuge | B4: kalk. Wert | C4: akt. Wert | D4: Differenz | E4: Differenz % | F4: Vorschlag | G4: Differenz %
A5: =+KT!A4 -> Einsatzleitwagen1 | B5: =+KT!P4 -> 19.230481 | C5: 70 | D5: =+B5-C5 -> -50.769519 | E5: =+B5/C5-1 -> -0.72527885 | F5: =+ROUNDDOWN(B5*$E$1,$E$2) -> 19.2 | G5: =+F5/C5-1 -> -0.72571429
A6: =+KT!A5 -> Gerätewagen Gefahrgut | B6: =+KT!P5 -> 0.83963893 | C6: 150 | D6: =+B6-C6 -> -149.16036 | E6: =+B6/C6-1 -> -0.99440241 | F6: =+ROUNDDOWN(B6*$E$1,$E$2) -> 0.8 | G6: =+F6/C6-1 -> -0.99466667
A7: =+KT!A6 -> Gerätewagen Logistik | B7: =+KT!P6 -> 26.666981 | C7: 20 | D7: =+B7-C7 -> 6.6669807 | E7: =+B7/C7-1 -> 0.33334904 | F7: =+ROUNDDOWN(B7*$E$1,$E$2) -> 26.6 | G7: =+F7/C7-1 -> 0.33
A8: =+KT!A7 -> Hilfeleistungslöschfahrzeug | B8: =+KT!P7 -> 149.84784 | C8: 290 | D8: =+B8-C8 -> -140.15216 | E8: =+B8/C8-1 -> -0.48328331 | F8: =+ROUNDDOWN(B8*$E$1,$E$2) -> 149.8 | G8: =+F8/C8-1 -> -0.48344828
A9: =+KT!A8 -> Kleineinsatzfahrzeug | B9: =+KT!P8 -> 94.694696 | C9: 20 | D9: =+B9-C9 -> 74.694696 | E9: =+B9/C9-1 -> 3.7347348 | F9: =+ROUNDDOWN(B9*$E$1,$E$2) -> 94.6 | G9: =+F9/C9-1 -> 3.73
A10: =+KT!A9 -> Kommandowagen | B10: =+KT!P9 -> 11.329169 | C10: 13 | D10: =+B10-C10 -> -1.6708308 | E10: =+B10/C10-1 -> -0.12852544 | F10: =+ROUNDDOWN(B10*$E$1,$E$2) -> 11.3 | G10: =+F10/C10-1 -> -0.13076923
A11: Abrollbehälter Wasser/Schaum | B11: =+KT!P10 -> 8.8494384 | F11: =+ROUNDDOWN(B11*$E$1,$E$2) -> 8.8
A12: Abrollbehälter Mulde | B12: =+KT!P11 -> 0.61937898 | F12: =+ROUNDDOWN(B12*$E$1,$E$2) -> 0.6
A13: =+KT!A12 -> Löschgruppenfahrzeug LF 16 TS | B13: =+KT!P12 -> 10.359313 | C13: 100 | D13: =+B13-C13 -> -89.640687 | E13: =+B13/C13-1 -> -0.89640687 | F13: =+ROUNDDOWN(B13*$E$1,$E$2) -> 10.3 | G13: =+F13/C13-1 -> -0.897
A14: =+KT!A13 -> Löschgruppenfahrzeug LF 20 | B14: =+KT!P13 -> 128.46151 | C14: 150 | D14: =+B14-C14 -> -21.538494 | E14: =+B14/C14-1 -> -0.14358996 | F14: =+ROUNDDOWN(B14*$E$1,$E$2) -> 128.4 | G14: =+F14/C14-1 -> -0.144
A15: =+KT!A14 -> Mannschaftstransportfahrzeug | B15: =+KT!P14 -> 17.202539 | C15: 13 | D15: =+B15-C15 -> 4.2025394 | E15: =+B15/C15-1 -> 0.32327226 | F15: =+ROUNDDOWN(B15*$E$1,$E$2) -> 17.2 | G15: =+F15/C15-1 -> 0.32307692
A16: =+KT!A15 -> Rüstwagen | B16: =+KT!P15 -> 49.800318 | C16: 210 | D16: =+B16-C16 -> -160.19968 | E16: =+B16/C16-1 -> -0.76285563 | F16: =+ROUNDDOWN(B16*$E$1,$E$2) -> 49.8 | G16: =+F16/C16-1 -> -0.76285714
A17: =+KT!A16 -> Teleskopmast | B17: =+KT!P16 -> 117.15144 | C17: 370 | D17: =+B17-C17 -> -252.84856 | E17: =+B17/C17-1 -> -0.6833745 | F17: =+ROUNDDOWN(B17*$E$1,$E$2) -> 117.1 | G17: =+F17/C17-1 -> -0.68351351
A18: =+KT!A17 -> Wechselladerfahrzeug | B18: =+KT!P17 -> 159.64805 | C18: =(70+23*150)/24 -> 146.66667 | D18: =+B18-C18 -> 12.98138 | E18: =+B18/C18-1 -> 0.08850941 | F18: =+ROUNDDOWN(B18*$E$1,$E$2) -> 159.6 | G18: =+F18/C18-1 -> 0.088181818
A20: Personal | B20: kalk. Wert | C20: akt. Wert | D20: Differenz | E20: Differenz % | F20: Vorschlag | G20: Differenz %
A21: =+KT!A23 -> mittl. Dienst BF | B21: =+KT!J23 -> 48.367186 | C21: 39 | D21: =+B21-C21 -> 9.3671855 | E21: =+D21/C21 -> 0.24018424 | F21: =+ROUNDDOWN(B21*$E$1,$E$2) -> 48.3 | G21: =+F21/C21-1 -> 0.23846154
A22: =+KT!A24 -> geh. Dienst BF | B22: =+KT!J24 -> 69.028518 | C22: 39 | D22: =+B22-C22 -> 30.028518 | E22: =+D22/C22 -> 0.76996199 | F22: =+ROUNDDOWN(B22*$E$1,$E$2) -> 69 | G22: =+F22/C22-1 -> 0.76923077
A23: =+KT!A25 -> höh. Dienst BF | B23: =+KT!J25 -> 82.450227 | C23: 39 | D23: =+B23-C23 -> 43.450227 | E23: =+D23/C23 -> 1.1141084 | F23: =+ROUNDDOWN(B23*$E$1,$E$2) -> 82.4 | G23: =+F23/C23-1 -> 1.1128205
A24: =+KT!A26 -> Freiwillige Feuerwehr | B24: =+KT!J26 -> 37.492624 | C24: 19 | D24: =+B24-C24 -> 18.492624 | E24: =+D24/C24 -> 0.97329599 | F24: =+ROUNDDOWN(B24*$E$1,$E$2) -> 37.4 | G24: =+F24/C24-1 -> 0.96842105
A31: Vorlage

Sheet Mengenschlüssel
A1: Nr. | B1: Bezeichnung | C1: Kürzel | D1: Einheit | E1: =+B2 -> Fahrzeuge | F1: =+B3 -> Personal | G1: =+B4 -> Gebäude | H1: =+B5 -> Verwaltung | I1: Summe
A2: 1 | B2: =+Legende!A2 -> Fahrzeuge | C2: =+Legende!B2 -> FZ | D2: Prozent | E2: 100 | I2: =SUM(E2:H2) -> 100
A3: 2 | B3: =+Legende!A3 -> Personal | C3: =+Legende!B3 -> PE | D3: Prozent | F3: 100 | I3: =SUM(E3:H3) -> 100
A4: 3 | B4: =+Legende!A4 -> Gebäude | C4: =+Legende!B4 -> Gb | D4: Prozent | G4: 100 | I4: =SUM(E4:H4) -> 100
A5: 4 | B5: =+Legende!A5 -> Verwaltung | C5: =+Legende!B5 -> VW | D5: Prozent | H5: 100 | I5: =SUM(E5:H5) -> 100
A6: 5 | B6: PLATZHALTER FÜR EIGENE VERTEILERSCHLÜSSEL | I6: =SUM(E6:H6) -> 0
A7: 6 | I7: =SUM(E7:H7) -> 0
A8: 7 | I8: =SUM(E8:H8) -> 0
A9: 8 | I9: =SUM(E9:H9) -> 0
A10: 9 | I10: =SUM(E10:H10) -> 0
A11: 10 | I11: =SUM(E11:H11) -> 0
A13: =+A2 -> 1 | B13: =+B2 -> Fahrzeuge | C13: =+C2 -> FZ | D13: =+D2 -> Prozent | E13: =+E2/$I2 -> 1 | F13: =+F2/$I2 -> 0 | G13: =+G2/$I2 -> 0 | H13: =+H2/$I2 -> 0 | I13: =SUM(E13:H13) -> 1
A14: =+A3 -> 2 | B14: =+B3 -> Personal | C14: =+C3 -> PE | D14: =+D3 -> Prozent | E14: =+E3/$I3 -> 0 | F14: =+F3/$I3 -> 1 | G14: =+G3/$I3 -> 0 | H14: =+H3/$I3 -> 0 | I14: =SUM(E14:H14) -> 1
A15: =+A4 -> 3 | B15: =+B4 -> Gebäude | C15: =+C4 -> Gb | D15: =+D4 -> Prozent | E15: =+E4/$I4 -> 0 | F15: =+F4/$I4 -> 0 | G15: =+G4/$I4 -> 1 | H15: =+H4/$I4 -> 0 | I15: =SUM(E15:H15) -> 1
A16: =+A5 -> 4 | B16: =+B5 -> Verwaltung | C16: =+C5 -> VW | D16: =+D5 -> Prozent | E16: =+E5/$I5 -> 0 | F16: =+F5/$I5 -> 0 | G16: =+G5/$I5 -> 0 | H16: =+H5/$I5 -> 1 | I16: =SUM(E16:H16) -> 1
A17: =+A6 -> 5 | B17: =+B6 -> PLATZHALTER FÜR EIGENE VERTEILERSCHLÜSSEL | C17: =+C6 -> 0 | D17: =+D6 -> 0 | E17: =+E6/$I6 -> #DIV/0! | F17: =+F6/$I6 -> #DIV/0! | G17: =+G6/$I6 -> #DIV/0! | H17: =+H6/$I6 -> #DIV/0! | I17: =SUM(E17:H17) -> #DIV/0!
A18: =+A7 -> 6 | B18: =+B7 -> 0 | C18: =+C7 -> 0 | D18: =+D7 -> 0 | E18: =+E7/$I7 -> #DIV/0! | F18: =+F7/$I7 -> #DIV/0! | G18: =+G7/$I7 -> #DIV/0! | H18: =+H7/$I7 -> #DIV/0! | I18: =SUM(E18:H18) -> #DIV/0!
A19: =+A8 -> 7 | B19: =+B8 -> 0 | C19: =+C8 -> 0 | D19: =+D8 -> 0 | E19: =+E8/$I8 -> #DIV/0! | F19: =+F8/$I8 -> #DIV/0! | G19: =+G8/$I8 -> #DIV/0! | H19: =+H8/$I8 -> #DIV/0! | I19: =SUM(E19:H19) -> #DIV/0!
A20: =+A9 -> 8 | B20: =+B9 -> 0 | C20: =+C9 -> 0 | D20: =+D9 -> 0 | E20: =+E9/$I9 -> #DIV/0! | F20: =+F9/$I9 -> #DIV/0! | G20: =+G9/$I9 -> #DIV/0! | H20: =+H9/$I9 -> #DIV/0! | I20: =SUM(E20:H20) -> #DIV/0!
A21: =+A10 -> 9 | B21: =+B10 -> 0 | C21: =+C10 -> 0 | D21: =+D10 -> 0 | E21: =+E10/$I10 -> #DIV/0! | F21: =+F10/$I10 -> #DIV/0! | G21: =+G10/$I10 -> #DIV/0! | H21: =+H10/$I10 -> #DIV/0! | I21: =SUM(E21:H21) -> #DIV/0!
A22: =+A11 -> 10 | B22: =+B11 -> 0 | C22: =+C11 -> 0 | D22: =+D11 -> 0 | E22: =+E11/$I11 -> #DIV/0! | F22: =+F11/$I11 -> #DIV/0! | G22: =+G11/$I11 -> #DIV/0! | H22: =+H11/$I11 -> #DIV/0! | I22: =SUM(E22:H22) -> #DIV/0!

Sheet Indices
A1: Nr. | B1: Bezeichnung (Index 2010-2015) | C1: Abkürzung | D1: Ist 2015 | E1: Plan | H1: Wohnung, Miete, Strom | I1: Strom | J1: Strom | K1: Strom | L1: Strom
A2: 1 | B2: Wohnungsmiete, Wasser, Strom, Gas und andere Brennstoffe | C2: W | D2: 0.0155 | E2: =IF(D2<=0,0,ROUNDUP(D2/25,4)*25) -> 0.0175 | G2: Neuer Index | H2: 108 | I2: 124.8 | J2: 124.8 | K2: 124.8 | L2: 124.8
A3: 2 | B3: Einrichtungsgegenstände und ähnliches für den Haushalt Instandhaltung | C3: I | D3: 0.0273 | E3: =IF(D3<=0,0,ROUNDUP(D3/25,4)*25) -> 0.0275 | G3: Alter Index | H3: 100 | I3: 100 | J3: 125.8 | K3: 100 | L3: 100
A4: 3 | B4: Verkehr | C4: V | D4: 0.0108 | E4: =IF(D4<=0,0,ROUNDUP(D4/25,4)*25) -> 0.0125 | G4: Neues Jahr | H4: 2015 | I4: 2015 | J4: 2015 | K4: 2015 | L4: 2015
A5: 4 | B5: Nachrichtenübermittlung (Telekommunikation) | C5: N | D5: -0.0183 | E5: =IF(D5<=0,0,ROUNDUP(D5/25,4)*25) -> 0 | G5: Alte Jahr | H5: 2010 | I5: 2010 | J5: 2014 | K5: 2010 | L5: 2010
A6: 5 | B6: Bildungswesen | C6: B | D6: -0.0148 | E6: =IF(D6<=0,0,ROUNDUP(D6/25,4)*25) -> 0 | G6: Anzahl Jahre | H6: =+H4-H5 -> 5 | I6: =+I4-I5 -> 5 | J6: =+J4-J5 -> 1 | K6: =+K4-K5 -> 5 | L6: =+L4-L5 -> 5
A7: 6 | B7: Beherbergungs- und Gaststättendienstleistungen | C7: F | D7: 0.0211 | E7: =IF(D7<=0,0,ROUNDUP(D7/25,4)*25) -> 0.0225 | G7: Divisor | H7: =+H2/H3 -> 1.08 | I7: =+I2/I3 -> 1.248 | J7: =+J2/J3 -> 0.99205087 | K7: =+K2/K3 -> 1.248 | L7: =+L2/L3 -> 1.248
A8: 7 | B8: Andere Waren und Dienstleistungen | C8: A | D8: 0.014 | E8: =IF(D8<=0,0,ROUNDUP(D8/25,4)*25) -> 0.015 | G8: durchs. Preissteigerung | H8: =+(H7)^(1/H6)-1 -> 0.015511278 | I8: =+(I7)^(1/I6)-1 -> 0.045304734 | J8: =+(J7)^(1/J6)-1 -> -0.0079491256 | K8: =+(K7)^(1/K6)-1 -> 0.045304734 | L8: =+(L7)^(1/L6)-1 -> 0.045304734
A9: 8 | B9: Personalkosten | C9: P | D9: 0.0258 | E9: =IF(D9<=0,0,ROUNDUP(D9/25,4)*25) -> 0.0275
A10: 9 | B10: Nullsteigerung | C10: 0 | D10: 0 | E10: =IF(D10<=0,0,ROUNDUP(D10/25,4)*25) -> 0 | G10: Anfangskapital | H10: 10000
A11: 10 | B11: Baupreisindex Nichtwohngebäude - Bürogebäude | C11: BB | D11: 0.0218 | E11: =IF(D11<=0,0,ROUNDUP(D11/25,4)*25) -> 0.0225 | G11: Jahre | H11: 10
A12: 11 | B12: Baupreisindex Nichtwohngebäude - gewerbliche Betriebsgebäude | C12: BGB | D12: 0.022 | E12: =IF(D12<=0,0,ROUNDUP(D12/25,4)*25) -> 0.0225 | G12: Zinssatz | H12: 0.02
A13: 12 | B13: Gewerbliche Produkte | C13: GP | D13: 0.018557607 | E13: =IF(D13<=0,0,ROUNDUP(D13/25,4)*25) -> 0.02
A14: 13 | B14: Waren u. Dienstleistungen für Fahrzeuge | C14: D | D14: 0.0072928501 | E14: =IF(D14<=0,0,ROUNDUP(D14/25,4)*25) -> 0.0075 | G14: Aufzinsungsfaktor | H14: =+(1+H12)^H11 -> 1.2189944
A15: 14 | B15: Gas | C15: GS | D15: 0.0192 | E15: =IF(D15<=0,0,ROUNDUP(D15/25,4)*25) -> 0.02
A16: 15 | B16: Strom | C16: EN | D16: 0.0453 | E16: =IF(D16<=0,0,ROUNDUP(D16/25,4)*25) -> 0.0475 | G16: Endkapital | H16: =+H10*H14 -> 12189.944
A17: 16 | B17: Kraftstoffe (Diesel / Benzin) | C17: KS | D17: 0 | E17: =IF(D17<=0,0,ROUNDUP(D17/25,4)*25) -> 0
A19: Die Kalkulationsspalte ermittelt nach kaufmännischem Vorsichtsprinzip den Zinssatz auf 0,25% aufgerundet, mind. aber 0%!
A20: Link Destatis
A22: Indices

Sheet Berechnung qm
B1: Quadratmeter gesamt | C1: Anteil RD | D1: Quadratmeter FW gesamt | E1: Anteil Fahrzeuge | F1: Anteil Personal | G1: Gesamt | H1: qm Fahrzeuge | I1: qm Personal | J1: Gesamt FW
A2: FW Gebäude alt | B2: =+B5-B3 -> 778.5 | C2: 0 | D2: =+B2 -> 778.5 | E2: =H16/J12 -> 0.73526012 | F2: =I15/J12 -> 0.26473988 | G2: 1 | H2: =+$D2*E2 -> 572.4 | I2: =+$D2*F2 -> 206.1 | J2: =SUM(H2:I2) -> 778.5
A3: FW Gebäude neu | B3: 2820.1 | C3: 0.282 | D3: =+B3*(1-C3) -> 2024.8318 | E3: =B4/D3 -> 0.34981029 | F3: =+G3-E3 -> 0.65018971 | G3: 1 | H3: =+$D3*E3 -> 708.307 | I3: =+$D3*F3 -> 1316.5248 | J3: =SUM(H3:I3) -> 2024.8318
A4: davon Fahrzeughalle o. RD | B4: =B21*(1-C3) -> 708.307
A5: Gesamt Haan | B5: 3598.6 | D5: =+D3+D2 -> 2803.3318
A6: Gruiten | B6: =J23 -> 242.0172 | C6: 0 | D6: =+B6 -> 242.0172 | E6: =E24 -> 0.54095329 | F6: =E25 -> 0.45904671 | G6: =SUM(E6:F6) -> 1 | H6: =+$D6*E6 -> 130.92 | I6: =+$D6*F6 -> 111.0972 | J6: =SUM(H6:I6) -> 242.0172
A7: Gesamt | B7: =+B6+B5 -> 3840.6172 | D7: =+D5+D6 -> 3045.349
A8: Gesamt % | B8: 1 | C8: =+B8-D8 -> 0.20706781 | D8: =+D7/B7 -> 0.79293219 | G8: Gesamt qm FW | H8: =SUM(H2:H7) -> 1411.627 | I8: =SUM(I2:I7) -> 1633.722 | J8: =SUM(J2:J7) -> 3045.349
G9: Gesamt qm FW % | H9: =+H8/$J$8 -> 0.46353538 | I9: =+I8/$J$8 -> 0.53646462 | J9: =SUM(H9:I9) -> 1
A12: FW Gebäude alt | B12: 778.5 | J12: 778.5
A13: Jugendfeuerwehr | I13: 59.6
A14: Scheune | I14: 146.5
A15: Personal | I15: =I13+I14 -> 206.1
A16: Fahrzeuge | H16: =J12-I15 -> 572.4
A18: Fahrzeughalle neu
A19: Alarmhalle 1 | B19: 781.5
A20: Alarmhalle 3 | B20: 205
A21: Summe | B21: =SUM(B19:B20) -> 986.5
A23: Gruiten | B23: =12.74*9.59+10.34*11.59 -> 242.0172 | J23: =J25+J24 -> 242.0172
A24: Fahrzeuge | E24: =J24/J23 -> 0.54095329 | H24: =10.74*9.59+2*3.62 -> 110.2366 | J24: =H24+$G$26/2 -> 130.92
A25: Personal | E25: =J25/J23 -> 0.45904671 | I25: =6.62*11.59+5.41*1.76+3.72*1.12 -> 90.4138 | J25: =I25+$G$26/2 -> 111.0972
A26: Rest | G26: =B23-H24-I25 -> 41.3668
A36: Berechnung qm

Sheet Berechnung Personal
A1: http://oeffentlicher-dienst.info/beamte/nw/
A3: prozentuale jährl. Steigerung | C3: 0.019
B4: IST | C4: PLAN | D4: PLAN | E4: PLAN | K4: IST | L4: PLAN | M4: PLAN | N4: PLAN | O4: PLAN | P4: Stunden
A5: Brutto inkl. Zulagen, Rückstellungen, etc | B5: 2014 | C5: =+B5+1 -> 2015 | D5: =+C5+1 -> 2016 | E5: =+D5+1 -> 2017 | F5: =+E5+1 -> 2018 | I5: geh. Dienst | J5: Stellenanteil | K5: 2014 | L5: =+K5+1 -> 2015 | M5: =+L5+1 -> 2016 | N5: =+M5+1 -> 2017 | O5: =+N5+1 -> 2018 | P5: 1760
A6: 1 | B6: 50783.98 | C6: =+B6*(1+$C$3)^(C$5-B$5) -> 51748.876 | D6: =+C6*(1+$C$3)^(D$5-C$5) -> 52732.104 | E6: =+D6*(1+$C$3)^(E$5-D$5) -> 53734.014 | F6: =+E6*(1+$C$3)^(F$5-E$5) -> 54754.961 | H6: 1 | I6: 103911.62 | J6: 0.7 | K6: =+I6*J6 -> 72738.134 | L6: =+K6*(1+$C$3)^(L$5-K$5) -> 74120.159 | M6: =+L6*(1+$C$3)^(M$5-L$5) -> 75528.442 | N6: =+M6*(1+$C$3)^(N$5-M$5) -> 76963.482 | O6: =+N6*(1+$C$3)^(O$5-N$5) -> 78425.788 | P6: =+$P$5*J6 -> 1232
A7: 2 | B7: 63989.57 | C7: =+B7*(1+$C$3)^(C$5-B$5) -> 65205.372 | D7: =+C7*(1+$C$3)^(D$5-C$5) -> 66444.274 | E7: =+D7*(1+$C$3)^(E$5-D$5) -> 67706.715 | F7: =+E7*(1+$C$3)^(F$5-E$5) -> 68993.143 | H7: 2 | I7: 99639.33 | J7: 1 | K7: =+I7*J7 -> 99639.33 | L7: =+K7*(1+$C$3)^(L$5-K$5) -> 101532.48 | M7: =+L7*(1+$C$3)^(M$5-L$5) -> 103461.59 | N7: =+M7*(1+$C$3)^(N$5-M$5) -> 105427.36 | O7: =+N7*(1+$C$3)^(O$5-N$5) -> 107430.48 | P7: =+$P$5*J7 -> 1760
A8: 3 | B8: 45375.77 | C8: =+B8*(1+$C$3)^(C$5-B$5) -> 46237.91 | D8: =+C8*(1+$C$3)^(D$5-C$5) -> 47116.43 | E8: =+D8*(1+$C$3)^(E$5-D$5) -> 48011.642 | F8: =+E8*(1+$C$3)^(F$5-E$5) -> 48923.863 | H8: 3 | I8: =46286.01+15836+5526+2917.15 -> 70565.16 | J8: 1 | K8: =+I8*J8 -> 70565.16 | L8: =+K8*(1+$C$3)^(L$5-K$5) -> 71905.898 | M8: =+L8*(1+$C$3)^(M$5-L$5) -> 73272.11 | N8: =+M8*(1+$C$3)^(N$5-M$5) -> 74664.28 | O8: =+N8*(1+$C$3)^(O$5-N$5) -> 76082.902 | P8: =+$P$5*J8 -> 1760
A9: 4 | B9: 49576.74 | C9: =+B9*(1+$C$3)^(C$5-B$5) -> 50518.698 | D9: =+C9*(1+$C$3)^(D$5-C$5) -> 51478.553 | E9: =+D9*(1+$C$3)^(E$5-D$5) -> 52456.646 | F9: =+E9*(1+$C$3)^(F$5-E$5) -> 53453.322 | H9: 4 | I9: =45804.19+10749+3740+2917.15 -> 63210.34 | J9: 1 | K9: =+I9*J9 -> 63210.34 | L9: =+K9*(1+$C$3)^(L$5-K$5) -> 64411.336 | M9: =+L9*(1+$C$3)^(M$5-L$5) -> 65635.152 | N9: =+M9*(1+$C$3)^(N$5-M$5) -> 66882.22 | O9: =+N9*(1+$C$3)^(O$5-N$5) -> 68152.982 | P9: =+$P$5*J9 -> 1760
A10: 5 | B10: 53064.29 | C10: =+B10*(1+$C$3)^(C$5-B$5) -> 54072.512 | D10: =+C10*(1+$C$3)^(D$5-C$5) -> 55099.889 | E10: =+D10*(1+$C$3)^(E$5-D$5) -> 56146.787 | F10: =+E10*(1+$C$3)^(F$5-E$5) -> 57213.576 | K10: =SUM(K5:K9) -> 308166.96 | L10: =+K10*(1+$C$3)^(L$5-K$5) -> 314022.14 | M10: =+L10*(1+$C$3)^(M$5-L$5) -> 319988.56 | N10: =+M10*(1+$C$3)^(N$5-M$5) -> 326068.34 | O10: =+N10*(1+$C$3)^(O$5-N$5) -> 332263.64 | P10: =SUM(P6:P9) -> 6512
A11: 6 | B11: 53321.02 | C11: =+B11*(1+$C$3)^(C$5-B$5) -> 54334.119 | D11: =+C11*(1+$C$3)^(D$5-C$5) -> 55366.468 | E11: =+D11*(1+$C$3)^(E$5-D$5) -> 56418.431 | F11: =+E11*(1+$C$3)^(F$5-E$5) -> 57490.381
A12: 7 | B12: 44467.52 | C12: =+B12*(1+$C$3)^(C$5-B$5) -> 45312.403 | D12: =+C12*(1+$C$3)^(D$5-C$5) -> 46173.339 | E12: =+D12*(1+$C$3)^(E$5-D$5) -> 47050.632 | F12: =+E12*(1+$C$3)^(F$5-E$5) -> 47944.594 | K12: IST | L12: PLAN | M12: PLAN
A13: 8 | B13: 40188.27 | C13: =+B13*(1+$C$3)^(C$5-B$5) -> 40951.847 | D13: =+C13*(1+$C$3)^(D$5-C$5) -> 41729.932 | E13: =+D13*(1+$C$3)^(E$5-D$5) -> 42522.801 | F13: =+E13*(1+$C$3)^(F$5-E$5) -> 43330.734 | I13: Höherer Dienst | J13: Stellenanteil | K13: 2016 | L13: =+K13+1 -> 2017 | M13: =+L13+1 -> 2018 | N13: Stunden
A14: 9 | B14: 52608.35 | C14: =+B14*(1+$C$3)^(C$5-B$5) -> 53607.909 | D14: =+C14*(1+$C$3)^(D$5-C$5) -> 54626.459 | E14: =+D14*(1+$C$3)^(E$5-D$5) -> 55664.362 | F14: =+E14*(1+$C$3)^(F$5-E$5) -> 56721.985 | H14: 1 | I14: =71843.59+22066+5840+3549.39 -> 103298.98 | J14: 0.8 | K14: =+I14*J14 -> 82639.184 | L14: =+K14*(1+$C$3)^(L$5-K$5) -> 84209.328 | M14: =+L14*(1+$C$3)^(M$5-L$5) -> 85809.306 | N14: =+J14*P5 -> 1408
A15: 10 | B15: 47191.59 | C15: =+B15*(1+$C$3)^(C$5-B$5) -> 48088.23 | D15: =+C15*(1+$C$3)^(D$5-C$5) -> 49001.907 | E15: =+D15*(1+$C$3)^(E$5-D$5) -> 49932.943 | F15: =+E15*(1+$C$3)^(F$5-E$5) -> 50881.669
A16: 11 | B16: 44075.8 | C16: =+B16*(1+$C$3)^(C$5-B$5) -> 44913.24 | D16: =+C16*(1+$C$3)^(D$5-C$5) -> 45766.592 | E16: =+D16*(1+$C$3)^(E$5-D$5) -> 46636.157 | F16: =+E16*(1+$C$3)^(F$5-E$5) -> 47522.244
A17: 12 | B17: 51580.79 | C17: =+B17*(1+$C$3)^(C$5-B$5) -> 52560.825 | D17: =+C17*(1+$C$3)^(D$5-C$5) -> 53559.481 | E17: =+D17*(1+$C$3)^(E$5-D$5) -> 54577.111 | F17: =+E17*(1+$C$3)^(F$5-E$5) -> 55614.076 | K17: IST | L17: PLAN | M17: PLAN | N17: PLAN | O17: PLAN
A18: 13 | B18: 49013.98 | C18: =+B18*(1+$C$3)^(C$5-B$5) -> 49945.246 | D18: =+C18*(1+$C$3)^(D$5-C$5) -> 50894.205 | E18: =+D18*(1+$C$3)^(E$5-D$5) -> 51861.195 | F18: =+E18*(1+$C$3)^(F$5-E$5) -> 52846.558 | I18: Verwaltung | J18: Stellenanteil | K18: 2014 | L18: =+K18+1 -> 2015 | M18: =+L18+1 -> 2016 | N18: =+M18+1 -> 2017 | O18: =+N18+1 -> 2018
A19: 14 | B19: 52292.57 | C19: =+B19*(1+$C$3)^(C$5-B$5) -> 53286.129 | D19: =+C19*(1+$C$3)^(D$5-C$5) -> 54298.565 | E19: =+D19*(1+$C$3)^(E$5-D$5) -> 55330.238 | F19: =+E19*(1+$C$3)^(F$5-E$5) -> 56381.513 | H19: 1 | I19: 88723.61 | J19: 0.1 | K19: =+I19*J19 -> 8872.361 | L19: =+K19*(1+$C$3)^(L$5-K$5) -> 9040.9359 | M19: =+L19*(1+$C$3)^(M$5-L$5) -> 9212.7136 | N19: =+M19*(1+$C$3)^(N$5-M$5) -> 9387.7552 | O19: =+N19*(1+$C$3)^(O$5-N$5) -> 9566.1225
A20: 15 | B20: 67404.12 | C20: =+B20*(1+$C$3)^(C$5-B$5) -> 68684.798 | D20: =+C20*(1+$C$3)^(D$5-C$5) -> 69989.809 | E20: =+D20*(1+$C$3)^(E$5-D$5) -> 71319.616 | F20: =+E20*(1+$C$3)^(F$5-E$5) -> 72674.689 | H20: 2 | I20: 100386.93 | J20: 0.07 | K20: =+I20*J20 -> 7027.0851 | L20: =+K20*(1+$C$3)^(L$5-K$5) -> 7160.5997 | M20: =+L20*(1+$C$3)^(M$5-L$5) -> 7296.6511 | N20: =+M20*(1+$C$3)^(N$5-M$5) -> 7435.2875 | O20: =+N20*(1+$C$3)^(O$5-N$5) -> 7576.5579
A21: 16 | B21: 52324.17 | C21: =+B21*(1+$C$3)^(C$5-B$5) -> 53318.329 | D21: =+C21*(1+$C$3)^(D$5-C$5) -> 54331.377 | E21: =+D21*(1+$C$3)^(E$5-D$5) -> 55363.674 | F21: =+E21*(1+$C$3)^(F$5-E$5) -> 56415.583 | H21: 3 | I21: 65687.62 | J21: 0.85 | K21: =+I21*J21 -> 55834.477 | L21: =+K21*(1+$C$3)^(L$5-K$5) -> 56895.332 | M21: =+L21*(1+$C$3)^(M$5-L$5) -> 57976.343 | N21: =+M21*(1+$C$3)^(N$5-M$5) -> 59077.894 | O21: =+N21*(1+$C$3)^(O$5-N$5) -> 60200.374
A22: 17 | B22: 44540.02 | C22: =+B22*(1+$C$3)^(C$5-B$5) -> 45386.28 | D22: =+C22*(1+$C$3)^(D$5-C$5) -> 46248.62 | E22: =+D22*(1+$C$3)^(E$5-D$5) -> 47127.343 | F22: =+E22*(1+$C$3)^(F$5-E$5) -> 48022.763 | K22: =SUM(K19:K21) -> 71733.923 | L22: =SUM(L19:L21) -> 73096.868 | M22: =SUM(M19:M21) -> 74485.708 | N22: =SUM(N19:N21) -> 75900.937 | O22: =SUM(O19:O21) -> 77343.054
A23: 18 | B23: 77906.72 | C23: =+B23*(1+$C$3)^(C$5-B$5) -> 79386.948 | D23: =+C23*(1+$C$3)^(D$5-C$5) -> 80895.3 | E23: =+D23*(1+$C$3)^(E$5-D$5) -> 82432.31 | F23: =+E23*(1+$C$3)^(F$5-E$5) -> 83998.524
A24: 19 | B24: 49860.06 | C24: =+B24*(1+$C$3)^(C$5-B$5) -> 50807.401 | D24: =+C24*(1+$C$3)^(D$5-C$5) -> 51772.742 | E24: =+D24*(1+$C$3)^(E$5-D$5) -> 52756.424 | F24: =+E24*(1+$C$3)^(F$5-E$5) -> 53758.796 | H24: gehobener Dienst | K24: höherer Dienst
A25: 20 | B25: 73622.89 | C25: =+B25*(1+$C$3)^(C$5-B$5) -> 75021.725 | D25: =+C25*(1+$C$3)^(D$5-C$5) -> 76447.138 | E25: =+D25*(1+$C$3)^(E$5-D$5) -> 77899.633 | F25: =+E25*(1+$C$3)^(F$5-E$5) -> 79379.726 | H25: =+KT!D1 -> 2016 | K25: =+KT!D1 -> 2016
A26: Summe mitl. Dienst bis A8 | B26: =SUM(B6:B25) -> 1063188.2 | C26: =SUM(C6:C25) -> 1083388.8 | D26: =SUM(D6:D25) -> 1103973.2 | E26: =SUM(E6:E25) -> 1124948.7 | F26: =SUM(F6:F25) -> 1146322.7 | H26: =+HLOOKUP(H$25,$K$5:$O$10,6,FALSE) -> 319988.56 | J26: Stellen | K26: =+HLOOKUP(K$25,$K$13:$M$14,2,FALSE) -> 82639.184
A27: 21 | B27: 68841.43 | C27: =+B27*(1+$C$3)^(C$5-B$5) -> 70149.417 | D27: =+C27*(1+$C$3)^(D$5-C$5) -> 71482.256 | E27: =+D27*(1+$C$3)^(E$5-D$5) -> 72840.419 | F27: =+E27*(1+$C$3)^(F$5-E$5) -> 74224.387 | H27: =+H26/F41*$C$41*F41 -> 31998.856 | J27: 1 | K27: =+K26/J27*$C$41*J27 -> 8263.9184
A28: 22 | B28: 67731.07 | C28: =+B28*(1+$C$3)^(C$5-B$5) -> 69017.96 | D28: =+C28*(1+$C$3)^(D$5-C$5) -> 70329.302 | E28: =+D28*(1+$C$3)^(E$5-D$5) -> 71665.558 | F28: =+E28*(1+$C$3)^(F$5-E$5) -> 73027.204 | H28: =+$C$42*F41 -> 13800 | K28: =+$C$42*J27 -> 3450
A29: 23 | B29: 72589.39 | C29: =+B29*(1+$C$3)^(C$5-B$5) -> 73968.588 | D29: =+C29*(1+$C$3)^(D$5-C$5) -> 75373.992 | E29: =+D29*(1+$C$3)^(E$5-D$5) -> 76806.097 | F29: =+E29*(1+$C$3)^(F$5-E$5) -> 78265.413 | H29: =SUM(H26:H28) -> 365787.41 | K29: =SUM(K26:K28) -> 94353.102
A30: 24 | B30: 77574.38 | C30: =+B30*(1+$C$3)^(C$5-B$5) -> 79048.293 | D30: =+C30*(1+$C$3)^(D$5-C$5) -> 80550.211 | E30: =+D30*(1+$C$3)^(E$5-D$5) -> 82080.665 | F30: =+E30*(1+$C$3)^(F$5-E$5) -> 83640.197 | H30: =+$C$44*H$26 -> 47998.284 | K30: =+$C$44*K$26 -> 12395.878
A31: 25 | B31: 67873.65 | C31: =+B31*(1+$C$3)^(C$5-B$5) -> 69163.249 | D31: =+C31*(1+$C$3)^(D$5-C$5) -> 70477.351 | E31: =+D31*(1+$C$3)^(E$5-D$5) -> 71816.421 | F31: =+E31*(1+$C$3)^(F$5-E$5) -> 73180.933 | H31: =+H30+H29 -> 413785.7 | K31: =+K30+K29 -> 106748.98
A32: 26 | B32: 92634.66 | C32: =+B32*(1+$C$3)^(C$5-B$5) -> 94394.719 | D32: =+C32*(1+$C$3)^(D$5-C$5) -> 96188.218 | E32: =+D32*(1+$C$3)^(E$5-D$5) -> 98015.794 | F32: =+E32*(1+$C$3)^(F$5-E$5) -> 99878.094
A33: Summe mitl. Dienst bis A9 / A9Z | B33: =SUM(B27:B32) -> 447244.58 | C33: =SUM(C27:C32) -> 455742.23 | D33: =SUM(D27:D32) -> 464401.33 | E33: =SUM(E27:E32) -> 473224.95 | F33: =SUM(F27:F32) -> 482216.23 | G33: 1760 | J33: =+N14 -> 1408
A34: Gesamt | B34: =+B33+B26 -> 1510432.8 | C34: =+C33+C26 -> 1539131 | D34: =+D33+D26 -> 1568374.5 | E34: =+E33+E26 -> 1598173.6 | F34: =+F33+F26 -> 1628538.9 | G34: =+P10 -> 6512
H35: =+H31/G34 -> 63.54203 | K35: =+K31/J33 -> 75.816037
A37: Berechnung Personal | G37: Berechnung Personal
A38: Mittlerer Dienst
A39: Direkte Kosten | D39: =+KT!D1 -> 2016
A40: Personalkosten SOLL | B40: Stellen | C40: Zuschlag | D40: =+HLOOKUP($D$39,$B$5:$F$34,30,FALSE) -> 1568374.5 | E40: 1) | F40: Stellen
A41: +Arbeitsplatzkosten ohne Büro / EDV | B41: 26 | C41: 0.1 | D41: =+D40/A32*B41*C41 -> 156837.45 | E41: 2) | F41: 4
A42: +Arbeitsplatzkosten Büro/EDV | B42: 5 | C42: 3450 | D42: =+C42*B42 -> 17250 | E42: 3)
A43: Zwischensumme direkte Kosten | D43: =SUM(D40:D42) -> 1742462
A44: Zuschlag Verwaltungsgemeinkosten (15% der PK-Kosten) | C44: 0.15 | D44: =+D40*C44 -> 235256.18 | E44: 4)
A45: Gesamt | D45: =+D43+D44 -> 1977718.1
A47: Arbeitsstunden je MA | B47: =73*24 -> 1752 | C47: 5)
A48: Gesamtmannarbeitsstunden | B48: =+B47*COUNT(B27:B32,B6:B25) -> 45552
A49: Durchschnittskosten pro Einsatzkraft pro Stunde | D49: =+D45/B48 -> 43.416714
A52: Erläuterungen:
A53: 1) Verwaltungsinterne Vorgabe/Datenerhebung der Gemeinde
A54: 2) Bei einem Arbeitsplatz ohne EDV und Büro sind 10 % der Personalkosten anzusetzen
A55: (siehe KGSt-Bericht 16/2015)
A56: 3) Die Sachkostenpauschale je EDV-Ausstattung bei einem Nicht-Büro-Arbeitsplatz beträgt 3.450 € pro Jahr
A57: (siehe KGSt-Bericht 16/2015); FW-spezifische Abweichungen sind nicht bekannt
A58: 1 Wachen mit jeweils 1 EDV-Ausstattung
A59: 4) Bei einem Nicht-Büro-Arbeitsplatz beträgt der VerwaltungsGKZ 15 % der Personalkosten
A60: (siehe KGSt-Bericht 16/2015)
A61: 5) Verwaltungsinterne Vorgabe/Datenerhebung der Gemeinde
A74: Berechnung Personal

Sheet Korrektur Dieselkosten
A1: Fahrzeug | B1: Gesamtkosten Diesel | C1: allg. Fahrten Diesel | D1: Gesamt-km | E1: Einsatz-km | F1: Einsatzfahrten Diesel | G1: Verbrauch l/ 100 km
A2: =+KT!A4 -> Einsatzleitwagen1 | B2: =D2*G2/100*$A$27 -> 0 | C2: =(D2-E2)*G2*$B$26/100 -> 969.85652 | D2: =F19 -> 5983 | E2: =+KT!H4*5*2 -> 1230 | F2: =+E2/100*G2*$B$26 -> 250.98328 | G2: =F23 -> 17.292495
A3: =+KT!A5 -> Gerätewagen Gefahrgut | E3: =+KT!H5*5*2 -> 70
A4: =+KT!A6 -> Gerätewagen Logistik | E4: =+KT!H6*5*2 -> 720
A5: =+KT!A7 -> Hilfeleistungslöschfahrzeug | E5: =+KT!H7*5*2 -> 2390
A6: =+KT!A8 -> Kleineinsatzfahrzeug | E6: =+KT!H8*5*2 -> 180
A7: =+KT!A9 -> Kommandowagen | B7: =D7*G7/100*$A$27 -> 0 | C7: =(D7-E7)*G7*$B$26/100 -> 1141.8936 | D7: =G19 -> 10946 | E7: =+KT!H9*5*2 -> 110 | F7: =+E7/100*G7*$B$26 -> 11.591759 | G7: =G23 -> 8.9304769
A8: =+KT!A12 -> Löschgruppenfahrzeug LF 16 TS | B8: =D8*G8/100*$A$27 -> 0 | C8: =(D8-E8)*G8*$B$26/100 -> 372.86977 | D8: =H19 -> 1077 | E8: =+KT!H12*5*2 -> 40 | F8: =+E8/100*G8*$B$26 -> 14.382633 | G8: =H23 -> 30.471681
A9: =+KT!A13 -> Löschgruppenfahrzeug LF 20 | E9: =+KT!H13*5*2 -> 500
A10: =+KT!A14 -> Mannschaftstransportfahrzeug | B10: =D10*G10/100*$A$27 -> 0 | C10: =(D10-E10)*G10*$B$26/100 -> 3003.9404 | D10: =E19 -> 24614 | E10: =+KT!H14*5*2 -> 330 | F10: =+E10/100*G10*$B$26 -> 40.821131 | G10: =E24 -> 10.483084
A11: =+KT!A15 -> Rüstwagen | E11: =+KT!H15*5*2 -> 550
A12: =+KT!A16 -> Teleskopmast | E12: =+KT!H16*5*2 -> 510
A13: =+KT!A17 -> Wechselladerfahrzeug | E13: =+KT!H17*5*2 -> 240
C14: =SUM(C2:C13) -> 5488.5604
A17: 2015 | B17: ME-2200 | C17: ME-2856 | D17: ME-HA 2192 | E17: Zwischensumme | F17: ME-6180 | G17: ME-HA 2102 | H17: ME-HA 2452
B18: MTF-2 | C18: MTF-1 | D18: VW-MTW | E18: aller MTW | F18: ELW-1 | G18: Kommandowagen | H18: LF 16 TS
A19: Kilometerleistung | B19: 6770 | C19: 11175 | D19: 6669 | E19: =SUM(B19:D19) -> 24614 | F19: 5983 | G19: 10946 | H19: 1077
A20: Kraftstoffmenge | B20: 790.63 | C20: 1293.84 | D20: 546.38 | E20: =SUM(B20:D20) -> 2630.85 | F20: 1034.61 | G20: 977.53 | H20: 328.18
A21: Kraftstoffkosten | B21: 962.9 | C21: 1516.88 | D21: 630.52 | E21: =SUM(B21:D21) -> 3110.3 | F21: 1194.21 | G21: 1162.76 | H21: 377.39
A22: Preis / Liter | B22: =B21/B20 -> 1.2178895 | C22: =C21/C20 -> 1.1723861 | D22: =D21/D20 -> 1.1539954 | E22: =E21/E20 -> 1.1822415 | F22: =F21/F20 -> 1.154261 | G22: =G21/G20 -> 1.1894878 | H22: 1.15
A23: Durchschnittsverbrauch | B23: =B20/B19*100 -> 11.678434 | C23: =C20/C19*100 -> 11.577987 | D23: =D20/D19*100 -> 8.1928325 | F23: =F20/F19*100 -> 17.292495 | G23: =G20/G19*100 -> 8.9304769 | H23: =H20/H19*100 -> 30.471681
E24: =AVERAGE(B23:D23) -> 10.483084
A26: Durchschnittspreis je Liter: | B26: 1.18
A30: Korrektur Dieselkosten
